Workbook
Name _2017_Labor_Escalation_Rate: #REF!
Name _4ColName: SUBSTITUTE(SUBSTITUTE(SUBSTITUTE(SUBSTITUTE(SUBSTITUTE(TRIM(T(#REF!)&"."&T(#REF!)&"."&T(#REF!)&"."&T(#REF!)&"."),"+","and"),"%","pct"),"-",""),"..","."),"&","and")
Name _FPV1: #REF!
Name _FPV3: #REF!
Name _SPV1: #REF!
Name _SPV3: #REF!
Name Actuals: #REF!
Name Aflag: #REF!
Name Aflag2: #REF!
Name AIR: #REF!
Name Balancing_Authority: #REF!
Name BondsIssued: #REF!
Name Boolean: #REF!
Name bt_d: #REF!
Name Bundled_Unbundled: #REF!
Name CBond: #REF!
Name CECRA: #REF!
Name Construction_Status: #REF!
Name CORE_U: #REF!
Name Country: #REF!
Name CPUC_Approval_Status: #REF!
Name CREZ: #REF!
Name CTAC: #REF!
Name CTRBA: #REF!
Name DACRS: SUM(#REF!)
Name Dchoice: #REF!
Name Delay_Termination_Reason: #REF!
Name DeliverabilityStatusOptions: #REF!
Name Distflag: #REF!
Name Dmdmult: #REF!
Name EPC_Contract_Status: #REF!
Name F_E: #REF!
Name Facility_Status: #REF!
Name FAIR: #REF!
Name FBUILD: #REF!
Name FCOMM: #REF!
Name FCOMP: #REF!
Name Financing_Status: #REF!
Name Flat: #REF!
Name FM: #REF!
Name FOPROD: #REF!
Name FSONG2: #REF!
Name FSTEAM: #REF!
Name FT_D: #REF!
Name gsur: #REF!
Name head1: #REF!
Name head10: #REF!
Name head11: #REF!
Name head2: #REF!
Name head3: #REF!
Name head4: #REF!
Name head5: #REF!
Name head6: #REF!
Name head7: #REF!
Name head8: #REF!
Name head9: #REF!
Name IterationType: #REF!
Name LineLoss: #REF!
Name LocalAreaOptions: #REF!
Name LOLD: 1

Sheet SDG&E INPUTS
C6: Current Effective Rates | F6: 8/1/2026 | H6: Current Sales | I6: =YEAR(F6) -> 2026
C7: Prior Rates | F7: 6/1/2026 | H7: Proposed Sales | I7: 2027 ERRA
B10: SALES ALLOCATIONS & CCC
B12: CURRENT
D13: Gen. | E13: MCAM | F13: LGC | G13: Dist. | H13: GHG | I13: CTC | J13: ND | K13: PPP | L13: DWR BC | M13: TRAC | N13: Transm. | O13: WF-NBC | P13: RS | Q13: PCIA | R13: CCC | S13: cpuc fee
C14: Res | D14: 0.40562962 | E14: 0.19327545 | F14: 0.39851332 | G14: 0.43380195 | H14: 0.93344444 | I14: 0.4042753 | J14: 0.37541895 | K14: 0.35317863 | L14: 0 | M14: 1 | N14: 0.45843322 | O14: 0.36967491 | P14: 0.31719974 | Q14: 0.40762854 | R14: -49.3648 | S14: 0.001
C15: Sm. Comm. | D15: 0.094935412 | E15: 0.13851678 | F15: 0.090020764 | G15: 0.12208945 | H15: 0.062909198 | I15: 0.097731263 | J15: 0.093098458 | K15: 0.10452307 | L15: 0 | M15: 0 | N15: 0.07589387 | O15: 0.11887857 | P15: 0.10241746 | Q15: 0.093965788
B17: =$I$7&" FORECAST" -> 2027 ERRA FORECAST
D18: Gen. | E18: MCAM | F18: LGC | G18: Dist. | H18: GHG | I18: CTC | J18: ND | K18: PPP | L18: DWR BC | M18: TRAC | N18: Transm. | O18: WF-NBC | P18: RS | Q18: PCIA | R18: CCC
C19: Res | D19: 0.44202475 | E19: 0.19327545 | F19: 0.40641042 | G19: 0.44395928 | H19: 0.9335421 | I19: 0.4150581 | J19: 0.38515733 | K19: 0.36744261 | L19: 0 | M19: 1 | N19: 0.46084549 | O19: 0.38455103 | P19: 0.32545724 | Q19: 0.44458004 | R19: -45.431098
C20: Sm. Comm. | D20: 0.098976082 | E20: 0.13851678 | F20: 0.08557224 | G20: 0.1191021 | H20: 0.062796313 | I20: 0.093187707 | J20: 0.088707 | K20: 0.10106825 | L20: 0 | M20: 0 | N20: 0.073002116 | O20: 0.11293671 | P20: 0.097949746 | Q20: 0.097887066
B22: =F7 -> 6/1/2026 | C22: -- ("Summary" tab only)
D23: Gen
C24: Res | D24: 0.40762854
C25: Sm. Comm. | D25: 0.093965788
B27: SALES DETERMINANTS
D30: Current Sales Determinants | K30: =$I$7&" Determinants" -> 2027 ERRA Determinants
E31: System | F31: System | G31: Bundled | L31: System | M31: System | N31: Bundled
E32: Net | F32: Del | G32: Net | L32: Net | M32: Del | N32: Net
D33: Res. | E33: 5529244.8 | F33: 7311830.3 | G33: 1313398.6 | K33: Res. | L33: 5701842.6 | M33: 7567850.5 | N33: 1354544
D34: Sm. Comm. | E34: 1785282.7 | F34: 1813227.9 | G34: 344525.4 | K34: Sm. Comm. | L34: 1716028.9 | M34: 1742979.4 | N34: 335262.78
D35: System | E35: 17431429 | F35: 19476455 | G35: 3218717.1 | K35: System | L35: 17519483 | M35: 19648725 | N35: 3056061.1
D38: =F7 -> 6/1/2026
E39: System | F39: System | G39: Bundled | L39: =F6 -> 8/1/2026 | M39: =F7 -> 6/1/2026
E40: Net | F40: Del | G40: Net | M40: ("Summary" tab only)
D41: Res. | E41: 5529244.8 | F41: 7311830.3 | G41: 1313398.6 | K41: Total DL | L41: 331536.01 | M41: 354094.66
D42: Sm. Comm. | E42: 1785282.7 | F42: 1813227.9 | G42: 344525.4 | K42: MCAM | L42: 313.03091 | M42: 313.03091
D43: System | E43: 17431429 | F43: 19476455 | G43: 3218717.1 | K43: ( DL - MCAM) | L43: =L41-L42 -> 331222.97 | M43: =M41-M42 -> 353781.62
B46: ANNUAL DATA
C49: FF&U Factors
D51: Dist | E51: Gen
D52: 1.04155 | E52: 1.01591
C55: Recorded Data | M55: Basic Allowance
D57: Basic | E57: Summer | F57: Winter | G57: Summer | H57: Winter | I57: Population Weight | N57: Monthly Tier 1 Baseline Allowance -BASIC (kWh) | R57: Monthly Tier 1 Baseline Allowance - ALL-ELECTRIC (kWh)
E58: Non-CARE | G58: CARE | I58: Non-CARE | J58: CARE | N58: Climate Zone | O58: Summer | P58: Winter | R58: Climate Zone | S58: Summer | T58: Winter
D59: Coastal | E59: 334.36542 | F59: 309.27334 | G59: 329.33633 | H59: 300.56282 | I59: 0.59302976 | J59: 0.50041576 | N59: Coastal | O59: 351 | P59: 359 | R59: Coastal | S59: 235 | T59: 343
D60: Mountain | E60: 370.89176 | F60: 320.9323 | G60: 595.62742 | H60: 535.42583 | I60: 0.0084334042 | J60: 0.0079450388 | N60: Mountain | O60: 530 | P60: 503 | R60: Mountain | S60: 593 | T60: 863
D61: Desert | E61: 400.96966 | F61: 153.7313 | G61: 651.39213 | H61: 320.86506 | I61: 0.001123373 | J61: 0.0015362774 | N61: Desert | O61: 620 | P61: 425 | R61: Desert | S61: 662 | T61: 667
D62: Inland | E62: 325.12079 | F62: 273.16047 | G62: 427.1678 | H62: 342.00769 | I62: 0.39741346 | J62: 0.49010293 | N62: Inland | O62: 406 | P62: 374 | R62: Inland | S62: 341 | T62: 475
D64: All-Electric | E64: Summer | F64: Winter | G64: Summer | H64: Winter | I64: Population Weight | N64: Monthly Essential Baseline Allowance -BASIC (kWh) | R64: Monthly Essential Baseline Allowance -ALL-ELECTRIC (kWh)
E65: Non-CARE | G65: CARE | I65: Non-CARE | J65: CARE | N65: Climate Zone | O65: Summer | P65: Winter | R65: Climate Zone | S65: Summer | T65: Winter
D66: Coastal | E66: 283.425 | F66: 272.60745 | G66: 293.30439 | H66: 284.82109 | I66: 0.58383764 | J66: 0.44804334 | N66: Coastal | O66: 270 | P66: 276 | R66: Coastal | S66: 181 | T66: 264
D67: Mountain | E67: 393.67991 | F67: 457.2168 | G67: 614.42969 | H67: 691.41233 | I67: 0.020596225 | J67: 0.014334876 | N67: Mountain | O67: 408 | P67: 387 | R67: Mountain | S67: 456 | T67: 664
D68: Desert | E68: 347.61029 | F68: 178.71893 | G68: 706.90565 | H68: 394.63204 | I68: 0.0055960527 | J68: 0.0037086986 | N68: Desert | O68: 477 | P68: 327 | R68: Desert | S68: 509 | T68: 513
D69: Inland | E69: 331.02295 | F69: 327.76564 | G69: 390.24195 | H69: 346.222 | I69: 0.38997009 | J69: 0.53391308 | N69: Inland | O69: 312 | P69: 288 | R69: Inland | S69: 262 | T69: 365
D77: NAICS | E77: Summer | G77: Winter | I77: Population | J77: Avg
D78: kWh | E78: On-Peak | F78: Off-Peak | G78: On-Peak | H78: Off-Peak | I78: Weight | J78: Max Demand
D79: NAICS 531 | E79: 155.26415 | F79: 818.5072 | G79: 149.84837 | H79: 778.46741 | I79: 0.54908401 | J79: 4.2966257
D80: NAICS 621 | E80: 179.56444 | F80: 948.39887 | G80: 141.06277 | H80: 810.51623 | I80: 0.22066987 | J80: 6.5895196
D81: NAICS 722 | E81: 550.87937 | F81: 2425.5736 | G81: 441.43733 | H81: 1989.2255 | I81: 0.23024611 | J81: 9.3798992
B87: CARE & Adjustments
D91: Adjustments (ex. CARE and FERA Discounts)
E92: System | F92: Res. Alloc. | G92: Sm. Comm. Alloc.
D93: Present | E93: 247741.44 | F93: 0.84203113 | G93: 0.029372642 | J93: Res Care Authorized kWh Usage | K93: 1.4275232e+09
D94: Proposed | E94: 248403.28 | F94: 0.84283112 | G94: 0.029027212 | J94: Authorized Residential Sales | K94: 7.3118303e+09
J95: % of CARE Sales | K95: =K93/K94 -> 0.19523473
D102: CARE Sales Present vs Proposed -- ("SAR & RAR" tab only) | K102: Authorized
E103: Present | F103: 0.19523473 | J103: CARE Line-Item Discount | K103: 0.35
E104: Proposed | F104: 0.19523473 | J104: CARE Res Allocation Factor | K104: 0.32778681
B109: Rates & Revenues
B112: Bundled Rates (w/ & w/o CCC)
E115: =$F$7 -> 6/1/2026 | F115: =$F$6 -> 8/1/2026 | G115: =$F$7 -> 6/1/2026 | H115: =$F$6 -> 8/1/2026
E116: With CCC | G116: No CCC
D117: Residential | E117: 42.964 | F117: 43.132 | G117: 45.481 | H117: 45.649
D118: Small Commercial | E118: 39.82 | F118: 39.978 | G118: 40.345 | H118: 40.503
D119: Total System | E119: 38.957 | F119: 39.259 | G119: 39.812 | H119: 40.114
D123: Generation | E123: LGC | F123: Distribution | G123: GHG | H123: CTC | I123: ND | J123: PPP | K123: DWR BC | L123: TRAC | M123: Transmission | N123: WF-NBC | O123: RS
C124: Res | D124: 18.085 | E124: 1.235 | F124: 15.692 | G124: -2.517 | H124: -0.007 | I124: 0 | J124: 1.676 | K124: 0 | L124: 0 | M124: 8.515 | N124: 0.448 | O124: 0.005
C125: Sm. Comm. | D125: 16.136 | E125: 0.864 | F125: 16.559 | G125: -0.525 | H125: -0.007 | I125: 0 | J125: 2 | K125: 0 | L125: 0 | M125: 4.366 | N125: 0.58 | O125: 0.005
C126: System | D126: 18.193 | E126: 0.983 | F126: 12.812 | G126: -0.855 | H126: -0.007 | I126: 0 | J126: 1.781 | K126: 0 | L126: 0 | M126: 5.892 | N126: 0.455 | O126: 0.005
B130: RESIDENTIAL
D134: Schedule DR | F134: =YEAR(G134) -> 2026 | G134: =$F$6 -> 8/1/2026 | H134: =$F$7 -> 6/1/2026 | J134: Schedule DR - CARE | L134: =YEAR(M134) -> 2026 | M134: =$F$6 -> 8/1/2026 | N134: =$F$7 -> 6/1/2026
F135: Sales | G135: Rates | H135: Rates | L135: Sales | M135: Rates | N135: Rates | Q135: Total | R135: UDC | S135: Generation
E136: Baseline - Summer | F136: 1.1648511e+08 | G136: 0.41298754 | H136: 0.41150228 | K136: Baseline - Summer | L136: 58116211 | M136: 0.25899 | N136: 0.25802 | P136: Bundled Res. Rev Req | Q136: 1660098559 | R136: 1422569805 | S136: 237528754
E137: - Winter | F137: 1.5415246e+08 | G137: 0.41298754 | H137: 0.41150228 | K137: - Winter | L137: 78094744 | M137: 0.25899 | N137: 0.25802 | P137: Bundled Res Rate | Q137: =+R137+S137 -> 45.649 | R137: 27.564 | S137: 18.085
E138: 131% - 400% of Baseline - Summer | F138: 89068922 | G138: 0.52000265 | H138: 0.51813252 | K138: 131% - 400% of Baseline - Summer | L138: 30578685 | M138: 0.32854 | N138: 0.32733
E139: - Winter | F139: 84528619 | G139: 0.52000265 | H139: 0.51813252 | K139: - Winter | L139: 31395953 | M139: 0.32854 | N139: 0.32733
E140: 401% of Baseline - Summer | F140: 0 | G140: 0 | K140: 401% of Baseline - Summer | L140: 0 | M140: 0
E141: - Winter | F141: 0 | G141: 0 | K141: - Winter | L141: 0 | M141: 0
E142: BSC - $/Day | G142: 0.79343 | K142: BSC - $/Day | M142: 0.19713
D147: Schedule TOU DR1 | F147: =YEAR(G147) -> 2026 | G147: =$F$6 -> 8/1/2026 | H147: =$F$7 -> 6/1/2026 | J147: Schedule TOU DR1 - CARE | L147: =YEAR(M147) -> 2026 | M147: =$F$6 -> 8/1/2026 | N147: =$F$7 -> 6/1/2026
F148: Sales | G148: Rates | H148: Rates | L148: Sales | M148: Rates | N148: Rates
D149: Summer | E149: On-Peak | F149: 3.790433e+08 | G149: 0.69135 | H149: 0.68459 | J149: Summer | K149: On-Peak | L149: 1.0824977e+08 | M149: 0.43992 | N149: 0.43553
E150: Off-Peak | F150: 4.0404383e+08 | G150: 0.46421 | H150: 0.46392 | K150: Off-Peak | L150: 1.254468e+08 | M150: 0.29228 | N150: 0.29209
E151: Super Off-Peak | F151: 4.2720495e+08 | G151: 0.37433 | H151: 0.3766 | K151: Super Off-Peak | L151: 1.4222454e+08 | M151: 0.23386 | N151: 0.23533
E152: ≤ 130% Baseline Adjustment | F152: 6.4945652e+08 | G152: -0.10702 | H152: -0.10663 | K152: ≤ 130% Baseline Adjustment | L152: 2.3191944e+08 | M152: -0.06956 | N152: -0.06931
D154: Winter | E154: On-Peak | F154: 4.382757e+08 | G154: 0.61471 | H154: 0.61014 | J154: Winter | K154: On-Peak | L154: 1.2219014e+08 | M154: 0.3901 | N154: 0.38713
E155: Off-Peak | F155: 4.8064418e+08 | G155: 0.5306 | H155: 0.52843 | K155: Off-Peak | L155: 1.4820775e+08 | M155: 0.33543 | N155: 0.33402
E156: Super Off-Peak | F156: 5.2534019e+08 | G156: 0.43719 | H156: 0.43767 | K156: Super Off-Peak | L156: 1.7206964e+08 | M156: 0.27472 | N156: 0.27503
E157: ≤ 130% Baseline Adjustment | F157: 8.9359507e+08 | G157: -0.10702 | H157: -0.10663 | K157: ≤ 130% Baseline Adjustment | L157: 3.1145129e+08 | M157: -0.06956 | N157: -0.06931
E158: BSC - $/Day | G158: 0.79343 | K158: BSC - $/Day | M158: 0.19713
D163: TOU Average Usage
D164: Non-CARE | J164: CARE
E165: =$F$7 -> 6/1/2026 | G165: =$F$6 -> 8/1/2026 | K165: =$F$7 -> 6/1/2026 | M165: =$F$6 -> 8/1/2026
E166: Summer | F166: Winter | G166: Summer | H166: Winter | K166: Summer | L166: Winter | M166: Summer | N166: Winter
D167: On-Peak | E167: 0.31318333 | F167: 0.30346037 | G167: 0.31318333 | H167: 0.30346037 | J167: On-Peak | K167: 0.28795874 | L167: 0.27615617 | M167: 0.28795874 | N167: 0.27615617
D168: Off-Peak | E168: 0.33383994 | F168: 0.33279614 | G168: 0.33383994 | H168: 0.33279614 | J168: Off-Peak | K168: 0.33370512 | L168: 0.33495734 | M168: 0.33370512 | N168: 0.33495734
D169: Super Off-Peak | E169: 0.35297674 | F169: 0.36374349 | G169: 0.35297674 | H169: 0.36374349 | J169: Super Off-Peak | K169: 0.37833613 | L169: 0.38888648 | M169: 0.37833613 | N169: 0.38888648
E170: =SUM(E167:E169) -> 1 | F170: =SUM(F167:F169) -> 1 | G170: =SUM(G167:G169) -> 1 | H170: =SUM(H167:H169) -> 1 | K170: =SUM(K167:K169) -> 1 | L170: =SUM(L167:L169) -> 1 | M170: =SUM(M167:M169) -> 1 | N170: =SUM(N167:N169) -> 1
B176: SMALL COMMERCIAL
...

Sheet Notable Assumptions
E8: Notable Cost and Rate Tracking Tool Assumptions

Sheet Summary
B1: Inputs: | G1: Assumptions: | L1: Average monthly usage assumptions:
C2: Rate Impact for Year (2026-2030) | D2: 2030 | G2: Current Effective Rates | I2: ='SDG&E INPUTS'!F6 -> 8/1/2026 | L2: Average monthly usage is for all customers based on seasonal usage in 2025
C3: Baseline Region - (Residential bill) | D3: Coastal - Mild | G3: Sales Forecast | I3: =IF($D$2=2026,2026,2027) -> 2027 | L3: Average monthly usage below is calculated based on the Baseline Region selected in D3
G4: Summer season | I4: 5 | J4: months | L4: Residential bills below calculated using Schedule DR, Bundled, Single-Family
G5: Winter Season | I5: 7 | J5: months | M5: Basic | O5: All-Electric
B6: Pending Proceedings | D6: Include in Impact (Y/N) | E6: Applicable Year(s) | G6: Residential Semi-annual Climate Credit | I6: =IF($I$8="N",0,'SDG&E INPUTS'!R14) -> -49.3648 | J6: Current | L6: kWh per month | M6: Summer | N6: Winter | O6: Summer | P6: Winter
B7: Demand Flex | D7: Y | E7: 2028-2031 | I7: =IF($I$8="N",0,IF($D$2=2026,'SDG&E INPUTS'!R14,'SDG&E INPUTS'!R19)) -> -45.431098 | J7: Proposed | L7: Non-CARE | M7: =IF($D$3="ALL",SUMPRODUCT('Res Bill Impact'!Q22:Q25,'Res Bill Impact'!U22:U25),VLOOKUP($D$3,'Res Bill Impact'!$P$22:$V$25,2,FALSE)) -> 334.36542 | N7: =IF($D$3="ALL",SUMPRODUCT('Res Bill Impact'!R22:R25,'Res Bill Impact'!U22:U25),VLOOKUP(D$3,'Res Bill Impact'!$P$22:$V$25,3,FALSE)) -> 309.27334 | O7: =IF($D$3="ALL",SUMPRODUCT('Res Bill Impact'!Q31:Q34,'Res Bill Impact'!U31:U34),VLOOKUP($D$3,'Res Bill Impact'!$P$31:$V$34,2,FALSE)) -> 283.425 | P7: =IF($D$3="ALL",SUMPRODUCT('Res Bill Impact'!R31:R34,'Res Bill Impact'!U31:U34),VLOOKUP(D$3,'Res Bill Impact'!$P$31:$V$34,3,FALSE)) -> 272.60745
B8: GRC P1 Track 3 - WMPMA | D8: Y | E8: 2027-2032 | H8: Include CA Climate Credit in Rates & Res. Annual Avg Bills? | I8: Y | L8: CARE | M8: =IF($D$3="ALL",SUMPRODUCT('Res Bill Impact'!S22:S25,'Res Bill Impact'!V22:V25),VLOOKUP($D$3,'Res Bill Impact'!$P$22:$V$25,4,FALSE)) -> 329.33633 | N8: =IF($D$3="ALL",SUMPRODUCT('Res Bill Impact'!T22:T25,'Res Bill Impact'!V22:V25),VLOOKUP($D$3,'Res Bill Impact'!$P$22:$V$25,5,FALSE)) -> 300.56282 | O8: =IF($D$3="ALL",SUMPRODUCT('Res Bill Impact'!S31:S34,'Res Bill Impact'!V31:V34),VLOOKUP($D$3,'Res Bill Impact'!$P$31:$V$34,4,FALSE)) -> 293.30439 | P8: =IF($D$3="ALL",SUMPRODUCT('Res Bill Impact'!T31:T34,'Res Bill Impact'!V31:V34),VLOOKUP($D$3,'Res Bill Impact'!$P$31:$V$34,5,FALSE)) -> 284.82109
B9: Energy Efficiency - Revision of 2024-2031 Business Plan | D9: Y | E9: 2026-2031 | H9: Typical residential average usage kWh/month* | I9: 400
B10: Smart Meter 2.0 | D10: Y | E10: 2027-2031 | G10: *This field is editable for analysis purposes; however, SDG&E's typical Residential usage is 400kWh
B11: TY 2024 GRC P1 PFM | D11: Y | E11: 2025-2027
B12: Palomar Decarbonization Demonstration Project | D12: Y | E12: 2027-2031
B13: Low-Income Bridge Funding 2027 | D13: Y | E13: 2027
B14: Low-Income Application 2028-2033 | D14: Y | E14: 2028-2033
B15: ERRA 2027 Forecast | D15: Y | E15: 2027
B16: 2027 Diablo Canyon PP | D16: Y | E16: 2026-2030
B17: SAP Migration | D17: Y | E17: 2028-2035
B18: Energy Efficiency - Application (2028-2035) | D18: Y | E18: 2028-2035
B19: TY 2028 GRC P1 | D19: Y | E19: 2028-2031
B20: Base Transmission Revenue Requirement (BTRR) | D20: Y | E20: 2027
B21: EPIC (Electric Program Investment Charge) | D21: Y | E21: 2028-2030
B28: Outputs:
D29: (A) | E29: (B) | F29: (C) | G29: (D) | H29: (D)/(A) | I29: (D)/(B) | J29: (D)/(C) | N29: (A) | O29: (B) | P29: (C) | Q29: (D) | R29: (D)/(A) | S29: (D)/(B) | T29: (D)/(C)
B30: Bundled Average Rates - ¢/kWh | L30: Total System (Bundled and Unbundled) Average Rates - ¢/kWh
B31: Customer Group | D31: ='SDG&E INPUTS'!F7 -> 6/1/2026 | E31: =I2 -> 8/1/2026 | F31: =$D$2&" Authorized" -> 2030 Authorized | G31: =$D$2&" w/Pending" -> 2030 w/Pending | H31: =_xlfn.TEXTJOIN(" ",TRUE,"% Change over",D31) -> % Change over 6/1/2026 | I31: =_xlfn.TEXTJOIN(" ",TRUE,"% Change over",E31) -> % Change over 8/1/2026 | J31: % Change over Authorized | L31: Customer Group | N31: =$D$31 -> 6/1/2026 | O31: =$E$31 -> 8/1/2026 | P31: =$D$2&" Authorized" -> 2030 Authorized | Q31: =$D$2&" w/Pending" -> 2030 w/Pending | R31: =$H$31 -> % Change over 6/1/2026 | S31: =$I$31 -> % Change over 8/1/2026 | T31: % Change over Authorized
B32: Residential | D32: =IF($I$8="Y",'SAR and RAR'!AC26,'SAR and RAR'!AE26) -> 42.964 | E32: ='SAR and RAR'!H24 -> 43.132 | F32: ='SAR and RAR'!I24 -> 42.590307 | G32: ='SAR and RAR'!J24 -> 49.343445 | H32: =$G32/D32-1 -> 0.14848349 | I32: =$G32/E32-1 -> 0.14401012 | J32: =$G32/F32-1 -> 0.15856042 | L32: Total Residential (RAR) | N32: =D32+((('SDG&E INPUTS'!M43)*1000*'SDG&E INPUTS'!D24)+'SDG&E INPUTS'!M42*1000*'SDG&E INPUTS'!E14)/(('SDG&E INPUTS'!E41-'SDG&E INPUTS'!G41)*1000)*100 -> 46.386136 | O32: ='SAR and RAR'!S24 -> 46.626331 | P32: ='SAR and RAR'!T24 -> 45.978978 | Q32: ='SAR and RAR'!U24 -> 52.506657 | R32: =$Q32/N32-1 -> 0.13194721 | S32: =$Q32/O32-1 -> 0.126116 | T32: =$Q32/P32-1 -> 0.14197095
C33: Small Commercial (TOU-A) | D33: =IF($I$8="Y",'SAR and RAR (TOU-A)'!AC26,'SAR and RAR (TOU-A)'!AE26) -> 39.82 | E33: ='SAR and RAR (TOU-A)'!H24 -> 39.978 | F33: ='SAR and RAR (TOU-A)'!I24 -> 40.199532 | G33: ='SAR and RAR (TOU-A)'!J24 -> 45.496478 | H33: =$G33/D33-1 -> 0.14255344 | I33: =$G33/E33-1 -> 0.13803787 | J33: =$G33/F33-1 -> 0.13176637 | M33: Small Commercial (TOU-A) | N33: =D33+((('SDG&E INPUTS'!M43)*1000*'SDG&E INPUTS'!D25)+'SDG&E INPUTS'!M42*1000*'SDG&E INPUTS'!E15)/(('SDG&E INPUTS'!E42-'SDG&E INPUTS'!G42)*1000)*100 -> 42.130363 | O33: ='SAR and RAR (TOU-A)'!S24 -> 42.231385 | P33: ='SAR and RAR (TOU-A)'!T24 -> 42.550821 | Q33: ='SAR and RAR (TOU-A)'!U24 -> 47.69187 | R33: =$Q33/N33-1 -> 0.13200708 | S33: =$Q33/O33-1 -> 0.12929921 | T33: =$Q33/P33-1 -> 0.12082138
B34: System | D34: =IF($I$8="Y",'SAR and RAR'!AC27,'SAR and RAR'!AE27) -> 38.957 | E34: ='SAR and RAR'!H25 -> 39.259 | F34: ='SAR and RAR'!I25 -> 39.129307 | G34: ='SAR and RAR'!J25 -> 43.373263 | H34: =$G34/D34-1 -> 0.11336249 | I34: =$G34/E34-1 -> 0.10479795 | J34: =$G34/F34-1 -> 0.10845976 | L34: Total System (SAR) | N34: =D34+('SDG&E INPUTS'!M41*1000)/(('SDG&E INPUTS'!E43-'SDG&E INPUTS'!G43)*1000)*100 -> 41.448394 | O34: ='SAR and RAR'!S25 -> 41.591672 | P34: ='SAR and RAR'!T25 -> 41.421545 | Q34: ='SAR and RAR'!U25 -> 45.513295 | R34: =$Q34/N34-1 -> 0.098071374 | S34: =$Q34/O34-1 -> 0.094288649 | T34: =$Q34/P34-1 -> 0.098783131
B37: Basic Bundled Residential Monthly Average Bills | L37: All-Electric Bundled Residential Monthly Average Bills
D38: =$D$31 -> 6/1/2026 | E38: =$E$31 -> 8/1/2026 | F38: =$D$2&" Authorized" -> 2030 Authorized | G38: =$D$2&" w/Pending" -> 2030 w/Pending | H38: =$H$31 -> % Change over 6/1/2026 | I38: =$I$31 -> % Change over 8/1/2026 | J38: % Change over Authorized | N38: =$D$31 -> 6/1/2026 | O38: =$E$31 -> 8/1/2026 | P38: =$D$2&" Authorized" -> 2030 Authorized | Q38: =$D$2&" w/Pending" -> 2030 w/Pending | R38: =$H$31 -> % Change over 6/1/2026 | S38: =$I$31 -> % Change over 8/1/2026 | T38: % Change over Authorized
B39: Non-CARE | D39: =((D45*5)+(D51*7)+(I6*2))/12 -> 147.46412 | E39: =((E45*5)+(E51*7)+(I6*2))/12 -> 147.939 | F39: =((F45*5)+(F51*7)+(I7*2))/12 -> 146.80875 | G39: =((G45*5)+(G51*7)+(I7*2))/12 -> 165.80712 | H39: =$G39/D39-1 -> 0.12438961 | I39: =$G39/E39-1 -> 0.12078035 | J39: =$G39/F39-1 -> 0.12940897 | L39: Non-CARE | N39: =((N45*5)+(N51*7)+(I6*2))/12 -> 132.03739 | O39: =((O45*5)+(O51*7)+(I6*2))/12 -> 132.45675 | P39: =((P45*5)+(P51*7)+(I7*2))/12 -> 131.53532 | Q39: =((Q45*5)+(Q51*7)+(I7*2))/12 -> 148.31224 | R39: =$Q39/N39-1 -> 0.12325941 | S39: =$Q39/O39-1 -> 0.11970321 | T39: =$Q39/P39-1 -> 0.12754693
B40: CARE | D40: =((D46*5)+(D52*7)+(I6*2))/12 -> 78.643595 | E40: =((E46*5)+(E52*7)+(I6*2))/12 -> 78.946771 | F40: =((F46*5)+(F52*7)+(I7*2))/12 -> 78.507587 | G40: =((G46*5)+(G52*7)+(I7*2))/12 -> 90.154295 | H40: =$G40/D40-1 -> 0.14636538 | I40: =$G40/E40-1 -> 0.14196305 | J40: =$G40/F40-1 -> 0.14835136 | L40: CARE | N40: =((N46*5)+(N52*7)+(I6*2))/12 -> 74.060135 | O40: =((O46*5)+(O52*7)+(I6*2))/12 -> 74.345671 | P40: =((P46*5)+(P52*7)+(I7*2))/12 -> 73.968389 | Q40: =((Q46*5)+(Q52*7)+(I7*2))/12 -> 84.956575 | R40: =$Q40/N40-1 -> 0.14712962 | S40: =$Q40/O40-1 -> 0.1427239 | T40: =$Q40/P40-1 -> 0.14855246
B41: Total | D41: =((D47*5)+(D53*7)+(I6*2))/12 -> 134.02796 | E41: =((E47*5)+(E53*7)+(I6*2))/12 -> 134.46932 | F41: =((F47*5)+(F53*7)+(I7*2))/12 -> 133.47399 | G41: =((G47*5)+(G53*7)+(I7*2))/12 -> 151.03706 | H41: =$G41/D41-1 -> 0.12690711 | I41: =$G41/E41-1 -> 0.12320835 | J41: =$G41/F41-1 -> 0.13158421 | L41: Total | N41: =((N47*5)+(N53*7)+(I6*2))/12 -> 120.71822 | O41: =((O47*5)+(O53*7)+(I6*2))/12 -> 121.11145 | P41: =((P47*5)+(P53*7)+(I7*2))/12 -> 120.29625 | Q41: =((Q47*5)+(Q53*7)+(I7*2))/12 -> 135.94302 | R41: =$Q41/N41-1 -> 0.12611849 | S41: =$Q41/O41-1 -> 0.12246217 | T41: =$Q41/P41-1 -> 0.13006858
B43: Basic Bundled Residential Monthly Average Bills - Summer | L43: All-Electric Bundled Residential Monthly Average Bills - Summer
D44: =$D$31 -> 6/1/2026 | E44: =$E$31 -> 8/1/2026 | F44: =$D$2&" Authorized" -> 2030 Authorized | G44: =$D$2&" w/Pending" -> 2030 w/Pending | H44: =$H$31 -> % Change over 6/1/2026 | I44: =$I$31 -> % Change over 8/1/2026 | J44: % Change over Authorized | N44: =$D$31 -> 6/1/2026 | O44: =$E$31 -> 8/1/2026 | P44: =$D$2&" Authorized" -> 2030 Authorized | Q44: =$D$2&" w/Pending" -> 2030 w/Pending | R44: =$H$31 -> % Change over 6/1/2026 | S44: =$I$31 -> % Change over 8/1/2026 | T44: % Change over Authorized
B45: Non-CARE | D45: =IF($D$3="All",'Res Bill Impact'!$C$47,(VLOOKUP($D$3,'Res Bill Impact'!$B$43:$J$46,2,FALSE))) -> 161.7294 | E45: =IF($D$3="All",'Res Bill Impact'!$E$47,(VLOOKUP($D$3,'Res Bill Impact'!$B$43:$J$46,4,FALSE))) -> 162.22602 | F45: =IF($D$3="All",'Res Bill Impact'!$G$47,(VLOOKUP($D$3,'Res Bill Impact'!$B$43:$J$46,6,FALSE))) -> 160.3584 | G45: =IF($D$3="All",'Res Bill Impact'!$I$47,(VLOOKUP($D$3,'Res Bill Impact'!$B$43:$J$46,8,FALSE))) -> 180.22651 | H45: =$G45/D45-1 -> 0.11437073 | I45: =$G45/E45-1 -> 0.11095932 | J45: =$G45/F45-1 -> 0.12389814 | L45: Non-CARE | N45: =IF($D$3="All",'Res Bill Impact'!$N$47,(VLOOKUP($D$3,'Res Bill Impact'!$M$43:$U$46,2,FALSE))) -> 145.87993 | O45: =IF($D$3="All",'Res Bill Impact'!$P$47,(VLOOKUP($D$3,'Res Bill Impact'!$M$43:$U$46,4,FALSE))) -> 146.31953 | P45: =IF($D$3="All",'Res Bill Impact'!$R$47,(VLOOKUP($D$3,'Res Bill Impact'!$M$43:$U$46,6,FALSE))) -> 144.66635 | Q45: =IF($D$3="All",'Res Bill Impact'!$T$47,(VLOOKUP($D$3,'Res Bill Impact'!$M$43:$U$46,8,FALSE))) -> 162.25318 | R45: =$Q45/N45-1 -> 0.11223782 | S45: =$Q45/O45-1 -> 0.10889624 | T45: =$Q45/P45-1 -> 0.12156816
B46: CARE | D46: =IF($D$3="All",'Res Bill Impact'!$C$57,(VLOOKUP($D$3,'Res Bill Impact'!$B$53:$J$56,2,FALSE))) -> 91.218596 | E46: =IF($D$3="All",'Res Bill Impact'!$E$57,(VLOOKUP($D$3,'Res Bill Impact'!$B$53:$J$56,4,FALSE))) -> 91.538052 | F46: =IF($D$3="All",'Res Bill Impact'!$G$57,(VLOOKUP($D$3,'Res Bill Impact'!$B$53:$J$56,6,FALSE))) -> 90.38446 | G46: =IF($D$3="All",'Res Bill Impact'!$I$57,(VLOOKUP($D$3,'Res Bill Impact'!$B$53:$J$56,8,FALSE))) -> 102.65661 | H46: =$G46/D46-1 -> 0.1253913 | I46: =$G46/E46-1 -> 0.12146383 | J46: =$G46/F46-1 -> 0.13577727 | L46: CARE | N46: =IF($D$3="All",'Res Bill Impact'!$N$57,(VLOOKUP($D$3,'Res Bill Impact'!$M$53:$U$56,2,FALSE))) -> 85.926681 | O46: =IF($D$3="All",'Res Bill Impact'!$P$57,(VLOOKUP($D$3,'Res Bill Impact'!$M$53:$U$56,4,FALSE))) -> 86.225179 | P46: =IF($D$3="All",'Res Bill Impact'!$R$57,(VLOOKUP($D$3,'Res Bill Impact'!$M$53:$U$56,6,FALSE))) -> 85.142955 | Q46: =IF($D$3="All",'Res Bill Impact'!$T$57,(VLOOKUP($D$3,'Res Bill Impact'!$M$53:$U$56,8,FALSE))) -> 96.655882 | R46: =$Q46/N46-1 -> 0.1248646 | S46: =$Q46/O46-1 -> 0.12097049 | T46: =$Q46/P46-1 -> 0.13521879
B47: Total | D47: =D45*(1-'SAR and RAR'!$AD$16)+D46*'SAR and RAR'!$AD$16 -> 147.96324 | E47: =E45*(1-'SAR and RAR'!$AD$16)+E46*'SAR and RAR'!$AD$16 -> 148.42527 | F47: =F45*(1-'SAR and RAR'!$AD$16)+F46*'SAR and RAR'!$AD$16 -> 146.69706 | G47: =G45*(1-'SAR and RAR'!$AD$16)+G46*'SAR and RAR'!$AD$16 -> 165.08217 | H47: =$G47/D47-1 -> 0.11569718 | I47: =$G47/E47-1 -> 0.11222414 | J47: =$G47/F47-1 -> 0.12532708 | L47: Total | N47: =N45*(1-'SAR and RAR'!$AD$16)+N46*'SAR and RAR'!$AD$16 -> 134.17497 | O47: =O45*(1-'SAR and RAR'!$AD$16)+O46*'SAR and RAR'!$AD$16 -> 134.58702 | P47: =P45*(1-'SAR and RAR'!$AD$16)+P46*'SAR and RAR'!$AD$16 -> 133.04532 | Q47: =Q45*(1-'SAR and RAR'!$AD$16)+Q46*'SAR and RAR'!$AD$16 -> 149.44631 | R47: =$Q47/N47-1 -> 0.11381654 | S47: =$Q47/O47-1 -> 0.11040649 | T47: =$Q47/P47-1 -> 0.12327369
B49: Basic Bundled Residential Monthly Average Bills - Winter | L49: All-Electric Bundled Residential Monthly Average Bills - Winter
D50: =$D$31 -> 6/1/2026 | E50: =$E$31 -> 8/1/2026 | F50: =$D$2&" Authorized" -> 2030 Authorized | G50: =$D$2&" w/Pending" -> 2030 w/Pending | H50: =$H$31 -> % Change over 6/1/2026 | I50: =$I$31 -> % Change over 8/1/2026 | J50: % Change over Authorized | N50: =$D$31 -> 6/1/2026 | O50: =$E$31 -> 8/1/2026 | P50: =$D$2&" Authorized" -> 2030 Authorized | Q50: =$D$2&" w/Pending" -> 2030 w/Pending | R50: =$H$31 -> % Change over 6/1/2026 | S50: =$I$31 -> % Change over 8/1/2026 | T50: % Change over Authorized
B51: Non-CARE | D51: =IF($D$3="All",'Res Bill Impact'!$D$47,(VLOOKUP($D$3,'Res Bill Impact'!$B$43:$J$46,3,FALSE))) -> 151.37886 | E51: =IF($D$3="All",'Res Bill Impact'!$F$47,(VLOOKUP($D$3,'Res Bill Impact'!$B$43:$J$46,5,FALSE))) -> 151.83821 | F51: =IF($D$3="All",'Res Bill Impact'!$H$47,(VLOOKUP($D$3,'Res Bill Impact'!$B$43:$J$46,7,FALSE))) -> 150.11075 | G51: =IF($D$3="All",'Res Bill Impact'!$J$47,(VLOOKUP($D$3,'Res Bill Impact'!$B$43:$J$46,9,FALSE))) -> 168.48787 | H51: =$G51/D51-1 -> 0.11302117 | I51: =$G51/E51-1 -> 0.10965397 | J51: =$G51/F51-1 -> 0.1224238 | L51: Non-CARE | N51: =IF($D$3="All",'Res Bill Impact'!$O$47,(VLOOKUP($D$3,'Res Bill Impact'!$M$43:$U$46,3,FALSE))) -> 136.25409 | O51: =IF($D$3="All",'Res Bill Impact'!$Q$47,(VLOOKUP($D$3,'Res Bill Impact'!$M$43:$U$46,5,FALSE))) -> 136.65899 | P51: =IF($D$3="All",'Res Bill Impact'!$S$47,(VLOOKUP($D$3,'Res Bill Impact'!$M$43:$U$46,7,FALSE))) -> 135.13632 | Q51: =IF($D$3="All",'Res Bill Impact'!$U$47,(VLOOKUP($D$3,'Res Bill Impact'!$M$43:$U$46,9,FALSE))) -> 151.33475 | R51: =$Q51/N51-1 -> 0.11068039 | S51: =$Q51/O51-1 -> 0.10738966 | T51: =$Q51/P51-1 -> 0.11986731
B52: CARE | D52: =IF($D$3="All",'Res Bill Impact'!$D$57,(VLOOKUP($D$3,'Res Bill Impact'!$B$53:$J$56,3,FALSE))) -> 83.76568 | E52: =IF($D$3="All",'Res Bill Impact'!$F$57,(VLOOKUP($D$3,'Res Bill Impact'!$B$53:$J$56,5,FALSE))) -> 84.057226 | F52: =IF($D$3="All",'Res Bill Impact'!$H$57,(VLOOKUP($D$3,'Res Bill Impact'!$B$53:$J$56,7,FALSE))) -> 83.004421 | G52: =IF($D$3="All",'Res Bill Impact'!$J$57,(VLOOKUP($D$3,'Res Bill Impact'!$B$53:$J$56,9,FALSE))) -> 94.20438 | H52: =$G52/D52-1 -> 0.12461786 | I52: =$G52/E52-1 -> 0.12071721 | J52: =$G52/F52-1 -> 0.13493208 | L52: CARE | N52: =IF($D$3="All",'Res Bill Impact'!$O$57,(VLOOKUP($D$3,'Res Bill Impact'!$M$53:$U$56,3,FALSE))) -> 79.68826 | O52: =IF($D$3="All",'Res Bill Impact'!$Q$57,(VLOOKUP($D$3,'Res Bill Impact'!$M$53:$U$56,5,FALSE))) -> 79.964536 | P52: =IF($D$3="All",'Res Bill Impact'!$S$57,(VLOOKUP($D$3,'Res Bill Impact'!$M$53:$U$56,7,FALSE))) -> 78.966871 | Q52: =IF($D$3="All",'Res Bill Impact'!$U$57,(VLOOKUP($D$3,'Res Bill Impact'!$M$53:$U$56,9,FALSE))) -> 89.580242 | R52: =$Q52/N52-1 -> 0.12413349 | S52: =$Q52/O52-1 -> 0.12024962 | T52: =$Q52/P52-1 -> 0.13440283
B53: Total | D53: =D51*(1-'SAR and RAR'!$AD$16)+D52*'SAR and RAR'!$AD$16 -> 138.17842 | E53: =E51*(1-'SAR and RAR'!$AD$16)+E52*'SAR and RAR'!$AD$16 -> 138.60501 | F53: =F51*(1-'SAR and RAR'!$AD$16)+F52*'SAR and RAR'!$AD$16 -> 137.00926 | G53: =G51*(1-'SAR and RAR'!$AD$16)+G52*'SAR and RAR'!$AD$16 -> 153.98516 | H53: =$G53/D53-1 -> 0.11439368 | I53: =$G53/E53-1 -> 0.11096386 | J53: =$G53/F53-1 -> 0.12390327 | L53: Total | N53: =N51*(1-'SAR and RAR'!$AD$16)+N52*'SAR and RAR'!$AD$16 -> 125.21048 | O53: =O51*(1-'SAR and RAR'!$AD$16)+O52*'SAR and RAR'!$AD$16 -> 125.59026 | P53: =P51*(1-'SAR and RAR'!$AD$16)+P52*'SAR and RAR'!$AD$16 -> 124.17009 | Q53: =Q51*(1-'SAR and RAR'!$AD$16)+Q52*'SAR and RAR'!$AD$16 -> 139.27812 | R53: =$Q53/N53-1 -> 0.11235199 | S53: =$Q53/O53-1 -> 0.10898825 | T53: =$Q53/P53-1 -> 0.12167206
B55: Basic Bundled Essential Use Residential Monthly Average Bills | L55: All-Electric Bundled Essential Use Residential Monthly Average Bills
D56: =D50 -> 6/1/2026 | E56: =E50 -> 8/1/2026 | F56: =$D$2&" Authorized" -> 2030 Authorized | G56: =$D$2&" w/Pending" -> 2030 w/Pending | H56: =$H$31 -> % Change over 6/1/2026 | I56: =$I$31 -> % Change over 8/1/2026 | J56: % Change over Authorized | N56: =N50 -> 6/1/2026 | O56: =O50 -> 8/1/2026 | P56: =$D$2&" Authorized" -> 2030 Authorized | Q56: =$D$2&" w/Pending" -> 2030 w/Pending | R56: =$H$31 -> % Change over 6/1/2026 | S56: =$I$31 -> % Change over 8/1/2026 | T56: % Change over Authorized
B57: Essential Use - Non-CARE | D57: =((D63*5)+(D69*7)+(I6*2))/12 -> 128.39481 | E57: =((E63*5)+(E69*7)+(I6*2))/12 -> 128.80103 | F57: =((F63*5)+(F69*7)+(I7*2))/12 -> 127.92899 | G57: =((G63*5)+(G69*7)+(I7*2))/12 -> 144.18046 | H57: =$G57/D57-1 -> 0.12294616 | I57: =$G57/E57-1 -> 0.11940456 | J57: =$G57/F57-1 -> 0.12703503 | L57: Essential Use - Non-CARE | N57: =((N63*5)+(N69*7)+(I6*2))/12 -> 110.21033 | O57: =((O63*5)+(O69*7)+(I6*2))/12 -> 110.55108 | P57: =((P63*5)+(P69*7)+(I7*2))/12 -> 109.92527 | Q57: =((Q63*5)+(Q69*7)+(I7*2))/12 -> 123.55729 | R57: =$Q57/N57-1 -> 0.12110441 | S57: =$Q57/O57-1 -> 0.1176489 | T57: =$Q57/P57-1 -> 0.12401167
B58: Essential Use - CARE | D58: =((D64*5)+(D70*7)+(I6*2))/12 -> 68.528403 | E58: =((E64*5)+(E70*7)+(I6*2))/12 -> 68.793698 | F58: =((F64*5)+(F70*7)+(I7*2))/12 -> 68.491305 | G58: =((G64*5)+(G70*7)+(I7*2))/12 -> 78.682815 | H58: =$G58/D58-1 -> 0.14817814 | I58: =$G58/E58-1 -> 0.14375032 | J58: =$G58/F58-1 -> 0.14880005 | L58: Essential Use - CARE | N58: =((N64*5)+(N70*7)+(I6*2))/12 -> 57.109938 | O58: =((O64*5)+(O70*7)+(I6*2))/12 -> 57.332473 | P58: =((P64*5)+(P70*7)+(I7*2))/12 -> 57.184493 | Q58: =((Q64*5)+(Q70*7)+(I7*2))/12 -> 65.733313 | R58: =$Q58/N58-1 -> 0.15099604 | S58: =$Q58/O58-1 -> 0.14652849 | T58: =$Q58/P58-1 -> 0.14949542
B59: Total | D59: =D57*(1-'SAR and RAR'!$AD$16)+D58*'SAR and RAR'!$AD$16 -> 116.70681 | E59: =E57*(1-'SAR and RAR'!$AD$16)+E58*'SAR and RAR'!$AD$16 -> 117.08551 | F59: =F57*(1-'SAR and RAR'!$AD$16)+F58*'SAR and RAR'!$AD$16 -> 116.32469 | G59: =G57*(1-'SAR and RAR'!$AD$16)+G58*'SAR and RAR'!$AD$16 -> 131.39304 | H59: =$G59/D59-1 -> 0.12583873 | I59: =$G59/E59-1 -> 0.12219727 | J59: =$G59/F59-1 -> 0.12953699 | L59: Total | N59: =((N65*5)+(N71*7)+(I6*2))/12 -> 99.843291 | O59: =((O65*5)+(O71*7)+(I6*2))/12 -> 100.16096 | P59: =((P65*5)+(P71*7)+(I7*2))/12 -> 99.62844 | Q59: =((Q65*5)+(Q71*7)+(I7*2))/12 -> 112.26804 | R59: =$Q59/N59-1 -> 0.12444251 | S59: =$Q59/O59-1 -> 0.12087629 | T59: =$Q59/P59-1 -> 0.12686739
B61: Basic Bundled Essential Use Residential Monthly Average Bills - Summer | L61: All-Electric Bundled Essential Use Residential Monthly Average Bills - Summer
D62: =D56 -> 6/1/2026 | E62: =E56 -> 8/1/2026 | F62: =$D$2&" Authorized" -> 2030 Authorized | G62: =$D$2&" w/Pending" -> 2030 w/Pending | H62: =$H$31 -> % Change over 6/1/2026 | I62: =$I$31 -> % Change over 8/1/2026 | J62: % Change over Authorized | N62: =N56 -> 6/1/2026 | O62: =O56 -> 8/1/2026 | P62: =$D$2&" Authorized" -> 2030 Authorized | Q62: =$D$2&" w/Pending" -> 2030 w/Pending | R62: =$H$31 -> % Change over 6/1/2026 | S62: =$I$31 -> % Change over 8/1/2026 | T62: % Change over Authorized
B63: Essential Use - Non-CARE | D63: =IF($D$3="All",'Res Bill Impact'!C67,(VLOOKUP($D$3,'Res Bill Impact'!$B$63:$J$66,2,FALSE))) -> 135.17852 | E63: =IF($D$3="All",'Res Bill Impact'!E67,(VLOOKUP($D$3,'Res Bill Impact'!$B$63:$J$66,4,FALSE))) -> 135.57954 | F63: =IF($D$3="All",'Res Bill Impact'!G67,(VLOOKUP($D$3,'Res Bill Impact'!$B$63:$J$66,6,FALSE))) -> 134.07144 | G63: =IF($D$3="All",'Res Bill Impact'!I67,(VLOOKUP($D$3,'Res Bill Impact'!$B$63:$J$66,8,FALSE))) -> 150.11493 | H63: =$G63/D63-1 -> 0.11049398 | I63: =$G63/E63-1 -> 0.10720933 | J63: =$G63/F63-1 -> 0.11966376 | L63: Essential Use - Non-CARE | N63: =IF($D$3="All",'Res Bill Impact'!N67,(VLOOKUP($D$3,'Res Bill Impact'!$M$63:$U$66,2,FALSE))) -> 98.465813 | O63: =IF($D$3="All",'Res Bill Impact'!P67,(VLOOKUP($D$3,'Res Bill Impact'!$M$63:$U$66,4,FALSE))) -> 98.734645 | P63: =IF($D$3="All",'Res Bill Impact'!R67,(VLOOKUP($D$3,'Res Bill Impact'!$M$63:$U$66,6,FALSE))) -> 97.723659 | Q63: =IF($D$3="All",'Res Bill Impact'!T67,(VLOOKUP($D$3,'Res Bill Impact'!$M$63:$U$66,8,FALSE))) -> 108.47874 | R63: =$Q63/N63-1 -> 0.10168939 | S63: =$Q63/O63-1 -> 0.098689729 | T63: =$Q63/P63-1 -> 0.11005607
B64: Essential Use - CARE | D64: =IF($D$3="All",'Res Bill Impact'!C77,(VLOOKUP($D$3,'Res Bill Impact'!$B$73:$J$76,2,FALSE))) -> 75.8493 | E64: =IF($D$3="All",'Res Bill Impact'!E77,(VLOOKUP($D$3,'Res Bill Impact'!$B$73:$J$76,4,FALSE))) -> 76.1112 | F64: =IF($D$3="All",'Res Bill Impact'!G77,(VLOOKUP($D$3,'Res Bill Impact'!$B$73:$J$76,6,FALSE))) -> 75.16545 | G64: =IF($D$3="All",'Res Bill Impact'!I77,(VLOOKUP($D$3,'Res Bill Impact'!$B$73:$J$76,8,FALSE))) -> 85.226538 | H64: =$G64/D64-1 -> 0.12362985 | I64: =$G64/E64-1 -> 0.11976342 | J64: =$G64/F64-1 -> 0.13385256 | L64: Essential Use - CARE | N64: =IF($D$3="All",'Res Bill Impact'!N77,(VLOOKUP($D$3,'Res Bill Impact'!$M$73:$U$76,2,FALSE))) -> 52.79652 | O64: =IF($D$3="All",'Res Bill Impact'!P77,(VLOOKUP($D$3,'Res Bill Impact'!$M$73:$U$76,4,FALSE))) -> 52.97209 | P64: =IF($D$3="All",'Res Bill Impact'!R77,(VLOOKUP($D$3,'Res Bill Impact'!$M$73:$U$76,6,FALSE))) -> 52.338087 | Q64: =IF($D$3="All",'Res Bill Impact'!T77,(VLOOKUP($D$3,'Res Bill Impact'!$M$73:$U$76,8,FALSE))) -> 59.082742 | R64: =$Q64/N64-1 -> 0.11906509 | S64: =$Q64/O64-1 -> 0.11535607 | T64: =$Q64/P64-1 -> 0.12886706
B65: Total | D65: =D63*(1-'SAR and RAR'!$AD$16)+D64*'SAR and RAR'!$AD$16 -> 123.59539 | E65: =E63*(1-'SAR and RAR'!$AD$16)+E64*'SAR and RAR'!$AD$16 -> 123.96925 | F65: =F63*(1-'SAR and RAR'!$AD$16)+F64*'SAR and RAR'!$AD$16 -> 122.57094 | G65: =G63*(1-'SAR and RAR'!$AD$16)+G64*'SAR and RAR'!$AD$16 -> 137.44646 | H65: =$G65/D65-1 -> 0.11206784 | I65: =$G65/E65-1 -> 0.10871412 | J65: =$G65/F65-1 -> 0.12136253 | L65: Total | N65: =N63*(1-'SAR and RAR'!$AD$16)+N64*'SAR and RAR'!$AD$16 -> 89.549581 | O65: =O63*(1-'SAR and RAR'!$AD$16)+O64*'SAR and RAR'!$AD$16 -> 89.800205 | P65: =P63*(1-'SAR and RAR'!$AD$16)+P64*'SAR and RAR'!$AD$16 -> 88.862819 | Q65: =Q63*(1-'SAR and RAR'!$AD$16)+Q64*'SAR and RAR'!$AD$16 -> 98.834926 | R65: =$Q65/N65-1 -> 0.10368944 | S65: =$Q65/O65-1 -> 0.10060914 | T65: =$Q65/P65-1 -> 0.11221912
B67: Basic Bundled Essential Use Residential Monthly Average Bills - Winter | L67: All-Electric Bundled Essential Use Residential Monthly Average Bills - Winter
D68: =D62 -> 6/1/2026 | E68: =E62 -> 8/1/2026 | F68: =$D$2&" Authorized" -> 2030 Authorized | G68: =$D$2&" w/Pending" -> 2030 w/Pending | H68: =$H$31 -> % Change over 6/1/2026 | I68: =$I$31 -> % Change over 8/1/2026 | J68: % Change over Authorized | N68: =N62 -> 6/1/2026 | O68: =O62 -> 8/1/2026 | P68: =$D$2&" Authorized" -> 2030 Authorized | Q68: =$D$2&" w/Pending" -> 2030 w/Pending | R68: =$H$31 -> % Change over 6/1/2026 | S68: =$I$31 -> % Change over 8/1/2026 | T68: % Change over Authorized
B69: Essential Use - Non-CARE | D69: =IF($D$3="All",'Res Bill Impact'!D67,(VLOOKUP($D$3,'Res Bill Impact'!$B$63:$J$66,3,FALSE))) -> 137.65353 | E69: =IF($D$3="All",'Res Bill Impact'!F67,(VLOOKUP($D$3,'Res Bill Impact'!$B$63:$J$66,5,FALSE))) -> 138.06346 | F69: =IF($D$3="All",'Res Bill Impact'!H67,(VLOOKUP($D$3,'Res Bill Impact'!$B$63:$J$66,7,FALSE))) -> 136.52185 | G69: =IF($D$3="All",'Res Bill Impact'!J67,(VLOOKUP($D$3,'Res Bill Impact'!$B$63:$J$66,9,FALSE))) -> 152.92186 | H69: =$G69/D69-1 -> 0.11091857 | I69: =$G69/E69-1 -> 0.10762007 | J69: =$G69/F69-1 -> 0.1201274 | L69: Essential Use - Non-CARE | N69: =IF($D$3="All",'Res Bill Impact'!O67,(VLOOKUP($D$3,'Res Bill Impact'!$M$63:$U$66,3,FALSE))) -> 132.7035 | O69: =IF($D$3="All",'Res Bill Impact'!Q67,(VLOOKUP($D$3,'Res Bill Impact'!$M$63:$U$66,5,FALSE))) -> 133.09561 | P69: =IF($D$3="All",'Res Bill Impact'!S67,(VLOOKUP($D$3,'Res Bill Impact'!$M$63:$U$66,7,FALSE))) -> 131.62102 | Q69: =IF($D$3="All",'Res Bill Impact'!U67,(VLOOKUP($D$3,'Res Bill Impact'!$M$63:$U$66,9,FALSE))) -> 147.30799 | R69: =$Q69/N69-1 -> 0.11005355 | S69: =$Q69/O69-1 -> 0.10678325 | T69: =$Q69/P69-1 -> 0.11918286
B70: Essential Use - CARE | D70: =IF($D$3="All",'Res Bill Impact'!D77,(VLOOKUP($D$3,'Res Bill Impact'!$B$73:$J$76,3,FALSE))) -> 77.40342 | E70: =IF($D$3="All",'Res Bill Impact'!F77,(VLOOKUP($D$3,'Res Bill Impact'!$B$73:$J$76,5,FALSE))) -> 77.67114 | F70: =IF($D$3="All",'Res Bill Impact'!H77,(VLOOKUP($D$3,'Res Bill Impact'!$B$73:$J$76,7,FALSE))) -> 76.704373 | G70: =IF($D$3="All",'Res Bill Impact'!J77,(VLOOKUP($D$3,'Res Bill Impact'!$B$73:$J$76,9,FALSE))) -> 86.989041 | H70: =$G70/D70-1 -> 0.12383976 | I70: =$G70/E70-1 -> 0.11996606 | J70: =$G70/F70-1 -> 0.1340819 | L70: Essential Use - CARE | N70: =IF($D$3="All",'Res Bill Impact'!O77,(VLOOKUP($D$3,'Res Bill Impact'!$M$73:$U$76,3,FALSE))) -> 74.29518 | O70: =IF($D$3="All",'Res Bill Impact'!Q77,(VLOOKUP($D$3,'Res Bill Impact'!$M$73:$U$76,5,FALSE))) -> 74.55126 | P70: =IF($D$3="All",'Res Bill Impact'!S77,(VLOOKUP($D$3,'Res Bill Impact'!$M$73:$U$76,7,FALSE))) -> 73.626526 | Q70: =IF($D$3="All",'Res Bill Impact'!U77,(VLOOKUP($D$3,'Res Bill Impact'!$M$73:$U$76,9,FALSE))) -> 83.464035 | R70: =$Q70/N70-1 -> 0.12341116 | S70: =$Q70/O70-1 -> 0.1195523 | T70: =$Q70/P70-1 -> 0.13361364
B71: Total | D71: =D69*(1-'SAR and RAR'!$AD$16)+D70*'SAR and RAR'!$AD$16 -> 125.89062 | E71: =E69*(1-'SAR and RAR'!$AD$16)+E70*'SAR and RAR'!$AD$16 -> 126.27278 | F71: =F69*(1-'SAR and RAR'!$AD$16)+F70*'SAR and RAR'!$AD$16 -> 124.8434 | G71: =G69*(1-'SAR and RAR'!$AD$16)+G70*'SAR and RAR'!$AD$16 -> 140.04949 | H71: =$G71/D71-1 -> 0.11246962 | I71: =$G71/E71-1 -> 0.1091027 | J71: =$G71/F71-1 -> 0.12180128 | L71: Total | N71: =N69*(1-'SAR and RAR'!$AD$16)+N70*'SAR and RAR'!$AD$16 -> 121.30017 | O71: =O69*(1-'SAR and RAR'!$AD$16)+O70*'SAR and RAR'!$AD$16 -> 121.66572 | P71: =P69*(1-'SAR and RAR'!$AD$16)+P70*'SAR and RAR'!$AD$16 -> 120.29848 | Q71: =Q69*(1-'SAR and RAR'!$AD$16)+Q70*'SAR and RAR'!$AD$16 -> 134.84344 | R71: =$Q71/N71-1 -> 0.11165085 | S71: =$Q71/O71-1 -> 0.10831083 | T71: =$Q71/P71-1 -> 0.12090719
B73: Basic Bundled Typical Residential Monthly Average Bills | L73: All-Electric Bundled Typical Residential Monthly Average Bills
D74: =D68 -> 6/1/2026 | E74: =E68 -> 8/1/2026 | F74: =$D$2&" Authorized" -> 2030 Authorized | G74: =$D$2&" w/Pending" -> 2030 w/Pending | H74: =$H$31 -> % Change over 6/1/2026 | I74: =$I$31 -> % Change over 8/1/2026 | J74: % Change over Authorized | N74: =N68 -> 6/1/2026 | O74: =O68 -> 8/1/2026 | P74: =$D$2&" Authorized" -> 2030 Authorized | Q74: =$D$2&" w/Pending" -> 2030 w/Pending | R74: =$H$31 -> % Change over 6/1/2026 | S74: =$I$31 -> % Change over 8/1/2026 | T74: % Change over Authorized
B75: =$I$9&" kWh Monthly Usage - Non-CARE" -> 400 kWh Monthly Usage - Non-CARE | D75: =((D81*5)+(D87*7)+(I6*2))/12 -> 185.30362 | E75: =((E81*5)+(E87*7)+(I6*2))/12 -> 185.91479 | F75: =((F81*5)+(F87*7)+(I7*2))/12 -> 184.27201 | G75: =((G81*5)+(G87*7)+(I7*2))/12 -> 208.72276 | H75: =$G75/D75-1 -> 0.12638254 | I75: =$G75/E75-1 -> 0.12267972 | J75: =$G75/F75-1 -> 0.13268834 | L75: =B75 -> 400 kWh Monthly Usage - Non-CARE | N75: =((N81*5)+(N87*7)+(I6*2))/12 -> 191.45263 | O75: =((O81*5)+(O87*7)+(I6*2))/12 -> 192.08599 | P75: =((P81*5)+(P87*7)+(I7*2))/12 -> 190.35975 | Q75: =((Q81*5)+(Q87*7)+(I7*2))/12 -> 215.69841 | R75: =$Q75/N75-1 -> 0.12664115 | S75: =$Q75/O75-1 -> 0.12292629 | T75: =$Q75/P75-1 -> 0.13310932
C76: =$I$9&" kWh Monthly Usage - CARE" -> 400 kWh Monthly Usage - CARE | D76: =((D82*5)+(D88*7)+(I6*2))/12 -> 104.36718 | E76: =((E82*5)+(E88*7)+(I6*2))/12 -> 104.76582 | F76: =((F82*5)+(F88*7)+(I7*2))/12 -> 103.97862 | G76: =((G82*5)+(G88*7)+(I7*2))/12 -> 119.32757 | H76: =$G76/D76-1 -> 0.14334386 | I76: =$G76/E76-1 -> 0.13899337 | J76: =$G76/F76-1 -> 0.14761641 | M76: =C76 -> 400 kWh Monthly Usage - CARE | N76: =((N82*5)+(N88*7)+(I6*2))/12 -> 108.36405 | O76: =((O82*5)+(O88*7)+(I6*2))/12 -> 108.77653 | P76: =((P82*5)+(P88*7)+(I7*2))/12 -> 107.93509 | Q76: =((Q82*5)+(Q88*7)+(I7*2))/12 -> 123.8611 | R76: =$Q76/N76-1 -> 0.14300913 | S76: =$Q76/O76-1 -> 0.13867484 | T76: =$Q76/P76-1 -> 0.14755173
B77: Total | D77: =((D83*5)+(D89*7)+(I6*2))/12 -> 169.50202 | E77: =((E83*5)+(E89*7)+(I6*2))/12 -> 170.07169 | F77: =((F83*5)+(F89*7)+(I7*2))/12 -> 168.59595 | G77: =((G83*5)+(G89*7)+(I7*2))/12 -> 191.26972 | H77: =$G77/D77-1 -> 0.12842149 | I77: =$G77/E77-1 -> 0.12464171 | J77: =$G77/F77-1 -> 0.1344858 | L77: Total | N77: =((N83*5)+(N89*7)+(I6*2))/12 -> 175.23085 | O77: =((O83*5)+(O89*7)+(I6*2))/12 -> 175.82109 | P77: =((P83*5)+(P89*7)+(I7*2))/12 -> 174.2676 | Q77: =((Q83*5)+(Q89*7)+(I7*2))/12 -> 197.76858 | R77: =$Q77/N77-1 -> 0.12861733 | S77: =$Q77/O77-1 -> 0.12482852 | T77: =$Q77/P77-1 -> 0.13485571
B79: Basic Bundled Typical Residential Monthly Average Bills - Summer | L79: All-Electric Bundled Typical Residential Monthly Average Bills - Summer
D80: =D74 -> 6/1/2026 | E80: =E74 -> 8/1/2026 | F80: =$D$2&" Authorized" -> 2030 Authorized | G80: =$D$2&" w/Pending" -> 2030 w/Pending | H80: =$H$31 -> % Change over 6/1/2026 | I80: =$I$31 -> % Change over 8/1/2026 | J80: % Change over Authorized | N80: =N74 -> 6/1/2026 | O80: =O74 -> 8/1/2026 | P80: =$D$2&" Authorized" -> 2030 Authorized | Q80: =$D$2&" w/Pending" -> 2030 w/Pending | R80: =$H$31 -> % Change over 6/1/2026 | S80: =$I$31 -> % Change over 8/1/2026 | T80: % Change over Authorized
B81: =$B$75 -> 400 kWh Monthly Usage - Non-CARE | D81: =IF($D$3="All",'Res Bill Impact'!C87,(VLOOKUP($D$3,'Res Bill Impact'!$B$83:$J$86,2,FALSE))) -> 194.02869 | E81: =IF($D$3="All",'Res Bill Impact'!E87,(VLOOKUP($D$3,'Res Bill Impact'!$B$83:$J$86,4,FALSE))) -> 194.64166 | F81: =IF($D$3="All",'Res Bill Impact'!G87,(VLOOKUP($D$3,'Res Bill Impact'!$B$83:$J$86,6,FALSE))) -> 192.33651 | G81: =IF($D$3="All",'Res Bill Impact'!I87,(VLOOKUP($D$3,'Res Bill Impact'!$B$83:$J$86,8,FALSE))) -> 216.85912 | H81: =$G81/D81-1 -> 0.11766518 | I81: =$G81/E81-1 -> 0.11414544 | J81: =$G81/F81-1 -> 0.12749842 | L81: =B81 -> 400 kWh Monthly Usage - Non-CARE | N81: =IF($D$3="All",'Res Bill Impact'!N87,(VLOOKUP($D$3,'Res Bill Impact'!$M$83:$U$86,2,FALSE))) -> 206.3978 | O81: =IF($D$3="All",'Res Bill Impact'!P87,(VLOOKUP($D$3,'Res Bill Impact'!$M$83:$U$86,4,FALSE))) -> 207.05541 | P81: =IF($D$3="All",'Res Bill Impact'!R87,(VLOOKUP($D$3,'Res Bill Impact'!$M$83:$U$86,6,FALSE))) -> 204.58237 | Q81: =IF($D$3="All",'Res Bill Impact'!T87,(VLOOKUP($D$3,'Res Bill Impact'!$M$83:$U$86,8,FALSE))) -> 230.89106 | R81: =$Q81/N81-1 -> 0.11867013 | S81: =$Q81/O81-1 -> 0.11511723 | T81: =$Q81/P81-1 -> 0.12859702
C82: =$C$76 -> 400 kWh Monthly Usage - CARE | D82: =IF($D$3="All",'Res Bill Impact'!C97,(VLOOKUP($D$3,'Res Bill Impact'!$B$93:$J$96,2,FALSE))) -> 112.91809 | E82: =IF($D$3="All",'Res Bill Impact'!E97,(VLOOKUP($D$3,'Res Bill Impact'!$B$93:$J$96,4,FALSE))) -> 113.31785 | F82: =IF($D$3="All",'Res Bill Impact'!G97,(VLOOKUP($D$3,'Res Bill Impact'!$B$93:$J$96,6,FALSE))) -> 111.87065 | G82: =IF($D$3="All",'Res Bill Impact'!I97,(VLOOKUP($D$3,'Res Bill Impact'!$B$93:$J$96,8,FALSE))) -> 127.2663 | H82: =$G82/D82-1 -> 0.12706738 | I82: =$G82/E82-1 -> 0.12309134 | J82: =$G82/F82-1 -> 0.1376201 | M82: =C82 -> 400 kWh Monthly Usage - CARE | N82: =IF($D$3="All",'Res Bill Impact'!N97,(VLOOKUP($D$3,'Res Bill Impact'!$M$93:$U$96,2,FALSE))) -> 120.95805 | O82: =IF($D$3="All",'Res Bill Impact'!P97,(VLOOKUP($D$3,'Res Bill Impact'!$M$93:$U$96,4,FALSE))) -> 121.38565 | P82: =IF($D$3="All",'Res Bill Impact'!R97,(VLOOKUP($D$3,'Res Bill Impact'!$M$93:$U$96,6,FALSE))) -> 119.82933 | Q82: =IF($D$3="All",'Res Bill Impact'!T97,(VLOOKUP($D$3,'Res Bill Impact'!$M$93:$U$96,8,FALSE))) -> 136.38577 | R82: =$Q82/N82-1 -> 0.12754603 | S82: =$Q82/O82-1 -> 0.12357408 | T82: =$Q82/P82-1 -> 0.13816682
B83: Total | D83: =D81*(1-'SAR and RAR'!$AD$16)+D82*'SAR and RAR'!$AD$16 -> 178.19309 | E83: =E81*(1-'SAR and RAR'!$AD$16)+E82*'SAR and RAR'!$AD$16 -> 178.76443 | F83: =F81*(1-'SAR and RAR'!$AD$16)+F82*'SAR and RAR'!$AD$16 -> 176.62678 | G83: =G81*(1-'SAR and RAR'!$AD$16)+G82*'SAR and RAR'!$AD$16 -> 199.36749 | H83: =$G83/D83-1 -> 0.11882839 | I83: =$G83/E83-1 -> 0.11525257 | J83: =$G83/F83-1 -> 0.12875003 | L83: Total | N83: =N81*(1-'SAR and RAR'!$AD$16)+N82*'SAR and RAR'!$AD$16 -> 189.717 | O83: =O81*(1-'SAR and RAR'!$AD$16)+O82*'SAR and RAR'!$AD$16 -> 190.3297 | P83: =P81*(1-'SAR and RAR'!$AD$16)+P82*'SAR and RAR'!$AD$16 -> 188.03564 | Q83: =Q81*(1-'SAR and RAR'!$AD$16)+Q82*'SAR and RAR'!$AD$16 -> 212.44034 | R83: =$Q83/N83-1 -> 0.11977497 | S83: =$Q83/O83-1 -> 0.11617023 | T83: =$Q83/P83-1 -> 0.12978767
B85: Basic Bundled Typical Residential Monthly Average Bills - Winter | L85: All-Electric Bundled Typical Residential Monthly Average Bills - Winter
D86: =D80 -> 6/1/2026 | E86: =E80 -> 8/1/2026 | F86: =$D$2&" Authorized" -> 2030 Authorized | G86: =$D$2&" w/Pending" -> 2030 w/Pending | H86: =$H$31 -> % Change over 6/1/2026 | I86: =$I$31 -> % Change over 8/1/2026 | J86: % Change over Authorized | N86: =N80 -> 6/1/2026 | O86: =O80 -> 8/1/2026 | P86: =$D$2&" Authorized" -> 2030 Authorized | Q86: =$D$2&" w/Pending" -> 2030 w/Pending | R86: =$H$31 -> % Change over 6/1/2026 | S86: =$I$31 -> % Change over 8/1/2026 | T86: % Change over Authorized
B87: =$B$75 -> 400 kWh Monthly Usage - Non-CARE | D87: =IF($D$3="All",'Res Bill Impact'!D87,(VLOOKUP($D$3,'Res Bill Impact'!$B$83:$J$86,3,FALSE))) -> 193.17565 | E87: =IF($D$3="All",'Res Bill Impact'!F87,(VLOOKUP($D$3,'Res Bill Impact'!$B$83:$J$86,5,FALSE))) -> 193.78554 | F87: =IF($D$3="All",'Res Bill Impact'!H87,(VLOOKUP($D$3,'Res Bill Impact'!$B$83:$J$86,7,FALSE))) -> 191.49197 | G87: =IF($D$3="All",'Res Bill Impact'!J87,(VLOOKUP($D$3,'Res Bill Impact'!$B$83:$J$86,9,FALSE))) -> 215.8914 | H87: =$G87/D87-1 -> 0.11759113 | I87: =$G87/E87-1 -> 0.11407383 | J87: =$G87/F87-1 -> 0.12741748 | L87: =B87 -> 400 kWh Monthly Usage - Non-CARE | N87: =IF($D$3="All",'Res Bill Impact'!O87,(VLOOKUP($D$3,'Res Bill Impact'!$M$83:$U$86,3,FALSE))) -> 194.88174 | O87: =IF($D$3="All",'Res Bill Impact'!Q87,(VLOOKUP($D$3,'Res Bill Impact'!$M$83:$U$86,5,FALSE))) -> 195.49778 | P87: =IF($D$3="All",'Res Bill Impact'!S87,(VLOOKUP($D$3,'Res Bill Impact'!$M$83:$U$86,7,FALSE))) -> 193.18106 | Q87: =IF($D$3="All",'Res Bill Impact'!U87,(VLOOKUP($D$3,'Res Bill Impact'!$M$83:$U$86,9,FALSE))) -> 217.82684 | R87: =$Q87/N87-1 -> 0.11773858 | S87: =$Q87/O87-1 -> 0.11421642 | T87: =$Q87/P87-1 -> 0.12757866
C88: =$C$76 -> 400 kWh Monthly Usage - CARE | D88: =IF($D$3="All",'Res Bill Impact'!D97,(VLOOKUP($D$3,'Res Bill Impact'!$B$93:$J$96,3,FALSE))) -> 112.36361 | E88: =IF($D$3="All",'Res Bill Impact'!F97,(VLOOKUP($D$3,'Res Bill Impact'!$B$93:$J$96,5,FALSE))) -> 112.76145 | F88: =IF($D$3="All",'Res Bill Impact'!H97,(VLOOKUP($D$3,'Res Bill Impact'!$B$93:$J$96,7,FALSE))) -> 111.32177 | G88: =IF($D$3="All",'Res Bill Impact'!J97,(VLOOKUP($D$3,'Res Bill Impact'!$B$93:$J$96,9,FALSE))) -> 126.63737 | H88: =$G88/D88-1 -> 0.12703184 | I88: =$G88/E88-1 -> 0.1230555 | J88: =$G88/F88-1 -> 0.13757951 | M88: =C88 -> 400 kWh Monthly Usage - CARE | N88: =IF($D$3="All",'Res Bill Impact'!O97,(VLOOKUP($D$3,'Res Bill Impact'!$M$93:$U$96,3,FALSE))) -> 113.47257 | O88: =IF($D$3="All",'Res Bill Impact'!Q97,(VLOOKUP($D$3,'Res Bill Impact'!$M$93:$U$96,5,FALSE))) -> 113.87425 | P88: =IF($D$3="All",'Res Bill Impact'!S97,(VLOOKUP($D$3,'Res Bill Impact'!$M$93:$U$96,7,FALSE))) -> 112.41952 | Q88: =IF($D$3="All",'Res Bill Impact'!U97,(VLOOKUP($D$3,'Res Bill Impact'!$M$93:$U$96,9,FALSE))) -> 127.89522 | R88: =$Q88/N88-1 -> 0.12710257 | S88: =$Q88/O88-1 -> 0.12312682 | T88: =$Q88/P88-1 -> 0.13766029
B89: Total | D89: =D87*(1-'SAR and RAR'!$AD$16)+D88*'SAR and RAR'!$AD$16 -> 177.39833 | E89: =E87*(1-'SAR and RAR'!$AD$16)+E88*'SAR and RAR'!$AD$16 -> 177.96682 | F89: =F87*(1-'SAR and RAR'!$AD$16)+F88*'SAR and RAR'!$AD$16 -> 175.83996 | G89: =G87*(1-'SAR and RAR'!$AD$16)+G88*'SAR and RAR'!$AD$16 -> 198.46591 | H89: =$G89/D89-1 -> 0.11875858 | I89: =$G89/E89-1 -> 0.11518489 | J89: =$G89/F89-1 -> 0.12867351 | L89: Total | N89: =N87*(1-'SAR and RAR'!$AD$16)+N88*'SAR and RAR'!$AD$16 -> 178.98784 | O89: =O87*(1-'SAR and RAR'!$AD$16)+O88*'SAR and RAR'!$AD$16 -> 179.56203 | P89: =P87*(1-'SAR and RAR'!$AD$16)+P88*'SAR and RAR'!$AD$16 -> 177.4136 | Q89: =Q87*(1-'SAR and RAR'!$AD$16)+Q88*'SAR and RAR'!$AD$16 -> 200.26906 | R89: =$Q89/N89-1 -> 0.11889759 | S89: =$Q89/O89-1 -> 0.11531965 | T89: =$Q89/P89-1 -> 0.12882588
B92: Small Commercial Monthly Average Bills
D93: =D86 -> 6/1/2026 | E93: =E86 -> 8/1/2026 | F93: =$D$2&" Authorized" -> 2030 Authorized | G93: =$D$2&" w/Pending" -> 2030 w/Pending | H93: =$H$31 -> % Change over 6/1/2026 | I93: =$I$31 -> % Change over 8/1/2026 | J93: % Change over Authorized
C94: NAICS 531 | D94: =((D100*5)+(D106*7))/12 -> 385.0817 | E94: =((E100*5)+(E106*7))/12 -> 386.29586 | F94: =((F100*5)+(F106*7))/12 -> 388.5281 | G94: =((G100*5)+(G106*7))/12 -> 436.97016 | H94: =$G94/D94-1 -> 0.13474663 | I94: =$G94/E94-1 -> 0.13118003 | J94: =$G94/F94-1 -> 0.12468097
C95: NAICS 621 | D95: =((D101*5)+(D107*7))/12 -> 425.14836 | E95: =((E101*5)+(E107*7))/12 -> 426.52559 | F95: =((F101*5)+(F107*7))/12 -> 428.95479 | G95: =((G101*5)+(G107*7))/12 -> 481.6713 | H95: =$G95/D95-1 -> 0.13294876 | I95: =$G95/E95-1 -> 0.12929053 | J95: =$G95/F95-1 -> 0.12289526
C96: NAICS 722 | D96: =((D102*5)+(D108*7))/12 -> 1083.4768 | E96: =((E102*5)+(E108*7))/12 -> 1087.3846 | F96: =((F102*5)+(F108*7))/12 -> 1093.7555 | G96: =((G102*5)+(G108*7))/12 -> 1232.0113 | H96: =$G96/D96-1 -> 0.13709063 | I96: =$G96/E96-1 -> 0.1330042 | J96: =$G96/F96-1 -> 0.12640467
B98: Small Commercial Monthly Average Bills - Summer
D99: =D93 -> 6/1/2026 | E99: =E93 -> 8/1/2026 | F99: =$D$2&" Authorized" -> 2030 Authorized | G99: =$D$2&" w/Pending" -> 2030 w/Pending | H99: =$H$31 -> % Change over 6/1/2026 | I99: =$I$31 -> % Change over 8/1/2026 | J99: % Change over Authorized
C100: NAICS 531 | D100: ='Bill Impact (TOU-A)'!C$36 -> 448.71232 | E100: ='Bill Impact (TOU-A)'!E$36 -> 451.49459 | F100: ='Bill Impact (TOU-A)'!G$36 -> 454.11652 | G100: ='Bill Impact (TOU-A)'!I$36 -> 511.01514 | H100: =$G100/D100-1 -> 0.13884802 | I100: =$G100/E100-1 -> 0.13183003 | J100: =$G100/F100-1 -> 0.12529521
C101: NAICS 621 | D101: ='Bill Impact (TOU-A)'!C$37 -> 525.02693 | E101: ='Bill Impact (TOU-A)'!E$37 -> 528.24853 | F101: ='Bill Impact (TOU-A)'!G$37 -> 531.28535 | G101: ='Bill Impact (TOU-A)'!I$37 -> 597.18779 | H101: =$G101/D101-1 -> 0.13744222 | I101: =$G101/E101-1 -> 0.13050536 | J101: =$G101/F101-1 -> 0.1240434
C102: NAICS 722 | D102: ='Bill Impact (TOU-A)'!C$38 -> 1365.6784 | E102: ='Bill Impact (TOU-A)'!E$38 -> 1374.5116 | F102: ='Bill Impact (TOU-A)'!G$38 -> 1382.5974 | G102: ='Bill Impact (TOU-A)'!I$38 -> 1558.0687 | H102: =$G102/D102-1 -> 0.14087526 | I102: =$G102/E102-1 -> 0.13354351 | J102: =$G102/F102-1 -> 0.12691423
B104: Small Commercial Monthly Average Bills - Winter
D105: =D99 -> 6/1/2026 | E105: =E99 -> 8/1/2026 | F105: =$D$2&" Authorized" -> 2030 Authorized | G105: =$D$2&" w/Pending" -> 2030 w/Pending | H105: =$H$31 -> % Change over 6/1/2026 | I105: =$I$31 -> % Change over 8/1/2026 | J105: % Change over Authorized
C106: NAICS 531 | D106: ='Bill Impact (TOU-A)'!D$36 -> 339.63126 | E106: ='Bill Impact (TOU-A)'!F$36 -> 339.72534 | F106: ='Bill Impact (TOU-A)'!H$36 -> 341.67923 | G106: ='Bill Impact (TOU-A)'!J$36 -> 384.08089 | H106: =$G106/D106-1 -> 0.13087616 | I106: =$G106/E106-1 -> 0.13056299 | J106: =$G106/F106-1 -> 0.12409786
C107: NAICS 621 | D107: ='Bill Impact (TOU-A)'!D$37 -> 353.80652 | E107: ='Bill Impact (TOU-A)'!F$37 -> 353.86634 | F107: ='Bill Impact (TOU-A)'!H$37 -> 355.86154 | G107: ='Bill Impact (TOU-A)'!J$37 -> 399.15953 | H107: =$G107/D107-1 -> 0.12818589 | I107: =$G107/E107-1 -> 0.12799518 | J107: =$G107/F107-1 -> 0.12167089
C108: NAICS 722 | D108: ='Bill Impact (TOU-A)'!D$38 -> 881.90424 | E108: ='Bill Impact (TOU-A)'!F$38 -> 882.29389 | F108: ='Bill Impact (TOU-A)'!H$38 -> 887.43986 | G108: ='Bill Impact (TOU-A)'!J$38 -> 999.11319 | H108: =$G108/D108-1 -> 0.1329044 | I108: =$G108/E108-1 -> 0.13240407 | J108: =$G108/F108-1 -> 0.12583763

Sheet Selected Data
A1: Summary of Selected Data
Q2: Revenue
Q3: Requirement
Q4: ($000)
A5: 1 | B5: Current total system-level revenue requirement that is used for defining the reporting threshold: | Q5: ='Authorized Rev Req'!$W$173 -> 4829143.6
B6: A | C6: One-percent reporting threshold | Q6: =Q5*0.01 -> 48291.436
A9: 2 | B9: List of currently open proceedings for which affordability metrics have been filed1: | Q9: Incremental Rev Req
B10: A | C10: A.22-05-015 / 016 Track 3 | D10: GRC P1 Track 3 - WMPMA2 | Q10: ='Incremental Rev Req'!D93 -> 667401.14
B11: B | C11: A.26-06-015 | D11: TY 2028 GRC P1³ | Q11: =SUM('Incremental Rev Req'!H100:J100)+SUM('Incremental Rev Req'!H101:J101) -> 1793940.9
A18: 3 | B18: Total system-level revenue requirement if all pending revenue were granted in full: requests were granted in full
B19: A | C19: YE 2026 | Q19: ='Incremental Rev Req'!$O$125 -> 4923565.9
B20: B | C20: YE 2027 | Q20: ='Incremental Rev Req'!$P$125 -> 5527663.7
B21: C | C21: YE 2028 | Q21: ='Incremental Rev Req'!$Q$125 -> 5650167.5
B22: D | C22: YE 2029 | Q22: ='Incremental Rev Req'!$R$125 -> 5788713.7
B23: E | C23: YE 2030 | Q23: ='Incremental Rev Req'!$S$125 -> 5734097.6
A25: 4 | B25: Bundled residential average rate (RAR) if all pending revenue were granted in full (from Cost and Rate Tracker (CRT) as submitted by utility): | R25: cents/kWh
B26: A | C26: YE 2026 | R26: 43.523973
B27: B | C27: YE 2027 | R27: 47.922871
B28: C | C28: YE 2028 | R28: 48.738601
B29: D | C29: YE 2029 | R29: 49.813868
B30: E | C30: YE 2030 | R30: 49.343445
A32: 5 | B32: Bundled residential weighted average monthly bill corresponding to RAR above for typical customer in Coastal climate zone using 400 kWh on Basic service (from CRT as submitted by utility): | S32: Non-CARE | T32: CARE
B33: A | C33: YE 2026 | S33: 187.37491 | T33: 105.68241
B34: B | C34: YE 2027 | S34: 203.43434 | T34: 116.00776
B35: C | C35: YE 2028 | S35: 206.47109 | T35: 117.91408
B36: D | C36: YE 2029 | S36: 210.47403 | T36: 120.42693
B37: E | C37: YE 2030 | S37: 208.72276 | T37: 119.32757
A39: 6 | B39: Bundled small commercial average rate (TOU-A) if all pending revenue were granted in full (from Cost and Rate Tracker (CRT) as submitted by utility): | R39: cents/kWh
B40: A | C40: YE 2026 | R40: 40.397161
B41: B | C41: YE 2027 | R41: 44.299825
B42: C | C42: YE 2028 | R42: 44.949457
B43: D | C43: YE 2029 | R43: 45.910027
B44: E | C44: YE 2030 | R44: 45.496478
A46: 7 | B46: Bundled small commercial weighted average monthly bill corresponding to TOU-A above (from CRT as submitted by utility): | S46: NAICS 531 | T46: NAICS 621 | U46: NAICS 722
B47: A | C47: YE 2026 | S47: 390.1633 | T47: 430.73428 | U47: 1098.4224
B48: B | C48: YE 2027 | S48: 425.94024 | T48: 469.66812 | U48: 1200.5314
B49: C | C49: YE 2028 | S49: 431.9281 | T49: 476.18434 | U49: 1217.6211
B50: D | C50: YE 2029 | S50: 440.78197 | T50: 485.81946 | U50: 1242.8904
B51: E | C51: YE 2030 | S51: 436.97016 | T51: 481.6713 | U51: 1232.0113
B56: Notes
B57: 1 D.25-12-044 changed the affordability metrics requirement to all initial General Rate Case Phase 1 applications where the revenue increase is estimated to exceed 1% of currently authorized revenyes systemwide for a single fuel.
B58: 2 Incremental revenue requirement from 2027-2030. Actual revenue requirement goes through 2032.
B59: ³ Incremental revenue requirement from 2027-2030. Actual revenue requirement goes through 2031.

Sheet Authorized Rev Req
A1: SDG&E Electric Revenue Requirement List
A2: Annual Period 2026
A3: Reporting Date: Quarter Ended September 30
A4: Submitted September 1, 2026
B5: Revenue Requirement Date: | C5: 43862 | D5: 43922 | E5: 43983 | F5: 44105 | G5: 44228 | H5: 44256 | I5: 44348 | J5: 44501 | K5: 44562 | L5: 44713 | M5: 44927 | N5: 45292 | O5: 45352 | P5: 45566 | Q5: 45689 | R5: 45809 | S5: 45931 | T5: 46023 | U5: 46113 | V5: 46174 | W5: 46235
B6: Advice Letter: | C6: AL 3500-E | D6: AL 3514-E | E6: AL 3535-E | F6: AL 3619-E | G6: AL 3669-E-A | H6: AL 3696-E-A-B | I6: AL 3756-E | J6: AL 3855-E | K6: AL 3928-E | L6: AL 4004-E | M6: AL 4129-E | N6: AL 4344-E | O6: AL 4366-E | P6: AL 4507-E | Q6: AL 4588-E | R6: AL 4653-E | S6: AL 4701-E | T6: 4757-E | U6: 4791-E / E-A | V6: 4843-E | W6: AL 4868-E
A7: Filing Description | B7: =_xlfn.TEXTJOIN(" ",TRUE,"Authority for Revenue Requirement as of",Summary!E31) -> Authority for Revenue Requirement as of 8/1/2026 | C7: Authorized Revenue Requirement ($000) | D7: Authorized Revenue Requirement ($000) | E7: Authorized Revenue Requirement ($000) | F7: Authorized Revenue Requirement ($000) | G7: Authorized Revenue Requirement ($000) | H7: Authorized Revenue Requirement ($000) | I7: Authorized Revenue Requirement ($000) | J7: Authorized Revenue Requirement ($000) | K7: Authorized Revenue Requirement ($000) | L7: Authorized Revenue Requirement ($000) | M7: Authorized Revenue Requirement ($000) | N7: Authorized Revenue Requirement ($000) | O7: Authorized Revenue Requirement ($000) | P7: Authorized Revenue Requirement ($000) | Q7: Authorized Revenue Requirement ($000) | R7: Authorized Revenue Requirement ($000) | S7: Authorized Revenue Requirement ($000) | T7: Authorized Revenue Requirement ($000) | U7: Authorized Revenue Requirement ($000) | V7: Authorized Revenue Requirement ($000) | W7: Authorized Revenue Requirement ($000) | X7: Revenue Recovery Mechanism | Y7: Balancing Account
A8: Safety Affordability Reliability Proceedings
A9: SDG&E General Rate Case (GRC) Attrition Year | B9: D.25-12-043, D.24-12-074, AL 4743-E | C9: 1477315.8 | D9: 1477315.8 | E9: 1477315.8 | F9: 1477315.8 | G9: 1558749.6 | H9: 1558749.6 | I9: 1558749.6 | J9: 1558749.6 | K9: 1628214.3 | L9: 1622781.5 | M9: 1673263 | N9: 1673263 | O9: 1720272.5 | P9: 1720272.5 | Q9: 2016576.1 | R9: 2016576.1 | S9: 2016576.1 | T9: 2110024.1 | U9: 2110024.1 | V9: 2110024.1 | W9: 2110024.1 | X9: Distribution | Y9: N
A10: SDG&E General Rate Case (GRC) Attrition Year | B10: D.25-12-043, D.24-12-074, AL 4743-E | C10: 198523.74 | D10: 198523.74 | E10: 198523.74 | F10: 198523.74 | G10: 200900.22 | H10: 200900.22 | I10: 200900.22 | J10: 200900.22 | K10: 203501.26 | L10: 203055.4 | M10: 202592.51 | N10: 202592.51 | O10: 206976.12 | P10: 206976.12 | Q10: 218153.07 | R10: 218153.07 | S10: 218153.07 | T10: 224821.9 | U10: 224821.9 | V10: 224821.9 | W10: 224821.9 | X10: Generation | Y10: N
A11: General Rate Case Memorandum Account (GRCMA) | B11: D.24-12-074, AL 4758-E | C11: 38304.415 | D11: 38304.415 | E11: 38304.415 | F11: 38304.415 | G11: 38722.434 | H11: 38722.434 | I11: 38722.434 | J11: 38722.434 | K11: 0 | L11: 0 | M11: 0 | N11: 0 | O11: 0 | P11: 0 | Q11: 166603.17 | R11: 166603.17 | S11: 166603.17 | T11: 181748.92 | U11: 181748.92 | V11: 181748.92 | W11: 0 | X11: Distribution | Y11: Y
A12: General Rate Case Memorandum Account (GRCMA) | B12: D.24-12-074, D.25-12-008, AL 4757-E | C12: -19594.055 | D12: -19594.055 | E12: -19594.055 | F12: -19594.055 | G12: -19807.915 | H12: -19807.915 | I12: -19807.915 | J12: -19807.915 | K12: 0 | L12: 0 | M12: 0 | N12: 0 | O12: 0 | P12: 0 | Q12: -14343.038 | R12: -14343.038 | S12: -14343.038 | T12: -16572.169 | U12: -16562.118 | V12: -16562.118 | W12: 0 | X12: Generation | Y12: Y
A13: General Rate Case Memorandum Account (GRCMA) | B13: D.24-12-074, A.25-05-012, AL 4758-E | C13: 0 | D13: 0 | E13: 0 | F13: 0 | G13: 0 | H13: 0 | I13: 0 | J13: 0 | K13: 0 | L13: 0 | M13: 0 | N13: 0 | O13: 0 | P13: 0 | Q13: 19839.869 | R13: 19839.869 | S13: 19839.869 | T13: 22568.701 | U13: 22558.65 | V13: 22558.65 | W13: 0 | X13: PCIA | Y13: Y
A14: Tax Cut Job Act (TCJA) | B14: N/A | C14: -32053.919 | D14: -32053.919 | E14: -32053.919 | F14: -32053.919 | G14: -32053.919 | H14: -32053.919 | I14: -32053.919 | J14: -32053.919 | K14: 0 | L14: 0 | M14: 0 | N14: 0 | O14: 0 | P14: 0 | Q14: 0 | R14: 0 | S14: 0 | T14: 0 | U14: 0 | V14: 0 | W14: 0 | X14: Distribution | Y14: N
A15: Tax Cut Job Act (TCJA) | B15: N/A | C15: -7335.0289 | D15: -7335.0289 | E15: -7335.0289 | F15: -7335.0289 | G15: -7335.0289 | H15: -7335.0289 | I15: -7335.0289 | J15: -7335.0289 | K15: 0 | L15: 0 | M15: 0 | N15: 0 | O15: 0 | P15: 0 | Q15: 0 | R15: 0 | S15: 0 | T15: 0 | U15: 0 | V15: 0 | W15: 0 | X15: Generation | Y15: N
A16: Rate Reform Memo Account - Distribution | B16: N/A | C16: 0 | D16: 0 | E16: 0 | F16: 0 | G16: -7486.5517 | H16: -7486.5517 | I16: -7486.5517 | J16: -7486.5517 | K16: 0 | L16: 0 | M16: 0 | N16: 0 | O16: 0 | P16: 0 | Q16: 0 | R16: 0 | S16: 0 | T16: 0 | U16: 0 | V16: 0 | W16: 0 | X16: Distribution | Y16: Y
A17: Rate Reform Memo Account - Commodity | B17: N/A | C17: 0 | D17: 0 | E17: 0 | F17: 0 | G17: -53.643028 | H17: -53.643028 | I17: -53.643028 | J17: -53.643028 | K17: 0 | L17: 0 | M17: 0 | N17: 0 | O17: 0 | P17: 0 | Q17: 0 | R17: 0 | S17: 0 | T17: 0 | U17: 0 | V17: 0 | W17: 0 | X17: Generation | Y17: Y
A18: Energy Resource Recovery Account (ERRA) Revenue Requirement | B18: D.25-12-008 | C18: 801215.36 | D18: 801215.36 | E18: 801215.36 | F18: 801215.36 | G18: 801215.36 | H18: 663435.16 | I18: 663435.16 | J18: 663435.16 | K18: 786860.07 | L18: 786860.07 | M18: 545074.22 | N18: 487032.04 | O18: 487032.04 | P18: 487032.04 | Q18: 464895.44 | R18: 464895.44 | S18: 464895.44 | T18: 398611.62 | U18: 398611.62 | V18: 398611.62 | W18: 398611.62 | X18: Generation | Y18: N
A19: Energy Resource Recovery Account (ERRA) Trigger | B19: N/A | C19: 0 | D19: -186232.4 | E19: -186232.4 | F19: -186232.4 | G19: 0 | H19: 55341.557 | I19: 55341.557 | J19: 55341.557 | K19: 149125.78 | L19: 149125.78 | M19: -4541.8532 | N19: 0 | O19: 0 | P19: 0 | Q19: 0 | R19: 0 | S19: 0 | T19: 0 | U19: 0 | V19: 0 | W19: 0 | X19: Generation | Y19: N
A20: Energy Resource Recovery Account (ERRA) Balancing Account | B20: D.25-12-008, AL 4757-E, Resolution E-5217 | C20: 0 | D20: 0 | E20: 0 | F20: 0 | G20: 0 | H20: 0 | I20: 0 | J20: 0 | K20: 0 | L20: 0 | M20: 106558.61 | N20: -78073.242 | O20: -78073.242 | P20: -78073.242 | Q20: 121137.34 | R20: 121137.34 | S20: 121137.34 | T20: -2230.5184 | U20: -2230.5184 | V20: -2230.5184 | W20: -2230.5184 | X20: Generation | Y20: Y
... A56: Catastrophic Event Memorandum Account (CEMA) | B56: D.24-07-013 | C56: 0 | D56: 0 | E56: 0 | F56: 0 | G56: 0 | H56: 0 | I56: 0 | J56: 0 | K56: 0 | L56: 0 | M56: 0 | N56: 0 | O56: 0 | P56: 30408.929 | Q56: 31070.493 | R56: 31070.493 | S56: 637.52449 | T56: 619.72225 | U56: 619.72225 | V56: 619.72225 | W56: 619.72225 | X56: Distribution | Y56: N
A57: 2024 GRC Adjustment - Paperless Billing | B57: AL 4483-E/3325-G, AL 4757-E | T57: -202.8865 | U57: -202.8865 | V57: -202.8865 | W57: -202.8865 | X57: Distribution | Y57: N
A58: High Power Interim Rate Waiver Balancing Account (HPWBA) | B58: D.25-09-006, AL 4757-E | T58: 6151.3943 | U58: 6151.3943 | V58: 6151.3943 | W58: 6151.3943 | X58: Distribution | Y58: N
A59: High Power Rate Balancing Account (HPRBA) | B59: AL 4757-E, Resolution E-5217 | T59: 5045.2682 | U59: 5045.2682 | V59: 5045.2682 | W59: 5045.2682 | X59: Distribution | Y59: Y
A60: High DER Consulting Funds Balancing Account (DERBA) | B60: AL 4757-E, Resolution E-5217 | T60: 229.141 | U60: 229.141 | V60: 229.141 | W60: 229.141 | X60: Distribution | Y60: Y
A61: Medium-Duty and Heavy-Duty Electric Vehicle Balancing Account (MDHDBA) | B61: AL 4757-E, Resolution E-5217 | T61: -41662 | U61: -41662 | V61: -41662 | W61: -41662 | X61: Distribution | Y61: Y
A65: Subtotal Safety Affordability Reliability | C65: =SUM(C9:C64) -> 3411681.3 | D65: =SUM(D9:D64) -> 3225448.6 | E65: =SUM(E9:E64) -> 3225448.6 | F65: =SUM(F9:F64) -> 3225448.6 | G65: =SUM(G9:G64) -> 3468551.3 | H65: =SUM(H9:H64) -> 3210312.2 | I65: =SUM(I9:I64) -> 3210312.2 | J65: =SUM(J9:J64) -> 3210312.2 | ... W65: =SUM(W9:W64) -> 3685892.5
A67: Public Policy Proceedings
A68: Energy Efficiency Savings Performance Incentive (ESPI) Award | B68: N/A | C68: 2460.8646 | D68: 2460.8646 | E68: 2460.8646 | F68: 2460.8646 | G68: 0 | H68: 0 | I68: 0 | J68: 0 | K68: 0 | L68: 0 | M68: 0 | N68: 3065.9919 | O68: 3065.9919 | P68: 3065.9919 | Q68: 0 | R68: 0 | S68: 0 | T68: 0 | U68: 0 | V68: 0 | W68: 0 | X68: Distribution | Y68: N
A69: Vehicle Grid Integration (VGI) | B69: N/A | C69: 7842.9967 | D69: 7842.9967 | E69: 7842.9967 | F69: 7842.9967 | G69: 7578.9247 | H69: 7578.9247 | I69: 7578.9247 | J69: 7578.9247 | K69: 7575.7133 | L69: 7575.7133 | M69: 6782.9874 | N69: 0 | O69: 0 | P69: 0 | Q69: 0 | R69: 0 | S69: 0 | T69: 0 | U69: 0 | V69: 0 | W69: 0 | X69: Distribution | Y69: N
A70: AB 1054 | B70: D.25-12-043, AL 4078-E, AL 4078-E-A, AL 4553-E | C70: 0 | D70: 0 | E70: 0 | F70: 0 | G70: -18242.265 | H70: -18242.265 | I70: -18242.265 | J70: -18242.265 | K70: -10363.512 | L70: -10363.512 | M70: -10098.27 | N70: -9628.1292 | O70: -10421.975 | P70: -10421.975 | Q70: -9229.3669 | R70: -9229.3669 | S70: -9229.3669 | T70: -8217.2474 | U70: -8217.2474 | V70: -8217.2474 | W70: -8217.2474 | X70: Distribution | Y70: N
A71: MDHD | B71: D.25-12-043, D.19-08-026, AL 4553-E, AL 3489-E-A | C71: 0 | D71: 0 | E71: 0 | F71: 0 | G71: 13838.709 | H71: 13838.709 | I71: 13838.709 | J71: 13838.709 | K71: 11822.734 | L71: 11822.734 | M71: 14749.202 | N71: 17874.036 | O71: 18549.959 | P71: 18549.959 | Q71: 15737.903 | R71: 15737.903 | S71: 15737.903 | T71: 14532.78 | U71: 14532.78 | V71: 14532.78 | W71: 14532.78 | X71: Distribution | Y71: N
A72: AB 1082/1083 | B72: D.25-12-043, D.19-11-017, AL 3480-E-A, AL 4553-E, AL 4499-E | C72: 0 | D72: 0 | E72: 0 | F72: 0 | G72: 297.65388 | H72: 297.65388 | I72: 297.65388 | J72: 297.65388 | K72: 2717.1227 | L72: 2717.1227 | M72: 3521.426 | N72: 3442.8772 | O72: 3619.6794 | P72: 3619.6794 | Q72: 3464.1058 | R72: 3464.1058 | S72: 3464.1058 | T72: 3178.1204 | U72: 3178.1204 | V72: 3178.1204 | W72: 3178.1204 | X72: Distribution | Y72: N
A73: V2G Pilot | B73: D.25-12-043, D.19-08-026, AL 4553-E, AL 3489-E-A | C73: 0 | D73: 0 | E73: 0 | F73: 0 | G73: 916.84931 | H73: 916.84931 | I73: 916.84931 | J73: 916.84931 | K73: 223.70722 | L73: 223.70722 | M73: 224.82059 | N73: 222.19649 | O73: 228.67459 | P73: 228.67459 | Q73: 222.34522 | R73: 222.34522 | S73: 222.34522 | T73: 196.82219 | U73: 196.82219 | V73: 196.82219 | W73: 196.82219 | X73: Distribution | Y73: N
A74: SB 350 Priority Projects | B74: N/A | C74: 11774.826 | D74: 11774.826 | E74: 11774.826 | F74: 11774.826 | G74: 3849.8475 | H74: 3849.8475 | I74: 3849.8475 | J74: 3849.8475 | K74: 3707.0718 | L74: 3707.0718 | M74: 0 | N74: 0 | O74: 0 | P74: 0 | Q74: 0 | R74: 0 | S74: 0 | T74: 0 | U74: 0 | V74: 0 | W74: 0 | X74: Distribution | Y74: N
A75: FF&U Associated with Public Purpose Programs (PPP) | B75: AL 4717-E, AL 4757-E | C75: 5757.942 | D75: 6761.2327 | E75: 6761.2327 | F75: 6761.2327 | G75: 4091.7015 | H75: 4084.8366 | I75: 4084.8366 | J75: 5617.0972 | K75: 7836.1329 | L75: 7836.1329 | M75: 11416.542 | N75: 3285.896 | O75: 3285.896 | P75: 3642.5185 | Q75: 8080.4813 | R75: 8080.4813 | S75: 7716.0574 | T75: 5954.2815 | U75: 5954.2815 | V75: 5954.2815 | W75: 5954.2815 | X75: Distribution | Y75: N
A76: Liability Insurance Premium Balancing Account (LIPBA) Over Limits Sub-Account | B76: AL 4511-E/3342-G | C76: 0 | D76: 0 | E76: 0 | F76: 0 | G76: 0 | H76: 0 | I76: 0 | J76: 9151.8939 | K76: 9150.7939 | L76: 9150.7939 | M76: 0 | N76: 0 | O76: 0 | P76: 0 | Q76: 1911.1178 | R76: 1911.1178 | S76: 1911.1178 | T76: 0 | U76: 0 | V76: 0 | W76: 0 | X76: Distribution | Y76: N
A77: Power Your Drive Extension Program (PYD 2.0) | B77: D.25-12-043, D.21-04-014, AL 4553-E, AL 3765-E, AL 3765-E-A | C77: 0 | D77: 0 | E77: 0 | F77: 0 | G77: 0 | H77: 0 | I77: 0 | J77: 0 | K77: 0 | L77: 0 | M77: 19553.413 | N77: 6630.1442 | O77: 6947.6823 | P77: 6947.6823 | Q77: 6753.3474 | R77: 6753.3474 | S77: 6753.3474 | T77: 6543.1722 | U77: 6543.1722 | V77: 6543.1722 | W77: 6543.1722 | X77: Distribution | Y77: N
A78: 21st Century Energy Systems Balancing Account (CES-21BA) | B78: N/A | C78: 0 | D78: 0 | E78: 0 | F78: 0 | G78: -333.56655 | H78: -333.56655 | I78: -333.56655 | J78: -333.56655 | K78: 0 | L78: 0 | M78: 0 | N78: 0 | O78: 0 | P78: 0 | Q78: 0 | R78: 0 | S78: 0 | T78: 0 | U78: 0 | V78: 0 | W78: 0 | X78: Distribution | Y78: Y
A79: Liability Insurance Premium Balancing Account (LIPBA) | B79: AL 4757-E, Resolution E-5217 | C79: 0 | D79: 0 | E79: 0 | F79: 0 | G79: 62042.099 | H79: 62042.099 | I79: 62042.099 | J79: 62042.099 | K79: 97834.233 | L79: 97834.233 | M79: 96619.676 | N79: 85598.385 | O79: 85598.385 | P79: 85598.385 | Q79: -7088.5663 | R79: -7088.5663 | S79: -7088.5663 | T79: -47214.503 | U79: -47214.503 | V79: -47214.503 | W79: -47214.503 | X79: Distribution | Y79: Y
... A122: Net Energy Metering Measurement and Evaluation (NEMME) | B122: AL 4717-E | C122: 0 | D122: 0 | E122: 0 | F122: 0 | G122: 286.307 | H122: 286.307 | I122: 286.307 | J122: 286.307 | K122: 0 | L122: 0 | M122: 0 | N122: 0 | O122: 0 | P122: 0 | Q122: 0 | R122: 0 | S122: 0 | T122: 0 | U122: 0 | V122: 0 | W122: 0 | X122: Public Purpose Program | Y122: N
A123: Tree Mortality Non-Bypassable Charge (TMNBC) | B123: A.25-05-012 | X123: Public Purpose Program | Y123: N
A124: California Alternative Rates for Energy Balancing Account (CAREBA) | B124: AL 4717-E, AL 4757-E, Resolution E-5217 | C124: 9000 | D124: 9000 | E124: 9000 | F124: 9000 | G124: 2000 | H124: 2000 | I124: 2000 | J124: 2000 | K124: 34000 | L124: 34000 | M124: 79000 | N124: 39000 | O124: 39000 | P124: 39000 | Q124: -14000 | R124: -14000 | S124: -14000 | T124: -38186 | U124: -38186 | V124: -38186 | W124: -38186 | X124: Public Purpose Program | Y124: Y
A125: Low Income Energy Efficiency Balancing Account (LIEEBA) | B125: AL 4717-E, AL 4757-E, Resolution E-5217 | C125: -2000 | D125: -2000 | E125: -2000 | F125: -2000 | G125: 0 | H125: 0 | I125: 0 | J125: 0 | K125: 0 | L125: 0 | M125: 0 | N125: -8500 | O125: -8500 | P125: -8500 | Q125: -1000 | R125: -1000 | S125: -1000 | T125: -3200 | U125: -3200 | V125: -3200 | W125: -3200 | X125: Public Purpose Program | Y125: Y
A126: Post-1997 Electric Energy Efficiency Balancing Account (PEEEBA) | B126: AL 4717-E, AL 4757-E, Resolution E-5217 | C126: -13000 | D126: -13000 | E126: -13000 | F126: -13000 | G126: -33500 | H126: -33500 | I126: -33500 | J126: -33500 | K126: -45440 | L126: -45440 | M126: 0 | N126: -31000 | O126: -31000 | P126: -31000 | Q126: 0 | R126: 0 | S126: 0 | T126: 0 | U126: 0 | V126: 0 | W126: 0 | X126: Public Purpose Program | Y126: Y
A127: Electric Program Investment Charge Balancing Account (EPICBA) | B127: AL 4717-E, AL 4757-E, Resolution E-5217 | C127: 0 | D127: 0 | E127: 0 | F127: 0 | G127: -928.26217 | H127: -928.26217 | I127: -928.26217 | J127: -928.26217 | K127: -10396.88 | L127: -10396.88 | M127: 0 | N127: 0 | O127: 0 | P127: 0 | Q127: 0 | R127: 0 | S127: 0 | T127: 0 | U127: 0 | V127: 0 | W127: 0 | X127: Public Purpose Program | Y127: Y
A128: Electric Procurement Energy Efficiency Bal. Acct. (EPEEBA) | B128: AL 4717-E, AL 4757-E, Resolution E-5217 | C128: 221 | D128: 221 | E128: 221 | F128: 221 | G128: 1203 | H128: 1203 | I128: 1203 | J128: 1203 | K128: 514.08761 | L128: 514.08761 | M128: 0 | N128: 0 | O128: 0 | P128: 0 | Q128: 0 | R128: 0 | S128: 0 | T128: 0 | U128: 0 | V128: 0 | W128: 0 | X128: Public Purpose Program | Y128: Y
A129: Family Electric Rate Assistance Balancing Account (FERABA) | B129: AL 4717-E, AL 4757-E, Resolution E-5217 | C129: 223 | D129: 223 | E129: 223 | F129: 223 | G129: 671 | H129: 671 | I129: 671 | J129: 671 | K129: 1300 | L129: 1300 | M129: 1000 | N129: 0 | O129: 0 | P129: 0 | Q129: -800 | R129: -800 | S129: -800 | T129: 1383.5755 | U129: 1383.5755 | V129: 1383.5755 | W129: 1383.5755 | X129: Public Purpose Program | Y129: Y
A130: Energy Savings Assistance Programs Memo Account (ESAPMA) | B130: AL 4717-E, AL 4757-E, Resolution E-5217 | C130: 0 | D130: 0 | E130: 0 | F130: 0 | G130: 0 | H130: 0 | I130: 0 | J130: 0 | K130: 30.906 | L130: 30.906 | M130: 0 | N130: 0 | O130: 0 | P130: 0 | Q130: 0 | R130: 0 | S130: 0 | T130: 0 | U130: 0 | V130: 0 | W130: 0 | X130: Public Purpose Program | Y130: Y
A131: Self-Generation Program Memorandum Account (SGPMA) | B131: N/A | C131: 0 | D131: 0 | E131: 0 | F131: 0 | G131: 0 | H131: 0 | I131: 0 | J131: 0 | K131: 0 | L131: 0 | M131: 0 | N131: 0 | O131: 0 | P131: 0 | Q131: 0 | R131: 0 | S131: 0 | T131: 0 | U131: 0 | V131: 0 | W131: 0 | X131: Public Purpose Program | Y131: Y
A132: California Solar Initiative Balancing Account (CSIBA) | B132: AL 4717-E, AL 4757-E, Resolution E-5217 | C132: 0 | D132: 0 | E132: 0 | F132: 0 | G132: 0 | H132: 0 | I132: 0 | J132: 0 | K132: 0 | L132: 0 | M132: 0 | N132: -9942.5858 | O132: -9942.5858 | P132: -9942.5858 | Q132: 0 | R132: 0 | S132: 0 | T132: 0 | U132: 0 | V132: 0 | W132: 0 | X132: Public Purpose Program | Y132: Y
A133: Food Bank Balance Account (FBBA) | B133: AL 4717-E, AL 4757-E, Resolution E-5217 | C133: 14 | D133: 14 | E133: 14 | F133: 14 | G133: 22 | H133: 22 | I133: 22 | J133: 22 | K133: 12 | L133: 12 | M133: 11 | N133: 31 | O133: 31 | P133: 31 | Q133: 10 | R133: 10 | S133: 10 | T133: 0 | U133: 0 | V133: 0 | W133: 0 | X133: Public Purpose Program | Y133: Y
A134: Port Energy Management Plan Balancing Account (PEMPBA) | B134: AL 4717-E, AL 4757-E, Resolution E-5217 | C134: 0 | D134: 0 | E134: 0 | F134: 0 | G134: 0 | H134: 0 | I134: 0 | J134: 0 | K134: 0 | L134: 0 | M134: 0 | N134: -411.07335 | O134: -411.07335 | P134: -411.07335 | Q134: 1.0186341e-13 | R134: 1.0186341e-13 | S134: 1.0186341e-13 | T134: 0 | U134: 0 | V134: 0 | W134: 0 | X134: Public Purpose Program | Y134: Y
A135: San Diego Unified Port District Balancing Account (SDUPDBA) | B135: AL 4717-E, AL 4757-E, Resolution E-5217 | C135: 0 | D135: 0 | E135: 0 | F135: 0 | G135: 1430 | H135: 1430 | I135: 1430 | J135: 1430 | K135: 320 | L135: 320 | M135: -985.407 | N135: 0 | O135: 0 | P135: 0 | Q135: 0 | R135: 0 | S135: 0 | T135: 0 | U135: 0 | V135: 0 | W135: 0 | X135: Public Purpose Program | Y135: Y
... A153: Diablo Canyon | B153: D.25-12-007 | C153: 0 | D153: 0 | E153: 0 | F153: 0 | G153: 0 | H153: 0 | I153: 0 | J153: 0 | K153: 0 | L153: 0 | M153: 0 | N153: 0 | O153: 0 | P153: 0 | Q153: 60523 | R153: 60523 | S153: 60523 | T153: 34080.358 | U153: 34080.358 | V153: 34080.358 | W153: 34080.358 | X153: Public Purpose Program | Y153: N
A154: Concurrent Application System Bal.Acct. (CASBA) | B154: AL 4717-E | T154: 2966.7625 | U154: 2966.7625 | V154: 2966.7625 | W154: 2966.7625 | X154: Public Purpose Program | Y154: N
A155: Statewide Energy Efficiency Bal. Acct. (SWEEBA) - Rev Req | B155: AL 4717-E | C155: 0 | D155: 0 | E155: 0 | F155: 0 | G155: 0 | H155: 0 | I155: 0 | J155: 0 | K155: 0 | L155: 0 | M155: 0 | N155: 0 | O155: 0 | P155: 0 | Q155: 2520 | R155: 2520 | S155: 2520 | T155: 6300 | U155: 6300 | V155: 6300 | W155: 6300 | X155: Public Purpose Program | Y155: N
A156: Statewide Energy Efficiency Bal. Acct. (SWEEBA) | B156: AL 4717-E, AL 4757-E, Resolution E-5217 | T156: -1400 | U156: -1400 | V156: -1400 | W156: -1400 | X156: Public Purpose Program | Y156: Y
A157: Self-Generation Program Memorandum Account (SGPMA) | B157: AL 4717-E, AL 4757-E, Resolution E-5217 | T157: 1131.669 | U157: 1131.669 | V157: 1131.669 | W157: 1131.669 | X157: Public Purpose Program | Y157: Y
A158: Distributed Generation Renewable (DGR) Storage Time Metered Under/(Over) Collection - Distribution | B158: D.21-07-010, AL 2209-E, AL 4319-E, AL 4757-E | C158: 0 | D158: 0 | E158: 0 | F158: 0 | G158: 0 | H158: 0 | I158: 0 | J158: 0 | K158: 0 | L158: 0 | M158: 0 | N158: 0 | O158: 0 | P158: 0 | Q158: 1959.0643 | R158: 1959.0643 | S158: 1959.0643 | T158: 0 | U158: 0 | V158: 0 | W158: 0 | X158: Distribution | Y158: N
A159: Distributed Generation Renewable (DGR) Storage Time Metered Under/(Over) Collection - Commodity | B159: D.21-07-010, AL 2209-E, AL 4319-E, AL 4757-E | C159: 0 | D159: 0 | E159: 0 | F159: 0 | G159: 0 | H159: 0 | I159: 0 | J159: 0 | K159: 0 | L159: 0 | M159: 0 | N159: 0 | O159: 0 | P159: 0 | Q159: 824.16205 | R159: 824.16205 | S159: 824.16205 | T159: 0 | U159: 0 | V159: 0 | W159: 0 | X159: Generation | Y159: N
A162: Subtotal Public Policy | C162: =SUM(C68:C161) -> 314867.03 | D162: =SUM(D68:D161) -> 342629.52 | E162: =SUM(E68:E161) -> 342629.52 | F162: =SUM(F68:F161) -> 342629.52 | G162: =SUM(G68:G161) -> 341755.15 | H162: =SUM(H68:H161) -> 336767.4 | I162: =SUM(I68:I161) -> 336767.4 | J162: =SUM(J68:J161) -> 388319.13 | ... W162: =SUM(W68:W161) -> 157812.98
A164: Non-CPUC Jurisdictional Proceedings
A165: Base Transmission Revenue Requirement (BTRR) | B165: ER25-270-003, ER25-270-004 | C165: 868299.99 | D165: 868299.99 | E165: 868299.99 | F165: 868299.99 | G165: 1035770.7 | H165: 1035770.7 | I165: 1035770.7 | J165: 1035770.7 | K165: 1074297.3 | L165: 1074297.3 | M165: 1193257.1 | N165: 1015801.9 | O165: 1015801.9 | P165: 1015801.9 | Q165: 1015801.9 | R165: 1241611.5 | S165: 1241611.5 | T165: 1313239.2 | U165: 1313239.2 | V165: 1201062.9 | W165: 1201062.9 | X165: Transmission | Y165: N
A166: Transmission Access Charge Balancing Account Adjustment (TACBAA) | B166: ER26-553-000 | C166: -290446.64 | D166: -290446.64 | E166: -290446.64 | F166: -290446.64 | G166: -277683.71 | H166: -277683.71 | I166: -277683.71 | J166: -277683.71 | K166: -278898.97 | L166: -278898.97 | M166: -290681.12 | N166: -281192.88 | O166: -281192.88 | P166: -281192.88 | Q166: -338074.81 | R166: -338074.81 | S166: -338074.81 | T166: -165836.09 | U166: -165836.09 | V166: -165836.09 | W166: -165836.09 | X166: Transmission | Y166: Y
A167: Transmission Revenue Balancing Account Adjustment (TRBAA) | B167: ER26-336-000 | C167: -19395.786 | D167: -19395.786 | E167: -19395.786 | F167: -19395.786 | G167: -21666.547 | H167: -21666.547 | I167: -21666.547 | J167: -21666.547 | K167: -22726.989 | L167: -22726.989 | M167: -42946.288 | N167: -49504.512 | O167: -49504.512 | P167: -49504.512 | Q167: -40831.287 | R167: -40831.287 | S167: -40831.287 | T167: -50636.771 | U167: -50636.771 | V167: -50636.771 | W167: -50636.771 | X167: Transmission | Y167: Y
A168: Reliability Services | B168: ER26-790-000 | C168: 631.66948 | D168: 631.66948 | E168: 631.66948 | F168: 631.66948 | G168: -245.06877 | H168: -245.06877 | I168: -245.06877 | J168: -245.06877 | K168: 151.21123 | L168: 151.21123 | M168: 557.0645 | N168: 141.015 | O168: 141.015 | P168: 141.015 | Q168: 178.76389 | R168: 178.76389 | S168: 178.76389 | T168: 847.97938 | U168: 847.97938 | V168: 847.97938 | W168: 847.97938 | X168: RS | Y168: Y
A171: Subtotal Non-CPUC Jurisidictional | C171: =SUM(C165:C170) -> 559089.23 | D171: =SUM(D165:D170) -> 559089.23 | E171: =SUM(E165:E170) -> 559089.23 | F171: =SUM(F165:F170) -> 559089.23 | G171: =SUM(G165:G170) -> 736175.35 | H171: =SUM(H165:H170) -> 736175.35 | I171: =SUM(I165:I170) -> 736175.35 | J171: =SUM(J165:J170) -> 736175.35 | ... W171: =SUM(W165:W170) -> 985438.04
A173: Total Authorized Revenue | C173: =C65+C162+C171 -> 4285637.5 | D173: =D65+D162+D171 -> 4127167.3 | E173: =E65+E162+E171 -> 4127167.3 | F173: =F65+F162+F171 -> 4127167.3 | G173: =G65+G162+G171 -> 4546481.8 | H173: =H65+H162+H171 -> 4283254.9 | I173: =I65+I162+I171 -> 4283254.9 | J173: =J65+J162+J171 -> 4334806.7 | ... W173: =W65+W162+W171 -> 4829143.6
A177: Notes:
A178: The last column represents the current authorized revenue requirements as of this submission.

Sheet Incremental Rev Req
A1: SDG&E Electric Revenue Requirement List
A2: Annual Period 2026
A3: Reporting Date: Quarter Ended September 30
A4: Submitted September 1, 2026
A5: Current Revenue Requirement ($000): | B5: =D85 -> 4829143.6
A6: Current Revenue Requirement Effective: | B6: =Summary!I2 -> 8/1/2026
A7: Approved Application(s), Implemented Since Jan 1 or To Be Implemented | N7: Authorized
A8: Filing Description | B8: Proceeding | C8: Authority for Revenue Requirement | D8: Authorized Revenue Requirement with FF&U ($000) | E8: Revenue Recovery Mechanism | F8: Authorized Revenue Requirement with FF&U ($000) - Breakout by Year Year-End 2026; January 1 2027-2030 | K8: Existing or New Item (if existing, use delta from prior for rate impact) | O8: 2026 | P8: 2027 | Q8: 2028 | R8: 2029 | S8: 2030
A9: Safety Affordability Reliability Proceedings | D9: =B6 -> 8/1/2026 | F9: 2026 | G9: 2027 | H9: 2028 | I9: 2029 | J9: 2030 | N9: Generation | O9: =SUMIF($E$10:$E$84,$N9,F$10:F$84) -> 585580.4 | P9: =SUMIF($E$10:$E$84,$N9,G$10:G$84) -> 593961.71 | Q9: =SUMIF($E$10:$E$84,$N9,H$10:H$84) -> 593914.31 | R9: =SUMIF($E$10:$E$84,$N9,I$10:I$84) -> 593857.02 | S9: =SUMIF($E$10:$E$84,$N9,J$10:J$84) -> 593857.02
A10: General Rate Case | C10: ='Authorized Rev Req'!B9 -> D.25-12-043, D.24-12-074, AL 4743-E | D10: =F10 -> 2110024.1 | E10: ='Authorized Rev Req'!X9 -> Distribution | F10: ='Authorized Rev Req'!W9 -> 2110024.1 | G10: 2206400.8 | H10: =G10 -> 2206400.8 | I10: =H10 -> 2206400.8 | J10: =I10 -> 2206400.8 | K10: Existing | N10: MCAM | O10: =SUMIF($E$10:$E$84,$N10,F$10:F$84) -> 313.03091 | P10: =SUMIF($E$10:$E$84,$N10,G$10:G$84) -> 313.03091 | Q10: =SUMIF($E$10:$E$84,$N10,H$10:H$84) -> 313.03091 | R10: =SUMIF($E$10:$E$84,$N10,I$10:I$84) -> 313.03091 | S10: =SUMIF($E$10:$E$84,$N10,J$10:J$84) -> 313.03091
A11: General Rate Case | C11: ='Authorized Rev Req'!B10 -> D.25-12-043, D.24-12-074, AL 4743-E | D11: =F11 -> 224821.9 | E11: ='Authorized Rev Req'!X10 -> Generation | F11: ='Authorized Rev Req'!W10 -> 224821.9 | G11: 233098.52 | H11: =G11 -> 233098.52 | I11: =H11 -> 233098.52 | J11: =I11 -> 233098.52 | K11: Existing | N11: LGC | O11: =SUMIF($E$10:$E$84,$N11,F$10:F$84) -> 171405.05 | P11: =SUMIF($E$10:$E$84,$N11,G$10:G$84) -> 171405.05 | Q11: =SUMIF($E$10:$E$84,$N11,H$10:H$84) -> 171405.05 | R11: =SUMIF($E$10:$E$84,$N11,I$10:I$84) -> 171405.05 | S11: =SUMIF($E$10:$E$84,$N11,J$10:J$84) -> 171405.05
A12: WMPMA (Track 2) | C12: D.26-01-021, AL 4853-E | D12: =F12 -> 194105.7 | E12: ='Authorized Rev Req'!X55 -> Distribution | F12: ='Authorized Rev Req'!W55 -> 194105.7 | G12: 172801.18 | H12: 177758.96 | I12: 50347.992 | K12: Existing | N12: Distribution | O12: =SUMIF($E$10:$E$84,$N12,F$10:F$84) -> 2480987.3 | P12: =SUMIF($E$10:$E$84,$N12,G$10:G$84) -> 2521467.5 | Q12: =SUMIF($E$10:$E$84,$N12,H$10:H$84) -> 2524770.2 | R12: =SUMIF($E$10:$E$84,$N12,I$10:I$84) -> 2384696.4 | S12: =SUMIF($E$10:$E$84,$N12,J$10:J$84) -> 2334325.5
A13: ERRA Forecast + GHG Costs | C13: ='Authorized Rev Req'!B18 -> D.25-12-008 | D13: =F13 -> 398611.62 | E13: ='Authorized Rev Req'!X18 -> Generation | F13: ='Authorized Rev Req'!W18 -> 398611.62 | G13: =F13 -> 398611.62 | H13: =G13 -> 398611.62 | I13: =H13 -> 398611.62 | J13: =I13 -> 398611.62 | K13: Existing | N13: GHG Revenue | O13: =SUMIF($E$10:$E$84,$N13,F$10:F$84) -> -149108.55 | P13: =SUMIF($E$10:$E$84,$N13,G$10:G$84) -> -149108.55 | Q13: =SUMIF($E$10:$E$84,$N13,H$10:H$84) -> -149108.55 | R13: =SUMIF($E$10:$E$84,$N13,I$10:I$84) -> -149108.55 | S13: =SUMIF($E$10:$E$84,$N13,J$10:J$84) -> -149108.55
A14: CTC | C14: ='Authorized Rev Req'!B41 -> D.25-12-008 | D14: =F14 -> 556.89773 | E14: ='Authorized Rev Req'!X41 -> CTC | F14: ='Authorized Rev Req'!W41 -> 556.89773 | G14: =F14 -> 556.89773 | H14: =G14 -> 556.89773 | I14: =H14 -> 556.89773 | J14: =I14 -> 556.89773 | K14: Existing | N14: CTC | O14: =SUMIF($E$10:$E$84,$N14,F$10:F$84) -> -1314.4085 | P14: =SUMIF($E$10:$E$84,$N14,G$10:G$84) -> -1314.4085 | Q14: =SUMIF($E$10:$E$84,$N14,H$10:H$84) -> -1314.4085 | R14: =SUMIF($E$10:$E$84,$N14,I$10:I$84) -> -1314.4085 | S14: =SUMIF($E$10:$E$84,$N14,J$10:J$84) -> -1314.4085
A15: LGC | C15: ='Authorized Rev Req'!B43 -> D.25-12-008 | D15: =F15 -> 251070.68 | E15: ='Authorized Rev Req'!X43 -> LGC | F15: ='Authorized Rev Req'!W43 -> 251070.68 | G15: =F15 -> 251070.68 | H15: =G15 -> 251070.68 | I15: =H15 -> 251070.68 | J15: =I15 -> 251070.68 | K15: Existing | N15: ND | O15: =SUMIF($E$10:$E$84,$N15,F$10:F$84) -> -64.00233 | P15: =SUMIF($E$10:$E$84,$N15,G$10:G$84) -> -64.00233 | Q15: =SUMIF($E$10:$E$84,$N15,H$10:H$84) -> -64.00233 | R15: =SUMIF($E$10:$E$84,$N15,I$10:I$84) -> -64.00233 | S15: =SUMIF($E$10:$E$84,$N15,J$10:J$84) -> -64.00233
A16: Nuclear Decommissioning (ND) | C16: ='Authorized Rev Req'!B45 -> N/A | D16: =F16 -> 0 | E16: ='Authorized Rev Req'!X45 -> ND | F16: ='Authorized Rev Req'!W45 -> 0 | G16: =F16 -> 0 | H16: =G16 -> 0 | I16: =H16 -> 0 | J16: =I16 -> 0 | K16: Existing | N16: Public Purpose Program | O16: =SUMIF($E$10:$E$84,$N16,F$10:F$84) -> 336142.19 | P16: =SUMIF($E$10:$E$84,$N16,G$10:G$84) -> 341152.23 | Q16: =SUMIF($E$10:$E$84,$N16,H$10:H$84) -> 313439.59 | R16: =SUMIF($E$10:$E$84,$N16,I$10:I$84) -> 313439.59 | S16: =SUMIF($E$10:$E$84,$N16,J$10:J$84) -> 313439.59
A17: SONGS | C17: ='Authorized Rev Req'!B38 -> D.25-09-030, AL 4737-E, 4758-E | D17: =F17 -> 1420.2422 | E17: ='Authorized Rev Req'!X38 -> Generation | F17: ='Authorized Rev Req'!W38 -> 1420.2422 | G17: =F17 -> 1420.2422 | H17: =G17 -> 1420.2422 | I17: =H17 -> 1420.2422 | J17: =I17 -> 1420.2422 | K17: Existing | N17: DWR BC | O17: =SUMIF($E$10:$E$84,$N17,F$10:F$84) -> 0 | P17: =SUMIF($E$10:$E$84,$N17,G$10:G$84) -> 0 | Q17: =SUMIF($E$10:$E$84,$N17,H$10:H$84) -> 0 | R17: =SUMIF($E$10:$E$84,$N17,I$10:I$84) -> 0 | S17: =SUMIF($E$10:$E$84,$N17,J$10:J$84) -> 0
A18: Wildfire Fund NBC | C18: ='Authorized Rev Req'!B48 -> D.25-12-006 | D18: =F18 -> 88541.558 | E18: ='Authorized Rev Req'!X48 -> Wildfire Fund NBC | F18: ='Authorized Rev Req'!W48 -> 88541.558 | G18: =F18 -> 88541.558 | H18: =G18 -> 88541.558 | I18: =H18 -> 88541.558 | J18: =I18 -> 88541.558 | K18: Existing | N18: PCIA | O18: =SUMIF($E$10:$E$84,$N18,F$10:F$84) -> 331222.97 | P18: =SUMIF($E$10:$E$84,$N18,G$10:G$84) -> 331222.97 | Q18: =SUMIF($E$10:$E$84,$N18,H$10:H$84) -> 331222.97 | R18: =SUMIF($E$10:$E$84,$N18,I$10:I$84) -> 331222.97 | S18: =SUMIF($E$10:$E$84,$N18,J$10:J$84) -> 331222.97
A19: PABA Revenue Requirement- Bundled Customers | C19: ='Authorized Rev Req'!B21 -> D.25-09-030, D.25-12-043, D.25-12-008, AL 4757-E | D19: =F19 -> -107259.8 | E19: ='Authorized Rev Req'!X21 -> Generation | F19: ='Authorized Rev Req'!W21 -> -107259.8 | G19: =F19 -> -107259.8 | H19: =G19 -> -107259.8 | I19: =H19 -> -107259.8 | J19: =I19 -> -107259.8 | K19: Existing | N19: Transmission | O19: =SUMIF($E$10:$E$84,$N19,F$10:F$84) -> 984590.06 | P19: =SUMIF($E$10:$E$84,$N19,G$10:G$84) -> 984590.06 | Q19: =SUMIF($E$10:$E$84,$N19,H$10:H$84) -> 984590.06 | R19: =SUMIF($E$10:$E$84,$N19,I$10:I$84) -> 984590.06 | S19: =SUMIF($E$10:$E$84,$N19,J$10:J$84) -> 984590.06
A20: PABA Revenue Requirement - Departed Load | C20: ='Authorized Rev Req'!B26 -> A.25-05-012, A.25-03-013, D.25-09-030, AL 4758-E | D20: =F20 -> 126235.73 | E20: ='Authorized Rev Req'!X26 -> PCIA | F20: ='Authorized Rev Req'!W26 -> 126235.73 | G20: =F20 -> 126235.73 | H20: =G20 -> 126235.73 | I20: =H20 -> 126235.73 | J20: =I20 -> 126235.73 | K20: Existing | N20: RS | O20: =SUMIF($E$10:$E$84,$N20,F$10:F$84) -> 847.97938 | P20: =SUMIF($E$10:$E$84,$N20,G$10:G$84) -> 847.97938 | Q20: =SUMIF($E$10:$E$84,$N20,H$10:H$84) -> 847.97938 | R20: =SUMIF($E$10:$E$84,$N20,I$10:I$84) -> 847.97938 | S20: =SUMIF($E$10:$E$84,$N20,J$10:J$84) -> 847.97938
A21: MCAM | C21: ='Authorized Rev Req'!B54 -> D.25-12-008 | D21: =F21 -> 313.03091 | E21: ='Authorized Rev Req'!X54 -> MCAM | F21: ='Authorized Rev Req'!W54 -> 313.03091 | G21: =F21 -> 313.03091 | H21: =G21 -> 313.03091 | I21: =H21 -> 313.03091 | J21: =I21 -> 313.03091 | K21: Existing | N21: TRAC | O21: =SUMIF($E$10:$E$84,$N21,F$10:F$84) -> 0 | P21: =SUMIF($E$10:$E$84,$N21,G$10:G$84) -> 0 | Q21: =SUMIF($E$10:$E$84,$N21,H$10:H$84) -> 0 | R21: =SUMIF($E$10:$E$84,$N21,I$10:I$84) -> 0 | S21: =SUMIF($E$10:$E$84,$N21,J$10:J$84) -> 0
A22: ERRA BA/Trigger - Departed Load | C22: ='Authorized Rev Req'!B30 -> A.25-05-015, AL 4758-E, Resolution E-5217 | D22: =F22 -> 0 | E22: ='Authorized Rev Req'!X30 -> PCIA | F22: ='Authorized Rev Req'!W30 -> 0 | G22: =F22 -> 0 | H22: =G22 -> 0 | I22: =H22 -> 0 | J22: =I22 -> 0 | K22: Existing | N22: Wildfire Fund NBC | O22: =SUMIF($E$10:$E$84,$N22,F$10:F$84) -> 88541.558 | P22: =SUMIF($E$10:$E$84,$N22,G$10:G$84) -> 88541.558 | Q22: =SUMIF($E$10:$E$84,$N22,H$10:H$84) -> 88541.558 | R22: =SUMIF($E$10:$E$84,$N22,I$10:I$84) -> 88541.558 | S22: =SUMIF($E$10:$E$84,$N22,J$10:J$84) -> 88541.558
A23: Tree Trimming Balancing Account (TTBA) | C23: ='Authorized Rev Req'!B32 -> D.24-06-003 | D23: =F23 -> 36596.139 | E23: ='Authorized Rev Req'!X32 -> Distribution | F23: ='Authorized Rev Req'!W32 -> 36596.139 | K23: Existing | N23: Total | O23: =SUM(O9:O22) -> 4829143.6 | P23: =SUM(P9:P22) -> 4883015.1 | Q23: =SUM(Q9:Q22) -> 4858557.7 | R23: =SUM(R9:R22) -> 4718426.7 | S23: =SUM(S9:S22) -> 4668055.8
A24: Catastrophic Events Memorandum Account (CEMA) | C24: ='Authorized Rev Req'!B56 -> D.24-07-013 | D24: =F24 -> 619.72225 | E24: ='Authorized Rev Req'!X56 -> Distribution | F24: ='Authorized Rev Req'!W56 -> 619.72225 | G24: 605.14055 | K24: Existing | N24: CPUC Fee | O24: ='SDG&E INPUTS'!$S$14 -> 0.001
A25: 2024 GRC Adjustment - Paperless Billing | C25: ='Authorized Rev Req'!B57 -> AL 4483-E/3325-G, AL 4757-E | D25: =F25 -> -202.8865 | E25: Distribution | F25: ='Authorized Rev Req'!W57 -> -202.8865 | G25: =F25 -> -202.8865 | H25: =G25 -> -202.8865 | K25: Existing
A26: High Power Interim Rate Waiver Balancing Account (HPWBA) | C26: ='Authorized Rev Req'!B58 -> D.25-09-006, AL 4757-E | D26: =F26 -> 6151.3943 | E26: Distribution | F26: ='Authorized Rev Req'!W58 -> 6151.3943 | K26: Existing
A27: TY 2024 GRC Non-Officer Compensation | C27: AL 4628-E/3410-G, AL 4628-E-A / 3410-G-A | D27: 0 | E27: Distribution | G27: 744.70825 | K27: Existing
A28: TY 2024 GRC Non-Officer Compensation | C28: AL 4628-E/3410-G, AL 4628-E-A / 3410-G-A | D28: 0 | E28: Generation | G28: 50.7955 | K28: Existing
A32: Public Policy Proceedings
A33: GHG Revenue | C33: ='Authorized Rev Req'!B105 -> D.25-12-008 | D33: =F33 -> -149108.55 | E33: ='Authorized Rev Req'!X104 -> GHG Revenue | F33: ='Authorized Rev Req'!W104+'Authorized Rev Req'!W105 -> -149108.55 | G33: =F33 -> -149108.55 | H33: =G33 -> -149108.55 | I33: =H33 -> -149108.55 | J33: =I33 -> -149108.55 | K33: Existing
A34: Energy Efficiency | C34: ='Authorized Rev Req'!B108 -> AL 4717-E | D34: =F34 -> 47815.004 | E34: ='Authorized Rev Req'!X108 -> Public Purpose Program | F34: ='Authorized Rev Req'!W108 -> 47815.004 | G34: 46441.955 | H34: =G34 -> 46441.955 | I34: =H34 -> 46441.955 | J34: =I34 -> 46441.955 | K34: Existing
A35: CARE Surcharge and Administration | C35: ='Authorized Rev Req'!B106 -> AL 4717-E, AL 4757-E | D35: =F35 -> 193071.76 | E35: ='Authorized Rev Req'!X106 -> Public Purpose Program | F35: ='Authorized Rev Req'!W106 -> 193071.76 | G35: =F35 -> 193071.76 | H35: =G35 -> 193071.76 | I35: =H35 -> 193071.76 | J35: =I35 -> 193071.76 | K35: Existing
A36: Low Income Energy Efficiency (LIEE)/Energy Savings Assistance Programs (ESAP) | C36: ='Authorized Rev Req'!B107 -> AL 4717-E | D36: =F36 -> 18190.333 | E36: ='Authorized Rev Req'!X107 -> Public Purpose Program | F36: ='Authorized Rev Req'!W107 -> 18190.333 | G36: =F36 -> 18190.333 | H36: =G36 -> 18190.333 | I36: =H36 -> 18190.333 | J36: =I36 -> 18190.333 | K36: Existing
A37: EPIC (Electric Program Investment Charge) | C37: ='Authorized Rev Req'!B109 -> AL 4717-E | D37: =F37 -> 13024 | E37: ='Authorized Rev Req'!X109 -> Public Purpose Program | F37: ='Authorized Rev Req'!W109 -> 13024 | G37: 19536 | H37: 16280 | I37: 16280 | J37: 16280 | K37: Existing
A38: Family Electric Rate Assistance (FERA) | C38: ='Authorized Rev Req'!B110 -> AL 4717-E, AL 4757-E | D38: =F38 -> 5723.9435 | E38: ='Authorized Rev Req'!X110 -> Public Purpose Program | F38: ='Authorized Rev Req'!W110 -> 5723.9435 | G38: =F38 -> 5723.9435 | H38: =G38 -> 5723.9435 | I38: =H38 -> 5723.9435 | J38: =I38 -> 5723.9435 | K38: Existing
A39: Food Bank | C39: ='Authorized Rev Req'!B113 -> AL 4717-E | D39: =F39 -> 32 | E39: ='Authorized Rev Req'!X113 -> Public Purpose Program | F39: ='Authorized Rev Req'!W113 -> 32 | G39: =F39 -> 32 | H39: =G39 -> 32 | I39: =H39 -> 32 | J39: =I39 -> 32 | K39: Existing
A40: Economic Development Rate (EDR) | C40: ='Authorized Rev Req'!B119 -> AL 4717-E | D40: =F40 -> 610 | E40: ='Authorized Rev Req'!X119 -> Public Purpose Program | F40: ='Authorized Rev Req'!W119 -> 610 | G40: =F40 -> 610 | H40: =G40 -> 610 | I40: =H40 -> 610 | J40: =I40 -> 610 | K40: Existing
A41: Tree Mortality Non-Bypassable Charge (TMNBC) | C41: ='Authorized Rev Req'!B123 -> A.25-05-012 | E41: ='Authorized Rev Req'!X123 -> Public Purpose Program | K41: Existing
A42: AB 1054 | C42: ='Authorized Rev Req'!B70 -> D.25-12-043, AL 4078-E, AL 4078-E-A, AL 4553-E | D42: =F42 -> -8217.2474 | E42: ='Authorized Rev Req'!X70 -> Distribution | F42: ='Authorized Rev Req'!W70 -> -8217.2474 | G42: -7810.249 | H42: -7400.216 | I42: -6993.4016 | J42: -6588.8762 | K42: Existing
A43: MDHD | C43: ='Authorized Rev Req'!B71 -> D.25-12-043, D.19-08-026, AL 4553-E, AL 3489-E-A | D43: =F43 -> 14532.78 | E43: ='Authorized Rev Req'!X71 -> Distribution | F43: ='Authorized Rev Req'!W71 -> 14532.78 | G43: 14408.603 | H43: 14070.807 | I43: 13741.957 | J43: 13419.394 | K43: Existing
A44: AB 1082/1083 | C44: ='Authorized Rev Req'!B72 -> D.25-12-043, D.19-11-017, AL 3480-E-A, AL 4553-E, AL 4499-E | D44: =F44 -> 3178.1204 | E44: ='Authorized Rev Req'!X72 -> Distribution | F44: ='Authorized Rev Req'!W72 -> 3178.1204 | G44: 3055.6835 | H44: 2953.2119 | I44: 2852.2372 | J44: 2752.1703 | K44: Existing
A45: V2G Pilot | C45: ='Authorized Rev Req'!B73 -> D.25-12-043, D.19-08-026, AL 4553-E, AL 3489-E-A | D45: =F45 -> 196.82219 | E45: ='Authorized Rev Req'!X73 -> Distribution | F45: ='Authorized Rev Req'!W73 -> 196.82219 | G45: 124.19671 | H45: 119.28228 | I45: 114.40272 | J45: 109.51741 | K45: Existing
A46: PYD 2.0 | C46: ='Authorized Rev Req'!B77 -> D.25-12-043, D.21-04-014, AL 4553-E, AL 3765-E, AL 3765-E-A | D46: =F46 -> 6543.1722 | E46: ='Authorized Rev Req'!X77 -> Distribution | F46: ='Authorized Rev Req'!W77 -> 6543.1722 | G46: 6543.1722 | H46: 6543.1722 | I46: 6543.1722 | J46: 6543.1722 | K46: Existing
A47: FF&U associated with PPP | C47: ='Authorized Rev Req'!B75 -> AL 4717-E, AL 4757-E | D47: =F47 -> 5954.2815 | E47: ='Authorized Rev Req'!X75 -> Distribution | F47: ='Authorized Rev Req'!W75 -> 5954.2815 | G47: =F47 -> 5954.2815 | H47: =G47 -> 5954.2815 | I47: =H47 -> 5954.2815 | J47: =I47 -> 5954.2815 | K47: Existing
A48: Disadvantaged Communities – Green Tariff Balancing Account (DACGTBA) | C48: ='Authorized Rev Req'!B144 -> A.25-05-012 | D48: =F48 -> 0 | E48: ='Authorized Rev Req'!X144 -> Public Purpose Program | F48: ='Authorized Rev Req'!W144 -> 0 | G48: =F48 -> 0 | H48: =G48 -> 0 | I48: =H48 -> 0 | J48: =I48 -> 0 | K48: Existing
A49: Community Solar Green Tariff Balancing Account (CSGTBA) | C49: ='Authorized Rev Req'!B145 -> A.25-05-012 | D49: =F49 -> 0 | E49: ='Authorized Rev Req'!X145 -> Public Purpose Program | F49: ='Authorized Rev Req'!W145 -> 0 | G49: =F49 -> 0 | H49: =G49 -> 0 | I49: =H49 -> 0 | J49: =I49 -> 0 | K49: Existing
A50: Diablo Canyon | C50: ='Authorized Rev Req'!B153 -> D.25-12-007 | D50: =F50 -> 34080.358 | E50: ='Authorized Rev Req'!X153 -> Public Purpose Program | F50: ='Authorized Rev Req'!W153 -> 34080.358 | G50: =F50 -> 34080.358 | H50: =G50 -> 34080.358 | I50: =H50 -> 34080.358 | J50: =I50 -> 34080.358 | K50: Existing
A51: Statewide Energy Efficiency Bal. Acct. (SWEEBA) | C51: ='Authorized Rev Req'!B155 -> AL 4717-E | D51: =F51 -> 6300 | E51: ='Authorized Rev Req'!X155 -> Public Purpose Program | F51: ='Authorized Rev Req'!W155 -> 6300 | G51: =F51 -> 6300 | H51: =G51 -> 6300 | I51: =H51 -> 6300 | J51: =I51 -> 6300 | K51: Existing
A52: Concurrent Application System Bal.Acct. (CASBA) | C52: ='Authorized Rev Req'!B154 -> AL 4717-E | D52: =F52 -> 2966.7625 | E52: ='Authorized Rev Req'!X119 -> Public Purpose Program | F52: ='Authorized Rev Req'!W154 -> 2966.7625 | G52: 675.96977 | K52: Existing
A53: Transportation Electrification Advisory Services (TEAS) | C53: ='Authorized Rev Req'!B53 -> D.21-07-028, AL 4233-E, AL 4233-E-A, Resolution E-5300 | D53: =F53 -> 5770.187 | E53: ='Authorized Rev Req'!X53 -> Distribution | F53: ='Authorized Rev Req'!W53 -> 5770.187 | G53: 354.127 | K53: Existing
A54: 2023-2027 Demand Response (incremental to what is in current balancing accounts) | C54: D.23-12-005 | D54: =F54 -> 0 | E54: ='Authorized Rev Req'!X80 -> Distribution | G54: 12753.732 | H54: 12837.741 | K54: Existing
A55: 2023-2027 Demand Response (incremental to what is in current balancing accounts) | C55: D.23-12-005 | D55: =F55 -> 0 | E55: ='Authorized Rev Req'!X95 -> Generation | G55: 53.889962 | H55: 57.285133 | K55: Existing
A56: SD REN | C56: ='Authorized Rev Req'!B152 -> AL 4717-E | D56: =F56 -> 21618.786 | E56: ='Authorized Rev Req'!X152 -> Public Purpose Program | F56: ='Authorized Rev Req'!W152 -> 21618.786 | G56: 23780.665 | K56: Existing
A59: Balancing Account Balances frozen at current values
A60: Generation | C60: Various | D60: =F60 -> 64481.732 | E60: Generation | F60: =SUMIFS('Authorized Rev Req'!$W:$W,'Authorized Rev Req'!$X:$X,$E60,'Authorized Rev Req'!$Y:$Y,"Y") -> 64481.732 | G60: =F60 -> 64481.732 | H60: =G60 -> 64481.732 | I60: =H60 -> 64481.732 | J60: =I60 -> 64481.732 | K60: Existing
A61: ERRA Balancing Accounts (PABA) - Departed Load | C61: Various | D61: =F61 -> 204987.25 | E61: PCIA | F61: =SUMIFS('Authorized Rev Req'!$W:$W,'Authorized Rev Req'!$X:$X,$E61,'Authorized Rev Req'!$Y:$Y,"Y") -> 204987.25 | G61: =F61 -> 204987.25 | H61: =G61 -> 204987.25 | I61: =H61 -> 204987.25 | J61: =I61 -> 204987.25 | K61: Existing
A62: Distribution | C62: Various | D62: =F62 -> 105735.03 | E62: Distribution | F62: =SUMIFS('Authorized Rev Req'!$W:$W,'Authorized Rev Req'!$X:$X,$E62,'Authorized Rev Req'!$Y:$Y,"Y") -> 105735.03 | G62: =F62 -> 105735.03 | H62: =G62 -> 105735.03 | I62: =H62 -> 105735.03 | J62: =I62 -> 105735.03 | K62: Existing
A63: LGC | C63: Various | D63: =F63 -> -79665.63 | E63: LGC | F63: =SUMIFS('Authorized Rev Req'!$W:$W,'Authorized Rev Req'!$X:$X,$E63,'Authorized Rev Req'!$Y:$Y,"Y") -> -79665.63 | G63: =F63 -> -79665.63 | H63: =G63 -> -79665.63 | I63: =H63 -> -79665.63 | J63: =I63 -> -79665.63 | K63: Existing
A64: Public Purpose Program | C64: Various | D64: =F64 -> -7290.7556 | E64: Public Purpose Program | F64: =SUMIFS('Authorized Rev Req'!$W:$W,'Authorized Rev Req'!$X:$X,$E64,'Authorized Rev Req'!$Y:$Y,"Y") -> -7290.7556 | G64: =F64 -> -7290.7556 | H64: =G64 -> -7290.7556 | I64: =H64 -> -7290.7556 | J64: =I64 -> -7290.7556 | K64: Existing
A65: ND | C65: Various | D65: =F65 -> -64.00233 | E65: ND | F65: =SUMIFS('Authorized Rev Req'!$W:$W,'Authorized Rev Req'!$X:$X,$E65,'Authorized Rev Req'!$Y:$Y,"Y") -> -64.00233 | G65: =F65 -> -64.00233 | H65: =G65 -> -64.00233 | I65: =H65 -> -64.00233 | J65: =I65 -> -64.00233 | K65: Existing
A66: CTC | C66: Various | D66: =F66 -> -1871.3062 | E66: CTC | F66: =SUMIFS('Authorized Rev Req'!$W:$W,'Authorized Rev Req'!$X:$X,$E66,'Authorized Rev Req'!$Y:$Y,"Y") -> -1871.3062 | G66: =F66 -> -1871.3062 | H66: =G66 -> -1871.3062 | I66: =H66 -> -1871.3062 | J66: =I66 -> -1871.3062 | K66: Existing
A67: TRAC | C67: Various | D67: =F67 -> 0 | E67: TRAC | F67: =SUMIFS('Authorized Rev Req'!$W:$W,'Authorized Rev Req'!$X:$X,$E67,'Authorized Rev Req'!$Y:$Y,"Y") -> 0 | G67: =F67 -> 0 | H67: =G67 -> 0 | I67: =H67 -> 0 | J67: =I67 -> 0 | K67: Existing
A69: Under/Over Collections
A70: Critical Peak Pricing Default (CPP-D) Under/ (Over) Collection - Small Commercial | C70: ='Authorized Rev Req'!B97 -> D.08-02-034, AL 2069-E, AL 4758-E | D70: =F70 -> -891.81048 | E70: ='Authorized Rev Req'!X97 -> Generation | F70: ='Authorized Rev Req'!W97 -> -891.81048 | G70: =F70 -> -891.81048 | H70: =G70 -> -891.81048 | I70: =H70 -> -891.81048 | J70: =I70 -> -891.81048 | K70: Existing
A71: Critical Peak Pricing Default (CPP-D) Under/ (Over) Collection - Medium/Large Commercial | C71: ='Authorized Rev Req'!B98 -> D.08-02-034, AL 2069-E, AL 4758-E | D71: =F71 -> 3082.653 | E71: ='Authorized Rev Req'!X98 -> Generation | F71: ='Authorized Rev Req'!W98 -> 3082.653 | G71: =F71 -> 3082.653 | H71: =G71 -> 3082.653 | I71: =H71 -> 3082.653 | J71: =I71 -> 3082.653 | K71: Existing
A72: Critical Peak Pricing Default (CPP-D) Under/ (Over) Collection - Agriculture | C72: ='Authorized Rev Req'!B99 -> D.14-01-002, AL 4758-E | D72: =F72 -> 154.52138 | E72: ='Authorized Rev Req'!X99 -> Generation | F72: ='Authorized Rev Req'!W99 -> 154.52138 | G72: =F72 -> 154.52138 | H72: =G72 -> 154.52138 | I72: =H72 -> 154.52138 | J72: =I72 -> 154.52138 | K72: Existing
A73: Distributed Generation Renewable (DGR) Time Metered Under/(Over) Collection - Commodity | C73: ='Authorized Rev Req'!B100 -> D.08-02-034, AL 2209-E, AL 4757-E | D73: =F73 -> 0 | E73: ='Authorized Rev Req'!X100 -> Generation | F73: ='Authorized Rev Req'!W100 -> 0 | G73: =F73 -> 0 | H73: =G73 -> 0 | I73: =H73 -> 0 | J73: =I73 -> 0 | K73: Existing
A74: Smart Pricing Program (SPP) Under/Over Collection - Residential | C74: ='Authorized Rev Req'!B101 -> D.12-12-004, AL 2816-E, AL 4758-E | D74: =F74 -> 258.09345 | E74: ='Authorized Rev Req'!X101 -> Generation | F74: ='Authorized Rev Req'!W101 -> 258.09345 | G74: =F74 -> 258.09345 | H74: =G74 -> 258.09345 | I74: =H74 -> 258.09345 | J74: =I74 -> 258.09345 | K74: Existing
A75: Smart Pricing Program (SPP) Under/Over Collection - Small Commercial | C75: ='Authorized Rev Req'!B102 -> D.12-12-004, AL 2816-E, AL 4758-E | D75: =F75 -> 897.11634 | E75: ='Authorized Rev Req'!X102 -> Generation | F75: ='Authorized Rev Req'!W102 -> 897.11634 | G75: =F75 -> 897.11634 | H75: =G75 -> 897.11634 | I75: =H75 -> 897.11634 | J75: =I75 -> 897.11634 | K75: Existing
A76: Smart Pricing Program (SPP) Under/Over Collection - Agriculture | C76: ='Authorized Rev Req'!B103 -> D.12-12-004, AL 2816-E, AL 4758-E | D76: =F76 -> 4.13908 | E76: ='Authorized Rev Req'!X103 -> Generation | F76: ='Authorized Rev Req'!W103 -> 4.13908 | G76: =F76 -> 4.13908 | H76: =G76 -> 4.13908 | I76: =H76 -> 4.13908 | J76: =I76 -> 4.13908 | K76: Existing
A77: Distributed Generation Renewable (DGR) Time Metered Under/(Over) Collection - Distribution | C77: ='Authorized Rev Req'!B96 -> D.08-02-034, AL 2209-E, AL 4757-E | D77: =F77 -> 0 | E77: ='Authorized Rev Req'!X96 -> Distribution | F77: ='Authorized Rev Req'!W96 -> 0 | G77: =F77 -> 0 | H77: =G77 -> 0 | I77: =H77 -> 0 | J77: =I77 -> 0 | K77: Existing
A78: Distributed Generation Renewable (DGR) Storage Time Metered Under/(Over) Collection - Distribution | C78: ='Authorized Rev Req'!B158 -> D.21-07-010, AL 2209-E, AL 4319-E, AL 4757-E | D78: =F78 -> 0 | E78: ='Authorized Rev Req'!X158 -> Distribution | F78: ='Authorized Rev Req'!W158 -> 0 | G78: =F78 -> 0 | H78: =G78 -> 0 | I78: =H78 -> 0 | J78: =I78 -> 0 | K78: Existing
A79: Distributed Generation Renewable (DGR) Storage Time Metered Under/(Over) Collection - Commodity | C79: ='Authorized Rev Req'!B159 -> D.21-07-010, AL 2209-E, AL 4319-E, AL 4757-E | D79: =F79 -> 0 | E79: ='Authorized Rev Req'!X159 -> Generation | F79: ='Authorized Rev Req'!W159 -> 0 | G79: =F79 -> 0 | H79: =G79 -> 0 | I79: =H79 -> 0 | J79: =I79 -> 0 | K79: Existing
A80: Non-CPUC Jurisdictional Proceedings | D80: =F80 -> 0
A81: Base Transmission Revenue Requirement (BTRR) | C81: ='Authorized Rev Req'!B165 -> ER25-270-003, ER25-270-004 | D81: =F81 -> 1201062.9 | E81: ='Authorized Rev Req'!X165 -> Transmission | F81: ='Authorized Rev Req'!W165 -> 1201062.9 | G81: =F81 -> 1201062.9 | H81: =G81 -> 1201062.9 | I81: =H81 -> 1201062.9 | J81: =I81 -> 1201062.9 | K81: Existing
A82: Transmission Access Charge Balancing Account Adjustment (TACBAA) | C82: ='Authorized Rev Req'!B166 -> ER26-553-000 | D82: =F82 -> -165836.09 | E82: ='Authorized Rev Req'!X166 -> Transmission | F82: ='Authorized Rev Req'!W166 -> -165836.09 | G82: =F82 -> -165836.09 | H82: =G82 -> -165836.09 | I82: =H82 -> -165836.09 | J82: =I82 -> -165836.09 | K82: Existing
A83: Transmission Revenue Balancing Account Adjustment (TRBAA) | C83: ='Authorized Rev Req'!B167 -> ER26-336-000 | D83: =F83 -> -50636.771 | E83: ='Authorized Rev Req'!X167 -> Transmission | F83: ='Authorized Rev Req'!W167 -> -50636.771 | G83: =F83 -> -50636.771 | H83: =G83 -> -50636.771 | I83: =H83 -> -50636.771 | J83: =I83 -> -50636.771 | K83: Existing
A84: Reliability Services (RSBA) | C84: ='Authorized Rev Req'!B168 -> ER26-790-000 | D84: =F84 -> 847.97938 | E84: ='Authorized Rev Req'!X168 -> RS | F84: ='Authorized Rev Req'!W168 -> 847.97938 | G84: =F84 -> 847.97938 | H84: =G84 -> 847.97938 | I84: =H84 -> 847.97938 | J84: =I84 -> 847.97938 | K84: Existing
A85: Total Approved, Implemented Since Jan 1 or To Be Implemented | D85: =SUM(D10:D84) -> 4829143.6 | F85: =SUM(F10:F84) -> 4829143.6 | G85: =SUM(G10:G84) -> 4883015.1 | H85: =SUM(H10:H84) -> 4858557.7 | I85: =SUM(I10:I84) -> 4718426.7 | J85: =SUM(J10:J84) -> 4668055.8
A87: CPUC Fee | E87: CPUC Fee | F87: ='SDG&E INPUTS'!$S$14 -> 0.001
A88: Total With CPUC Fee
A90: Pending Application(s) Not Yet Approved
A91: Filing Description | B91: Proceeding | C91: Basis of Revenue Requirement Forecast: Application, Amended Application , Amended Testimony, Proposed Settlement Agreement, Proposed Decision | D91: Proposed Revenue Requirement with FF&U ($000) | E91: Proposed Revenue Recovery Mechanism | K91: Existing or New Item (if existing, use delta from prior for rate impact)
A92: Safety Affordability Reliability Proceedings | F92: 2026 | G92: 2027 | H92: 2028 | I92: 2029 | J92: 2030 | L92: Include in Impact
A93: GRC P1 Track 3 - WMPMA | B93: A.22-05-015 / 016 Track 3 | C93: Settlement | D93: =SUM(F93:J93) -> 667401.14 | E93: Distribution | G93: 273594.16 | H93: 196903.49 | I93: 196903.49 | K93: Existing | L93: =VLOOKUP(A93,Summary!$B$7:$E$23,3,FALSE) -> Y
A94: Smart Meter 2.0 | B94: A.25-12-012 | C94: Application | D94: =SUM(F94:J94) -> 215965.17 | E94: Distribution | H94: 58048.198 | I94: 69651.493 | J94: 88265.482 | K94: New | L94: =VLOOKUP(A94,Summary!$B$7:$E$23,3,FALSE) -> Y
A95: TY 2024 GRC P1 PFM | B95: A.22-05-015 | C95: PFM* | D95: =SUM(F95:J95) -> 354598.46 | E95: Distribution | F95: 140559.07 | G95: 214039.39 | K95: New | L95: =VLOOKUP(A95,Summary!$B$7:$E$23,3,FALSE) -> Y
A96: TY 2024 GRC P1 PFM | B96: =B95 -> A.22-05-015 | C96: PFM* | D96: =SUM(F96:J96) -> -16066.556 | E96: Generation | F96: -7090.1704 | G96: -8976.386 | K96: New | L96: =VLOOKUP(A96,Summary!$B$7:$E$23,3,FALSE) -> Y
A97: TY 2024 GRC P1 PFM | B97: =B96 -> A.22-05-015 | C97: PFM* | D97: =SUM(F97:J97) -> -47708.108 | E97: PCIA | F97: -21053.636 | G97: -26654.472 | K97: New | L97: =VLOOKUP(A97,Summary!$B$7:$E$23,3,FALSE) -> Y
A98: 2027 Diablo Canyon PP | B98: A.26-03-031 | C98: Application | D98: =G98 -> 11079.128 | E98: Public Purpose Program | G98: 11079.128 | H98: =G98 -> 11079.128 | I98: =H98 -> 11079.128 | J98: =I98 -> 11079.128 | K98: Existing | L98: =VLOOKUP(A98,Summary!$B$7:$E$23,3,FALSE) -> Y
A99: SAP Migration | B99: A.26-05-002 | C99: Application | D99: =SUM(F99:J99) -> 30968.083 | E99: Distribution | H99: 14196.128 | I99: 8352.7102 | J99: 8419.2444 | K99: New | L99: =VLOOKUP(A99,Summary!$B$7:$E$23,3,FALSE) -> Y
A100: TY 2028 GRC P1 | B100: A.26-06-015 | C100: Application | D100: =SUM(F100:J100) -> 1831135.5 | E100: Distribution | H100: 372297.1 | I100: 643853.9 | J100: 814984.55 | K100: New | L100: =VLOOKUP(A100,Summary!$B$7:$E$23,3,FALSE) -> Y
A101: TY 2028 GRC P1 | B101: A.26-06-015 | C101: Application | D101: =SUM(F101:J101) -> -37194.611 | E101: Generation | H101: -12021.51 | I101: -11934.311 | J101: -13238.791 | K101: New | L101: =VLOOKUP(A101,Summary!$B$7:$E$23,3,FALSE) -> Y
A103: Public Policy Proceedings
A104: Demand Flex | B104: A.26-02-001 | C104: Application | D104: =SUM(F104:J104) -> 7964.177 | E104: Public Purpose Program | H104: 2243.1893 | I104: 3384.4434 | J104: 2336.5443 | K104: New | L104: =VLOOKUP(A104,Summary!$B$7:$E$23,3,FALSE) -> Y
A105: EPIC (Electric Program Investment Charge) | B105: A.26-08-016 | C105: Application | D105: =SUM(F105:J105) -> 13050.048 | E105: Public Purpose Program | H105: 7830.0288 | I105: 2610.0096 | J105: 2610.0096 | K105: Existing | L105: =VLOOKUP(A105,Summary!$B$7:$E$23,3,FALSE) -> Y
A106: Energy Efficiency - Revision of 2024-2031 Business Plan | B106: A.25-04-014 | C106: Application | D106: =SUM(F106:J106) -> -125525.08 | E106: Public Purpose Program | F106: -17992.954 | G106: -13326.283 | H106: -31122.041 | I106: -31547.156 | J106: -31536.644 | K106: Existing | L106: =VLOOKUP(A106,Summary!$B$7:$E$23,3,FALSE) -> Y
A107: Energy Efficiency - Application (2028-2035) | B107: A.26-03-012 | C107: Application | D107: =SUM(F107:J107) -> -16155.837 | E107: Public Purpose Program | H107: -6297.7619 | I107: -5725.4013 | J107: -4132.6736 | K107: Existing | L107: =VLOOKUP(A107,Summary!$B$7:$E$23,3,FALSE) -> Y
A108: Energy Efficiency - Application (2028-2035) | B108: A.26-03-012 | C108: Application | D108: =SUM(F108:J108) -> 5671.2614 | E108: Distribution | H108: 1890.4205 | I108: 1890.4205 | J108: 1890.4205 | K108: Existing | L108: =VLOOKUP(A108,Summary!$B$7:$E$23,3,FALSE) -> Y
A109: Palomar Decarbonization Demonstration Project | B109: A.25-12-009 | C109: Application | D109: =SUM(F109:J109) -> 5123.4604 | E109: Generation | G109: 2992.3497 | H109: 750.15149 | I109: 712.6732 | J109: 668.28608 | K109: New | L109: =VLOOKUP(A109,Summary!$B$7:$E$23,3,FALSE) -> Y | N109: Authorized + Pending
...

Sheet SAR and RAR
C2: Revenue Change ($000)
C3: Authorized | D3: w/ Pending
B4: Generation | C4: =INDEX('Incremental Rev Req'!$N$8:$S$23,MATCH(B4,'Incremental Rev Req'!$N$8:$N$23,0),MATCH(Summary!$D$2,'Incremental Rev Req'!$N$8:$S$8,0)) -> 593857.02 | D4: =INDEX('Incremental Rev Req'!$N$110:$S$125,MATCH(B4,'Incremental Rev Req'!$N$110:$N$125,0),MATCH(Summary!$D$2,'Incremental Rev Req'!$N$110:$S$110,0)) -> 521030.4 | H4: Allocation
B5: MCAM | C5: =INDEX('Incremental Rev Req'!$N$8:$S$23,MATCH(B5,'Incremental Rev Req'!$N$8:$N$23,0),MATCH(Summary!$D$2,'Incremental Rev Req'!$N$8:$S$8,0)) -> 313.03091 | D5: =INDEX('Incremental Rev Req'!$N$110:$S$125,MATCH(B5,'Incremental Rev Req'!$N$110:$N$125,0),MATCH(Summary!$D$2,'Incremental Rev Req'!$N$110:$S$110,0)) -> 369.95202 | H5: Generation | I5: MCAM | J5: LGC | K5: Distribution | L5: GHG Revenue | M5: CTC | N5: ND | O5: Public Purpose Program | P5: DWR BC | Q5: TRAC | R5: Transmission | S5: Wildfire Fund NBC | T5: RS | U5: PCIA | V5: CPUC Fee
B6: LGC | C6: =INDEX('Incremental Rev Req'!$N$8:$S$23,MATCH(B6,'Incremental Rev Req'!$N$8:$N$23,0),MATCH(Summary!$D$2,'Incremental Rev Req'!$N$8:$S$8,0)) -> 171405.05 | D6: =INDEX('Incremental Rev Req'!$N$110:$S$125,MATCH(B6,'Incremental Rev Req'!$N$110:$N$125,0),MATCH(Summary!$D$2,'Incremental Rev Req'!$N$110:$S$110,0)) -> 255410.28 | G6: Residential | H6: =IF(Summary!$D$2=2026,'SDG&E INPUTS'!D14,'SDG&E INPUTS'!D19) -> 0.44202475 | I6: =IF(Summary!$D$2=2026,'SDG&E INPUTS'!E14,'SDG&E INPUTS'!E19) -> 0.19327545 | J6: =IF(Summary!$D$2=2026,'SDG&E INPUTS'!F14,'SDG&E INPUTS'!F19) -> 0.40641042 | K6: =IF(Summary!$D$2=2026,'SDG&E INPUTS'!G14,'SDG&E INPUTS'!G19) -> 0.44395928 | L6: =IF(Summary!$D$2=2026,'SDG&E INPUTS'!H14,'SDG&E INPUTS'!H19) -> 0.9335421 | M6: =IF(Summary!$D$2=2026,'SDG&E INPUTS'!I14,'SDG&E INPUTS'!I19) -> 0.4150581 | N6: =IF(Summary!$D$2=2026,'SDG&E INPUTS'!J14,'SDG&E INPUTS'!J19) -> 0.38515733 | O6: =IF(Summary!$D$2=2026,'SDG&E INPUTS'!K14,'SDG&E INPUTS'!K19) -> 0.36744261 | ... U6: =IF(Summary!$D$2=2026,'SDG&E INPUTS'!Q14,'SDG&E INPUTS'!Q19) -> 0.44458004 | V6: ='SDG&E INPUTS'!$S$14 -> 0.001
B7: Distribution | C7: =INDEX('Incremental Rev Req'!$N$8:$S$23,MATCH(B7,'Incremental Rev Req'!$N$8:$N$23,0),MATCH(Summary!$D$2,'Incremental Rev Req'!$N$8:$S$8,0)) -> 2334325.5 | D7: =INDEX('Incremental Rev Req'!$N$110:$S$125,MATCH(B7,'Incremental Rev Req'!$N$110:$N$125,0),MATCH(Summary!$D$2,'Incremental Rev Req'!$N$110:$S$110,0)) -> 3247885.2
B8: GHG Revenue | C8: =INDEX('Incremental Rev Req'!$N$8:$S$23,MATCH(B8,'Incremental Rev Req'!$N$8:$N$23,0),MATCH(Summary!$D$2,'Incremental Rev Req'!$N$8:$S$8,0)) -> -149108.55 | D8: =INDEX('Incremental Rev Req'!$N$110:$S$125,MATCH(B8,'Incremental Rev Req'!$N$110:$N$125,0),MATCH(Summary!$D$2,'Incremental Rev Req'!$N$110:$S$110,0)) -> -137797.43 | H8: Revenue Change ($000) - System
B9: CTC | C9: =INDEX('Incremental Rev Req'!$N$8:$S$23,MATCH(B9,'Incremental Rev Req'!$N$8:$N$23,0),MATCH(Summary!$D$2,'Incremental Rev Req'!$N$8:$S$8,0)) -> -1314.4085 | D9: =INDEX('Incremental Rev Req'!$N$110:$S$125,MATCH(B9,'Incremental Rev Req'!$N$110:$N$125,0),MATCH(Summary!$D$2,'Incremental Rev Req'!$N$110:$S$110,0)) -> -1732.1215 | G9: Authorized | H9: Generation | I9: MCAM | J9: LGC | K9: Distribution | L9: GHG Revenue | M9: CTC | N9: ND | O9: Public Purpose Program | P9: DWR BC | Q9: TRAC | R9: Transmission | S9: Wildfire Fund NBC | T9: RS | U9: PCIA | X9: Total Adj
B10: ND | C10: =INDEX('Incremental Rev Req'!$N$8:$S$23,MATCH(B10,'Incremental Rev Req'!$N$8:$N$23,0),MATCH(Summary!$D$2,'Incremental Rev Req'!$N$8:$S$8,0)) -> -64.00233 | D10: =INDEX('Incremental Rev Req'!$N$110:$S$125,MATCH(B10,'Incremental Rev Req'!$N$110:$N$125,0),MATCH(Summary!$D$2,'Incremental Rev Req'!$N$110:$S$110,0)) -> -64.00233 | G10: Residential | H10: =H6*H11 -> 262499.5 | I10: =I6*I11 -> 60.501191 | J10: =J6*J11 -> 69660.797 | K10: =K6*K11 -> 1036345.4 | L10: =L6*L11 -> -139199.11 | M10: =M6*M11 -> -545.5559 | N10: =N6*N11 -> -24.650967 | O10: =O6*O11 -> 115171.06 | ... U10: =U6*U11 -> 147255.12 | V10: =SUM(H10:U10) -> 1979291.7 | X10: =V10-AD18 -> 1730888.5
B11: Public Purpose Program | C11: =INDEX('Incremental Rev Req'!$N$8:$S$23,MATCH(B11,'Incremental Rev Req'!$N$8:$N$23,0),MATCH(Summary!$D$2,'Incremental Rev Req'!$N$8:$S$8,0)) -> 313439.59 | D11: =INDEX('Incremental Rev Req'!$N$110:$S$125,MATCH(B11,'Incremental Rev Req'!$N$110:$N$125,0),MATCH(Summary!$D$2,'Incremental Rev Req'!$N$110:$S$110,0)) -> 311165.08 | G11: Total System | H11: =C4 -> 593857.02 | I11: =C5 -> 313.03091 | J11: =C6 -> 171405.05 | K11: =C7 -> 2334325.5 | L11: =C8 -> -149108.55 | M11: =C9 -> -1314.4085 | N11: =C10 -> -64.00233 | O11: =C11 -> 313439.59 | P11: =C12 -> 0 | Q11: =C16 -> 0 | R11: =C14 -> 984590.06 | S11: =C17 -> 88541.558 | T11: =C15 -> 847.97938 | U11: =C13 -> 331222.97 | V11: =SUM(H11:U11) -> 4668055.8 | X11: =V11-AD18 -> 4419652.5
B12: DWR BC | C12: =INDEX('Incremental Rev Req'!$N$8:$S$23,MATCH(B12,'Incremental Rev Req'!$N$8:$N$23,0),MATCH(Summary!$D$2,'Incremental Rev Req'!$N$8:$S$8,0)) -> 0 | D12: =INDEX('Incremental Rev Req'!$N$110:$S$125,MATCH(B12,'Incremental Rev Req'!$N$110:$N$125,0),MATCH(Summary!$D$2,'Incremental Rev Req'!$N$110:$S$110,0)) -> 0 | G12: w/Pending
B13: PCIA | C13: =INDEX('Incremental Rev Req'!$N$8:$S$23,MATCH(B13,'Incremental Rev Req'!$N$8:$N$23,0),MATCH(Summary!$D$2,'Incremental Rev Req'!$N$8:$S$8,0)) -> 331222.97 | D13: =INDEX('Incremental Rev Req'!$N$110:$S$125,MATCH(B13,'Incremental Rev Req'!$N$110:$N$125,0),MATCH(Summary!$D$2,'Incremental Rev Req'!$N$110:$S$110,0)) -> 309151.97 | G13: Residential | H13: =H6*H14 -> 230308.33 | I13: =I6*I14 -> 71.502644 | J13: =J6*J14 -> 103801.4 | K13: =K6*K14 -> 1441928.8 | L13: =L6*L14 -> -128639.7 | M13: =M6*M14 -> -718.93108 | N13: =N6*N14 -> -24.650967 | O13: =O6*O14 -> 114335.31 | ... U13: =U6*U14 -> 137442.79 | V13: =SUM(H13:U13) -> 2457751.5 | X13: =V13-AE18 -> 2209348.3
B14: Transmission | C14: =INDEX('Incremental Rev Req'!$N$8:$S$23,MATCH(B14,'Incremental Rev Req'!$N$8:$N$23,0),MATCH(Summary!$D$2,'Incremental Rev Req'!$N$8:$S$8,0)) -> 984590.06 | D14: =INDEX('Incremental Rev Req'!$N$110:$S$125,MATCH(B14,'Incremental Rev Req'!$N$110:$N$125,0),MATCH(Summary!$D$2,'Incremental Rev Req'!$N$110:$S$110,0)) -> 1137793.6 | G14: Total System | H14: =D4 -> 521030.4 | I14: =D5 -> 369.95202 | J14: =D6 -> 255410.28 | K14: =D7 -> 3247885.2 | L14: =D8 -> -137797.43 | M14: =D9 -> -1732.1215 | N14: =D10 -> -64.00233 | O14: =D11 -> 311165.08 | P14: =D12 -> 0 | Q14: =D16 -> 0 | R14: =D14 -> 1137793.6 | S14: =D17 -> 90036.674 | T14: =D15 -> 847.97938 | U14: =D13 -> 309151.97 | V14: =SUM(H14:U14) -> 5734097.6 | X14: =V14-AE18 -> 5485694.3
B15: RS | C15: =INDEX('Incremental Rev Req'!$N$8:$S$23,MATCH(B15,'Incremental Rev Req'!$N$8:$N$23,0),MATCH(Summary!$D$2,'Incremental Rev Req'!$N$8:$S$8,0)) -> 847.97938 | D15: =INDEX('Incremental Rev Req'!$N$110:$S$125,MATCH(B15,'Incremental Rev Req'!$N$110:$N$125,0),MATCH(Summary!$D$2,'Incremental Rev Req'!$N$110:$S$110,0)) -> 847.97938 | AD15: Authorized | AE15: w/Pending
B16: TRAC | C16: =INDEX('Incremental Rev Req'!$N$8:$S$23,MATCH(B16,'Incremental Rev Req'!$N$8:$N$23,0),MATCH(Summary!$D$2,'Incremental Rev Req'!$N$8:$S$8,0)) -> 0 | D16: =INDEX('Incremental Rev Req'!$N$110:$S$125,MATCH(B16,'Incremental Rev Req'!$N$110:$N$125,0),MATCH(Summary!$D$2,'Incremental Rev Req'!$N$110:$S$110,0)) -> 0 | V16: Authorized | X16: w/Pending Total UDC | Z16: Authorized Commodity | AA16: w/Pending Commodity | AC16: % of CARE Sales (Bundled) | AD16: =IF(Summary!$D$2=2026,E31,E32) -> 0.19523473 | AE16: =AD16 -> 0.19523473
B17: Wildfire Fund NBC | C17: =INDEX('Incremental Rev Req'!$N$8:$S$23,MATCH(B17,'Incremental Rev Req'!$N$8:$N$23,0),MATCH(Summary!$D$2,'Incremental Rev Req'!$N$8:$S$8,0)) -> 88541.558 | D17: =INDEX('Incremental Rev Req'!$N$110:$S$125,MATCH(B17,'Incremental Rev Req'!$N$110:$N$125,0),MATCH(Summary!$D$2,'Incremental Rev Req'!$N$110:$S$110,0)) -> 90036.674 | H17: Revenue Split - Bundled Customer | V17: Bundled Revenue Change | X17: Bundled Revenue Change | AC17: CARE Line-Item Discount | AD17: ='SDG&E INPUTS'!K103 -> 0.35 | AE17: =AD17 -> 0.35
B18: Total Revenue Requirement | C18: =SUM(C4:C17) -> 4668055.8 | D18: =SUM(D4:D17) -> 5734097.6 | H18: Generation | I18: MCAM | J18: LGC | K18: Distribution | L18: GHG Revenue | M18: CTC | N18: ND | O18: Public Purpose Program | P18: DWR BC | Q18: TRAC | R18: Transmission | S18: Wildfire Fund NBC | T18: RS | U18: PCIA | V18: Total | W18: Total Adj | X18: Total | Y18: Total Adj | Z18: Generation | AA18: Generation | AC18: Adjustments | AD18: =IF(Summary!$D$2=2026,C31,C32) -> 248403.28 | AE18: =AD18 -> 248403.28
G19: Residential | H19: 1 | I19: 0 | J19: 1 | K19: 1 | L19: 1 | M19: 1 | N19: 1 | O19: 1 | P19: 1 | Q19: 1 | R19: 1 | S19: 1 | T19: 1 | U19: 0 | V19: =SUMPRODUCT(J10:T10,J19:T19) -> 1569476.6 | W19: =V19-((AD18)*IF(Summary!$D$2=2026,D31,D32)) -> 1360114.6 | X19: =SUMPRODUCT(J13:T13,J19:T19) -> 2089928.9 | Y19: =X19-((AE18)*IF(Summary!$D$2=2026,D31,D32)) -> 1880566.9 | Z19: =SUMPRODUCT(H10,H19) -> 262499.5 | AA19: =SUMPRODUCT(H13,H19) -> 230308.33
B20: CPUC Fee | C20: ='SDG&E INPUTS'!S14 -> 0.001 | D20: =C20 -> 0.001 | G20: Total System | H20: 1 | I20: 0 | J20: 1 | K20: 1 | L20: 1 | M20: 1 | N20: 1 | O20: 1 | P20: 1 | Q20: 1 | R20: 1 | S20: 1 | T20: 1 | U20: 0 | V20: =SUMPRODUCT(J11:T11,J20:T20) -> 3742662.7 | W20: =V20-AD18 -> 3494259.5 | X20: =SUMPRODUCT(J14:T14,J20:T20) -> 4903545.3 | Y20: =X20-AE18 -> 4655142 | Z20: =SUMPRODUCT(H11,H20) -> 593857.02 | AA20: =SUMPRODUCT(H14,H20) -> 521030.4 | AC20: CARE Res Allocation Factor | AD20: ='SDG&E INPUTS'!K104 -> 0.32778681 | AE20: =AD20 -> 0.32778681
G22: Bundled | Q22: System (Bundled and Unbundled)
C23: =YEAR(Summary!I2)&" SALES DETERMINANTS" -> 2026 SALES DETERMINANTS | G23: =Summary!D2&" SALES DETERMINANTS BUNDLED" -> 2030 SALES DETERMINANTS BUNDLED | H23: =Summary!I2&" Avg Rates"&"(sales adj.)" -> 8/1/2026 Avg Rates(sales adj.) | I23: Proposed Avg Rates (Authorized) | J23: Proposed Avg Rates (w/Pending) | K23: % Change (Authorized) | L23: % Change (w/Pending) | R23: =C24 -> SYSTEM NET | S23: =H23 -> 8/1/2026 Avg Rates(sales adj.) | T23: Proposed Avg Rates (Authorized) | U23: Proposed Avg Rates (w/Pending) | V23: % Change (Authorized) | W23: % Change (w/Pending) | AC23: ='SDG&E INPUTS'!E115 -> 6/1/2026 | AD23: ='SDG&E INPUTS'!F115 -> 8/1/2026 | AE23: ='SDG&E INPUTS'!G115 -> 6/1/2026 | AF23: ='SDG&E INPUTS'!H115 -> 8/1/2026
C24: SYSTEM NET | D24: SYSTEM DELIVERED | E24: BUNDLED | F24: Residential | G24: =IF(Summary!$D$2=2026,E25,E38) -> 1354544 | H24: =IF(Summary!$I$8="N",AF26,AD26) -> 43.132 | I24: =IF(Summary!$I$8="N",SUM($H30,$J30:$K30,$M30:$T30),SUM($H30,$J30:$T30)) -> 42.590307 | J24: =IF(Summary!$I$8="N",SUM($H36,$J36:$K36,$M36:$T36),SUM($H36,$J36:$T36)) -> 49.343445 | K24: =I24/H24-1 -> -0.012558948 | L24: =J24/H24-1 -> 0.14401012 | Q24: Residential | R24: =IF(Summary!$D$2=2026,C25,C38) -> 5701842.6 | S24: =(('SDG&E INPUTS'!L43*$U$6)/($C25-$E25)*100)+(('SDG&E INPUTS'!L42*$I$6)/($C25-$E25)*100)+H24 -> 46.626331 | T24: =I24+($U10/(IF(Summary!$D$2=2026,$C25,$C38)-IF(Summary!$D$2=2026,$E25,$E38))*100)+($I10/(IF(Summary!$D$2=2026,$C25,$C38)-IF(Summary!$D$2=2026,$E25,$E38))*100) -> 45.978978 | U24: =J24+($U13/(IF(Summary!$D$2=2026,$C25,$C38)-IF(Summary!$D$2=2026,$E25,$E38))*100)+($I13/(IF(Summary!$D$2=2026,$C25,$C38)-IF(Summary!$D$2=2026,$E25,$E38))*100) -> 52.506657 | V24: =T24/S24-1 -> -0.013883854 | W24: =U24/S24-1 -> 0.126116 | AC24: With CCC | AE24: No CCC
B25: Residential | C25: ='SDG&E INPUTS'!E33 -> 5529244.8 | D25: ='SDG&E INPUTS'!F33 -> 7311830.3 | E25: ='SDG&E INPUTS'!G33 -> 1313398.6 | F25: Total System | G25: =IF(Summary!$D$2=2026,E26,E39) -> 3056061.1 | H25: =IF(Summary!$I$8="N",AF27,AD27) -> 39.259 | I25: =IF(Summary!$I$8="N",SUM($H31,$J31:$K31,$M31:$T31),SUM($H31,$J31:$T31)) -> 39.129307 | J25: =IF(Summary!$I$8="N",SUM($H37,$J37:$K37,$M37:$T37),SUM($H37,$J37:$T37)) -> 43.373263 | K25: =I25/H25-1 -> -0.0033035104 | L25: =J25/H25-1 -> 0.10479795 | Q25: Total System | R25: =IF(Summary!$D$2=2026,C26,C39) -> 17519483 | S25: =('SDG&E INPUTS'!L41/($C26-$E26)*100)+H25 -> 41.591672 | T25: =I25+($U11/(IF(Summary!$D$2=2026,$C26,$C39)-IF(Summary!$D$2=2026,$E26,$E39))*100)+($I11/(IF(Summary!$D$2=2026,$C26,$C39)-IF(Summary!$D$2=2026,$E26,$E39))*100) -> 41.421545 | U25: =J25+($U14/(IF(Summary!$D$2=2026,$C26,$C39)-IF(Summary!$D$2=2026,$E26,$E39))*100)+($I14/(IF(Summary!$D$2=2026,$C26,$C39)-IF(Summary!$D$2=2026,$E26,$E39))*100) -> 45.513295 | V25: =T25/S25-1 -> -0.0040904177 | W25: =U25/S25-1 -> 0.094288649 | AB25: BUNDLED
B26: Total System | C26: ='SDG&E INPUTS'!E35 -> 17431429 | D26: ='SDG&E INPUTS'!F35 -> 19476455 | E26: ='SDG&E INPUTS'!G35 -> 3218717.1 | AB26: Residential | AC26: ='SDG&E INPUTS'!E117 -> 42.964 | AD26: ='SDG&E INPUTS'!F117 -> 43.132 | AE26: ='SDG&E INPUTS'!G117 -> 45.481 | AF26: ='SDG&E INPUTS'!H117 -> 45.649
AB27: Total System | AC27: ='SDG&E INPUTS'!E119 -> 38.957 | AD27: ='SDG&E INPUTS'!F119 -> 39.259 | AE27: ='SDG&E INPUTS'!G119 -> 39.812 | AF27: ='SDG&E INPUTS'!H119 -> 40.114
H28: Rate by Component - Authorized
B29: Adjustments (ex. CARE and FERA Discounts) | H29: Generation | I29: MCAM | J29: LGC | K29: Distribution | L29: GHG Revenue | M29: CTC | N29: ND | O29: Public Purpose Program | P29: DWR BC | Q29: TRAC | R29: Transmission | S29: Wildfire Fund NBC | T29: RS | U29: PCIA
C30: System | D30: Res. Allocation | E30: % of CARE Sales (Bundled) | G30: Residential | H30: =H10/IF(Summary!$D$2=2026,$E25,$E38)*100 -> 19.379179 | I30: =I10/IF(Summary!$D$2=2026,$C25-$E25,$C38-$E38)*100 -> 0.0013916962 | J30: =J10/IF(Summary!$D$2=2026,$C25,$C38)*100 -> 1.2217243 | K30: =(K10-($AD$18*IF(Summary!$D$2=2026,D31,D32)))/IF(Summary!$D$2=2026,$C25,$C38)*100 -> 14.503793 | L30: =L10/IF(Summary!$D$2=2026,$C25,$C38)*100 -> -2.4413004 | M30: =M10/IF(Summary!$D$2=2026,$D25,$D38)*100 -> -0.007208862 | N30: =N10/IF(Summary!$D$2=2026,$D25,$D38)*100 -> -0.00032573274 | O30: =O10/IF(Summary!$D$2=2026,$D25,$D38)*100 -> 1.5218464 | P30: =P10/IF(Summary!$D$2=2026,$D25,$D38)*100 -> 0 | Q30: =Q10/IF(Summary!$D$2=2026,$C25,$C38)*100 -> 0 | R30: =R10/IF(Summary!$D$2=2026,$C25,$C38)*100 -> 7.9578465 | S30: =S10/IF(Summary!$D$2=2026,$D25,$D38)*100 -> 0.44991306 | T30: =T10/IF(Summary!$D$2=2026,$C25,$C38)*100 -> 0.0048402077 | U30: =U10/IF(Summary!$D$2=2026,$C25-$E25,$C38-$E38)*100 -> 3.3872787
B31: Present | C31: ='SDG&E INPUTS'!E93 -> 247741.44 | D31: ='SDG&E INPUTS'!F93 -> 0.84203113 | E31: ='SDG&E INPUTS'!F103 -> 0.19523473 | G31: Total System | H31: =H11/IF(Summary!$D$2=2026,$E26,$E39)*100 -> 19.432106 | I31: =I11/IF(Summary!$D$2=2026,$C26-$E26,$C39-$E39)*100 -> 0.0021642935 | J31: =J11/IF(Summary!$D$2=2026,$C26,$C39)*100 -> 0.97836815 | K31: =(K11-$AD$18)/IF(Summary!$D$2=2026,$C26,$C39)*100 -> 11.9063 | L31: =L11/IF(Summary!$D$2=2026,$C26,$C39)*100 -> -0.85110129 | M31: =M11/IF(Summary!$D$2=2026,$D26,$D39)*100 -> -0.0066895358 | N31: =N11/IF(Summary!$D$2=2026,$D26,$D39)*100 -> -0.00032573274 | O31: =O11/IF(Summary!$D$2=2026,$D26,$D39)*100 -> 1.5952159 | P31: =P11/IF(Summary!$D$2=2026,$D26,$D39)*100 -> 0 | Q31: =Q11/IF(Summary!$D$2=2026,$C26,$C39)*100 -> 0 | R31: =R11/IF(Summary!$D$2=2026,$C26,$C39)*100 -> 5.619972 | S31: =S11/IF(Summary!$D$2=2026,$D26,$D39)*100 -> 0.45062241 | T31: =T11/IF(Summary!$D$2=2026,$C26,$C39)*100 -> 0.0048402077 | U31: =U11/IF(Summary!$D$2=2026,$C26-$E26,$C39-$E39)*100 -> 2.2900733
B32: Proposed | C32: ='SDG&E INPUTS'!E94 -> 248403.28 | D32: ='SDG&E INPUTS'!F94 -> 0.84283112 | E32: ='SDG&E INPUTS'!F104 -> 0.19523473
H34: Rate by Component - w/Pending
H35: Generation | I35: MCAM | J35: LGC | K35: Distribution | L35: GHG Revenue | M35: CTC | N35: ND | O35: Public Purpose Program | P35: DWR BC | Q35: TRAC | R35: Transmission | S35: Wildfire Fund NBC | T35: RS | U35: PCIA
C36: ='SDG&E INPUTS'!B17 -> 2027 ERRA FORECAST | G36: Residential | H36: =H13/IF(Summary!$D$2=2026,$E25,$E38)*100 -> 17.002647 | I36: =I13/IF(Summary!$D$2=2026,$C25-$E25,$C38-$E38)*100 -> 0.0016447603 | J36: =J13/IF(Summary!$D$2=2026,$C25,$C38)*100 -> 1.8204887 | K36: =(K13-($AD$18*IF(Summary!$D$2=2026,D31,D32)))/IF(Summary!$D$2=2026,$C25,$C38)*100 -> 21.61699 | L36: =L13/IF(Summary!$D$2=2026,$C25,$C38)*100 -> -2.2561075 | M36: =M13/IF(Summary!$D$2=2026,$D25,$D38)*100 -> -0.0094998055 | N36: =N13/IF(Summary!$D$2=2026,$D25,$D38)*100 -> -0.00032573274 | O36: =O13/IF(Summary!$D$2=2026,$D25,$D38)*100 -> 1.510803 | P36: =P13/IF(Summary!$D$2=2026,$D25,$D38)*100 -> 0 | Q36: =Q13/IF(Summary!$D$2=2026,$C25,$C38)*100 -> 0 | R36: =R13/IF(Summary!$D$2=2026,$C25,$C38)*100 -> 9.1960984 | S36: =S13/IF(Summary!$D$2=2026,$D25,$D38)*100 -> 0.45751031 | T36: =T13/IF(Summary!$D$2=2026,$C25,$C38)*100 -> 0.0048402077 | U36: =U13/IF(Summary!$D$2=2026,$C25-$E25,$C38-$E38)*100 -> 3.1615678
C37: SYSTEM NET | D37: SYSTEM DELIVERED | E37: BUNDLED | G37: Total System | H37: =H14/IF(Summary!$D$2=2026,$E26,$E39)*100 -> 17.049083 | I37: =I14/IF(Summary!$D$2=2026,$C26-$E26,$C39-$E39)*100 -> 0.0025578456 | J37: =J14/IF(Summary!$D$2=2026,$C26,$C39)*100 -> 1.4578642 | K37: =(K14-$AD$18)/IF(Summary!$D$2=2026,$C26,$C39)*100 -> 17.120835 | L37: =L14/IF(Summary!$D$2=2026,$C26,$C39)*100 -> -0.78653819 | M37: =M14/IF(Summary!$D$2=2026,$D26,$D39)*100 -> -0.0088154398 | N37: =N14/IF(Summary!$D$2=2026,$D26,$D39)*100 -> -0.00032573274 | O37: =O14/IF(Summary!$D$2=2026,$D26,$D39)*100 -> 1.5836401 | P37: =P14/IF(Summary!$D$2=2026,$D26,$D39)*100 -> 0 | Q37: =Q14/IF(Summary!$D$2=2026,$C26,$C39)*100 -> 0 | R37: =R14/IF(Summary!$D$2=2026,$C26,$C39)*100 -> 6.4944474 | S37: =S14/IF(Summary!$D$2=2026,$D26,$D39)*100 -> 0.45823164 | T37: =T14/IF(Summary!$D$2=2026,$C26,$C39)*100 -> 0.0048402077 | U37: =U14/IF(Summary!$D$2=2026,$C26-$E26,$C39-$E39)*100 -> 2.1374745
B38: Residential | C38: ='SDG&E INPUTS'!L33 -> 5701842.6 | D38: ='SDG&E INPUTS'!M33 -> 7567850.5 | E38: ='SDG&E INPUTS'!N33 -> 1354544
B39: Total System | C39: ='SDG&E INPUTS'!L35 -> 17519483 | D39: ='SDG&E INPUTS'!M35 -> 19648725 | E39: ='SDG&E INPUTS'!N35 -> 3056061.1

Sheet Res Bill Impact (TOU-DR1)
E3: Schedule TOU-DR1 | P3: Schedule TOU-DR1 [CARE]
E4: =YEAR(F4) -> 2026 | F4: 46174 | G4: =F4 -> 46174 | H4: Proposed | I4: Proposed | J4: Proposed | K4: Proposed | P4: =E4 -> 2026 | Q4: =F4 -> 46174 | R4: =F4 -> 46174 | S4: Proposed | T4: Proposed | U4: Proposed | V4: Proposed
E5: System Sales Forecast | F5: Rates | G5: Revenue | H5: Authorized Rates | I5: Authorized Revenue | J5: w/Pending Rates | K5: w/Pending Revenue | P5: Sales Forecast | Q5: Rates | R5: Revenue | S5: Authorized Rates | T5: Authorized Revenue | U5: w/Pending Rates | V5: w/Pending Revenue
C7: Summer | D7: On-Peak | E7: ='SDG&E INPUTS'!F149 -> 3.790433e+08 | F7: ='SDG&E INPUTS'!G149 -> 0.69135 | G7: =F7*E7 -> 2.6205158e+08 | H7: =F7+(F7*$AD$18) -> 0.68199965 | I7: =E7*H7 -> 2.585074e+08 | J7: =F7+(F7*$AE$18) -> 0.78147058 | K7: =E7*J7 -> 2.9621118e+08 | N7: Summer | O7: On-Peak | P7: ='SDG&E INPUTS'!L149 -> 1.0824977e+08 | Q7: ='SDG&E INPUTS'!M149 -> 0.43992 | R7: =Q7*P7 -> 47621241 | S7: =H7*(1+(Q7/F7-1)) -> 0.43397018 | T7: =P7*S7 -> 46977174 | U7: =J7*(1+(Q7/F7-1)) -> 0.49726555 | V7: =P7*U7 -> 53828883 | X7: Bundled Residential Rev Req | Y7: Total | Z7: UDC | AA7: Generation
D8: Off-Peak | E8: ='SDG&E INPUTS'!F150 -> 4.0404383e+08 | F8: ='SDG&E INPUTS'!G150 -> 0.46421 | G8: =F8*E8 -> 1.8756118e+08 | H8: =F8+(F8*$AD$18) -> 0.45793167 | I8: =E8*H8 -> 1.8502446e+08 | J8: =F8+(F8*$AE$18) -> 0.52472186 | K8: =E8*J8 -> 2.1201063e+08 | O8: Off-Peak | P8: ='SDG&E INPUTS'!L150 -> 1.254468e+08 | Q8: ='SDG&E INPUTS'!M150 -> 0.29228 | R8: =Q8*P8 -> 36665592 | S8: =H8*(1+(Q8/F8-1)) -> 0.28832698 | T8: =P8*S8 -> 36169698 | U8: =J8*(1+(Q8/F8-1)) -> 0.33038001 | V8: =P8*U8 -> 41445117 | X8: Current | Y8: ='Res Bill Impact'!Y8 -> 1660098559 | Z8: ='Res Bill Impact'!Z8 -> 1422569805 | AA8: ='Res Bill Impact'!AA8 -> 237528754
D9: Super Off-Peak | E9: ='SDG&E INPUTS'!F151 -> 4.2720495e+08 | F9: ='SDG&E INPUTS'!G151 -> 0.37433 | G9: =F9*E9 -> 1.5991563e+08 | H9: =F9+(F9*$AD$18) -> 0.36926727 | I9: =E9*H9 -> 1.5775281e+08 | J9: =F9+(F9*$AE$18) -> 0.4231256 | K9: =E9*J9 -> 1.8076135e+08 | O9: Super Off-Peak | P9: ='SDG&E INPUTS'!L151 -> 1.4222454e+08 | Q9: ='SDG&E INPUTS'!M151 -> 0.23386 | R9: =Q9*P9 -> 33260632 | S9: =H9*(1+(Q9/F9-1)) -> 0.2306971 | T9: =P9*S9 -> 32810790 | U9: =J9*(1+(Q9/F9-1)) -> 0.2643447 | V9: =P9*U9 -> 37596305 | X9: Change (Authorized) | Y9: =SUM('SAR and RAR'!W19+'SAR and RAR'!Z19-'SAR and RAR'!L10)*1000-Y8 -> 1.0171465e+08 | Z9: =(('SAR and RAR'!W19-'SAR and RAR'!L10)*1000)-Z8 -> 76743899 | AA9: =('SAR and RAR'!Z19*1000)-AA8 -> 24970747
D10: ≤ 130% Baseline Adjustment | E10: ='SDG&E INPUTS'!F152 -> 6.4945652e+08 | F10: ='SDG&E INPUTS'!G152 -> -0.10702 | G10: =F10*E10 -> -69504837 | H10: =F10+(F10*$AD$18) -> -0.10557258 | I10: =E10*H10 -> -68564800 | J10: =F10+(F10*$AE$18) -> -0.12097054 | K10: =E10*J10 -> -78565104 | O10: ≤ 130% Baseline Adjustment | P10: ='SDG&E INPUTS'!L152 -> 2.3191944e+08 | Q10: ='SDG&E INPUTS'!M152 -> -0.06956 | R10: =Q10*P10 -> -16132316 | S10: =H10*(1+(Q10/F10-1)) -> -0.068619217 | T10: =P10*S10 -> -15914130 | U10: =J10*(1+(Q10/F10-1)) -> -0.078627458 | V10: =P10*U10 -> -18235236 | X10: Proposed (Authorized) | Y10: =Y8+Y9 -> 1.7618132e+09 | Z10: =Z8+Z9 -> 1.4993137e+09 | AA10: =AA8+AA9 -> 2.624995e+08
X11: Change (w/Pending) | Y11: =SUM('SAR and RAR'!Y19+'SAR and RAR'!AA19-'SAR and RAR'!L13)*1000-Y8 -> 5.7941638e+08 | Z11: =(('SAR and RAR'!Y19-'SAR and RAR'!L13)*1000)-Z8 -> 5.866368e+08 | AA11: =('SAR and RAR'!AA19*1000)-AA8 -> -7220422.5
C12: Winter | D12: On-Peak | E12: ='SDG&E INPUTS'!F154 -> 4.382757e+08 | F12: ='SDG&E INPUTS'!G154 -> 0.61471 | G12: =F12*E12 -> 2.6941246e+08 | H12: =F12+(F12*$AD$18) -> 0.60639619 | I12: =E12*H12 -> 2.6576871e+08 | J12: =F12+(F12*$AE$18) -> 0.69484021 | K12: =E12*J12 -> 3.0453158e+08 | N12: Winter | O12: On-Peak | P12: ='SDG&E INPUTS'!L154 -> 1.2219014e+08 | Q12: ='SDG&E INPUTS'!M154 -> 0.3901 | R12: =Q12*P12 -> 47666373 | S12: =H12*(1+(Q12/F12-1)) -> 0.38482399 | T12: =P12*S12 -> 47021697 | U12: =J12*(1+(Q12/F12-1)) -> 0.44095129 | V12: =P12*U12 -> 53879899 | X12: Proposed (w/Pending) | Y12: =Y8+Y11 -> 2.2395149e+09 | Z12: =Z8+Z11 -> 2.0092066e+09 | AA12: =AA8+AA11 -> 2.3030833e+08
D13: Off-Peak | E13: ='SDG&E INPUTS'!F155 -> 4.8064418e+08 | F13: ='SDG&E INPUTS'!G155 -> 0.5306 | G13: =F13*E13 -> 2.550298e+08 | H13: =F13+(F13*$AD$18) -> 0.52342376 | I13: =E13*H13 -> 2.5158058e+08 | J13: =F13+(F13*$AE$18) -> 0.59976609 | K13: =E13*J13 -> 2.8827408e+08 | O13: Off-Peak | P13: ='SDG&E INPUTS'!L155 -> 1.4820775e+08 | Q13: ='SDG&E INPUTS'!M155 -> 0.33543 | R13: =Q13*P13 -> 49713325 | S13: =H13*(1+(Q13/F13-1)) -> 0.33089339 | T13: =P13*S13 -> 49040964 | U13: =J13*(1+(Q13/F13-1)) -> 0.37915481 | V13: =P13*U13 -> 56193680
D14: Super Off-Peak | E14: ='SDG&E INPUTS'!F156 -> 5.2534019e+08 | F14: ='SDG&E INPUTS'!G156 -> 0.43719 | G14: =F14*E14 -> 2.2967348e+08 | H14: =F14+(F14*$AD$18) -> 0.43127711 | I14: =E14*H14 -> 2.265672e+08 | J14: =F14+(F14*$AE$18) -> 0.49417968 | K14: =E14*J14 -> 2.5961245e+08 | O14: Super Off-Peak | P14: ='SDG&E INPUTS'!L156 -> 1.7206964e+08 | Q14: ='SDG&E INPUTS'!M156 -> 0.27472 | R14: =Q14*P14 -> 47270972 | S14: =H14*(1+(Q14/F14-1)) -> 0.27100448 | T14: =P14*S14 -> 46631643 | U14: =J14*(1+(Q14/F14-1)) -> 0.31053099 | V14: =P14*U14 -> 53432955
D15: ≤ 130% Baseline Adjustment | E15: ='SDG&E INPUTS'!F157 -> 8.9359507e+08 | F15: ='SDG&E INPUTS'!G157 -> -0.10702 | G15: =F15*E15 -> -95632545 | H15: =F15+(F15*$AD$18) -> -0.10557258 | I15: =E15*H15 -> -94339137 | J15: =F15+(F15*$AE$18) -> -0.12097054 | K15: =E15*J15 -> -1.0809868e+08 | O15: ≤ 130% Baseline Adjustment | P15: ='SDG&E INPUTS'!L157 -> 3.1145129e+08 | Q15: ='SDG&E INPUTS'!M157 -> -0.06956 | R15: =Q15*P15 -> -21664552 | S15: =H15*(1+(Q15/F15-1)) -> -0.068619217 | T15: =P15*S15 -> -21371544 | U15: =J15*(1+(Q15/F15-1)) -> -0.078627458 | V15: =P15*U15 -> -24488624
AD16: % Change in Authorized | AE16: % Change in Pending
E17: BSC - $/Day | F17: ='SDG&E INPUTS'!G158 -> 0.79343 | P17: BSC - $/Day | Q17: ='SDG&E INPUTS'!M158 -> 0.19713 | X17: Bundled Residential Rate (cents/kWh) | Y17: Total | Z17: UDC | AA17: Generation | AC17: Current Rate | AD17: in Total Rate | AE17: in Total Rate
E18: BSC - $/Month | F18: =F17*30 -> 23.8029 | G18: Assumes a 30-day month | P18: BSC - $/Month | Q18: =Q17*30 -> 5.9139 | R18: Assumes a 30-day month | X18: Current - Calculated | Y18: =+Z18+AA18 -> 45.649 | Z18: ='Res Bill Impact'!Z15 -> 27.564 | AA18: ='Res Bill Impact'!AA15 -> 18.085 | AC18: ='SAR and RAR'!$AF$26/100 -> 0.45649 | AD18: =$Y20/100/$AC$18 -> -0.013524768 | AE18: =$Y22/100/$AC$18 -> 0.13035449
X19: Proposed (Authorized) | Y19: =+Z19+AA19 -> 45.031608 | Z19: =SUM('SAR and RAR'!J30:K30,'SAR and RAR'!M30:T30) -> 25.652429 | AA19: ='SAR and RAR'!H30 -> 19.379179
X20: Change (Authorized) | Y20: =+Y19-Y18 -> -0.61739212 | Z20: =+Z19-Z18 -> -1.9115713 | AA20: =+AA19-AA18 -> 1.2941792
X21: Proposed (w/Pending) | Y21: =+Z21+AA21 -> 51.599552 | Z21: =SUM('SAR and RAR'!J36:K36,'SAR and RAR'!M36:T36) -> 34.596905 | AA21: ='SAR and RAR'!H36 -> 17.002647
X22: Change (w/Pending) | Y22: =+Y21-Y18 -> 5.9505522 | Z22: =+Z21-Z18 -> 7.0329049 | AA22: =+AA21-AA18 -> -1.0823528
B23: SCHEDULE TOU-DR1 RATES ($/kWh) | E23: Proposed | F23: Proposed | H23: Monthly Tier 1 Baseline Allowance -BASIC (kWh) | K23: Monthly Tier 1 Baseline Allowance - ALL-ELECTRIC (kWh) | P23: 2025 Recorded Data - Average Monthly Usage - BASIC kWh
B24: Rates | C24: =Summary!D31 -> 6/1/2026 | D24: =Summary!E31 -> 8/1/2026 | E24: Authorized | F24: w/Pending | H24: Climate Zone | I24: Summer | J24: Winter | K24: Climate Zone | L24: Summer | M24: Winter | P24: Climate Zone | Q24: Summer | R24: Winter | S24: Summer | T24: Winter | U24: Population Weight
A25: Summer | B25: On-Peak | C25: ='SDG&E INPUTS'!H149 -> 0.68459 | D25: =F7 -> 0.69135 | E25: =H7 -> 0.68199965 | F25: =J7 -> 0.78147058 | H25: Coastal | I25: ='SDG&E INPUTS'!O59 -> 351 | J25: ='SDG&E INPUTS'!P59 -> 359 | K25: Coastal | L25: ='SDG&E INPUTS'!S59 -> 235 | M25: ='SDG&E INPUTS'!T59 -> 343 | Q25: Non-CARE | S25: CARE | U25: Non-CARE | V25: CARE
B26: Off-Peak | C26: ='SDG&E INPUTS'!H150 -> 0.46392 | D26: =F8 -> 0.46421 | E26: =H8 -> 0.45793167 | F26: =J8 -> 0.52472186 | H26: Mountain | I26: ='SDG&E INPUTS'!O60 -> 530 | J26: ='SDG&E INPUTS'!P60 -> 503 | K26: Mountain | L26: ='SDG&E INPUTS'!S60 -> 593 | M26: ='SDG&E INPUTS'!T60 -> 863 | P26: Coastal - Mild | Q26: ='SDG&E INPUTS'!E59 -> 334.36542 | R26: ='SDG&E INPUTS'!F59 -> 309.27334 | S26: ='SDG&E INPUTS'!G59 -> 329.33633 | T26: ='SDG&E INPUTS'!H59 -> 300.56282 | U26: ='SDG&E INPUTS'!I59 -> 0.59302976 | V26: ='SDG&E INPUTS'!J59 -> 0.50041576
B27: Super Off-Peak | C27: ='SDG&E INPUTS'!H151 -> 0.3766 | D27: =F9 -> 0.37433 | E27: =H9 -> 0.36926727 | F27: =J9 -> 0.4231256 | H27: Desert | I27: ='SDG&E INPUTS'!O61 -> 620 | J27: ='SDG&E INPUTS'!P61 -> 425 | K27: Desert | L27: ='SDG&E INPUTS'!S61 -> 662 | M27: ='SDG&E INPUTS'!T61 -> 667 | P27: Mountain - Extreme | Q27: ='SDG&E INPUTS'!E60 -> 370.89176 | R27: ='SDG&E INPUTS'!F60 -> 320.9323 | S27: ='SDG&E INPUTS'!G60 -> 595.62742 | T27: ='SDG&E INPUTS'!H60 -> 535.42583 | U27: ='SDG&E INPUTS'!I60 -> 0.0084334042 | V27: ='SDG&E INPUTS'!J60 -> 0.0079450388
B28: ≤ 130% Baseline Adjustment | C28: ='SDG&E INPUTS'!H152 -> -0.10663 | D28: =F10 -> -0.10702 | E28: =H10 -> -0.10557258 | F28: =J10 -> -0.12097054 | H28: Inland | I28: ='SDG&E INPUTS'!O62 -> 406 | J28: ='SDG&E INPUTS'!P62 -> 374 | K28: Inland | L28: ='SDG&E INPUTS'!S62 -> 341 | M28: ='SDG&E INPUTS'!T62 -> 475 | P28: Desert - Hot | Q28: ='SDG&E INPUTS'!E61 -> 400.96966 | R28: ='SDG&E INPUTS'!F61 -> 153.7313 | S28: ='SDG&E INPUTS'!G61 -> 651.39213 | T28: ='SDG&E INPUTS'!H61 -> 320.86506 | U28: ='SDG&E INPUTS'!I61 -> 0.001123373 | V28: ='SDG&E INPUTS'!J61 -> 0.0015362774
P29: Inland - Warm | Q29: ='SDG&E INPUTS'!E62 -> 325.12079 | R29: ='SDG&E INPUTS'!F62 -> 273.16047 | S29: ='SDG&E INPUTS'!G62 -> 427.1678 | T29: ='SDG&E INPUTS'!H62 -> 342.00769 | U29: ='SDG&E INPUTS'!I62 -> 0.39741346 | V29: ='SDG&E INPUTS'!J62 -> 0.49010293
A30: Winter | B30: On-Peak | C30: ='SDG&E INPUTS'!H154 -> 0.61014 | D30: =F12 -> 0.61471 | E30: =H12 -> 0.60639619 | F30: =J12 -> 0.69484021
B31: Off-Peak | C31: ='SDG&E INPUTS'!H155 -> 0.52843 | D31: =F13 -> 0.5306 | E31: =H13 -> 0.52342376 | F31: =J13 -> 0.59976609 | H31: Monthly Essential Baseline Allowance -BASIC (kWh) | K31: Monthly Essential Baseline Allowance -ALL-ELECTRIC (kWh) | P31: 2025 Recorded Data - Average Monthly Usage - ALL-ELECTRIC kWh
B32: Super Off-Peak | C32: ='SDG&E INPUTS'!H156 -> 0.43767 | D32: =F14 -> 0.43719 | E32: =H14 -> 0.43127711 | F32: =J14 -> 0.49417968 | H32: Climate Zone | I32: Summer | J32: Winter | K32: Climate Zone | L32: Summer | M32: Winter | P32: Climate Zone | Q32: Summer | R32: Winter | S32: Summer | T32: Winter | U32: Population Weight
B33: ≤ 130% Baseline Adjustment | C33: ='SDG&E INPUTS'!H157 -> -0.10663 | D33: =F15 -> -0.10702 | E33: =H15 -> -0.10557258 | F33: =J15 -> -0.12097054 | H33: Coastal | I33: ='SDG&E INPUTS'!O66 -> 270 | J33: ='SDG&E INPUTS'!P66 -> 276 | K33: Coastal | L33: ='SDG&E INPUTS'!S66 -> 181 | M33: ='SDG&E INPUTS'!T66 -> 264 | Q33: Non-CARE | S33: CARE | U33: Non-CARE | V33: CARE
H34: Mountain | I34: ='SDG&E INPUTS'!O67 -> 408 | J34: ='SDG&E INPUTS'!P67 -> 387 | K34: Mountain | L34: ='SDG&E INPUTS'!S67 -> 456 | M34: ='SDG&E INPUTS'!T67 -> 664 | P34: Coastal - Mild | Q34: ='SDG&E INPUTS'!E66 -> 283.425 | R34: ='SDG&E INPUTS'!F66 -> 272.60745 | S34: ='SDG&E INPUTS'!G66 -> 293.30439 | T34: ='SDG&E INPUTS'!H66 -> 284.82109 | U34: ='SDG&E INPUTS'!I66 -> 0.58383764 | V34: ='SDG&E INPUTS'!J66 -> 0.44804334
B35: SCHEDULE TOU-DR1-LI [CARE] ($/kWh) | E35: Proposed | F35: Proposed | H35: Desert | I35: ='SDG&E INPUTS'!O68 -> 477 | J35: ='SDG&E INPUTS'!P68 -> 327 | K35: Desert | L35: ='SDG&E INPUTS'!S68 -> 509 | M35: ='SDG&E INPUTS'!T68 -> 513 | P35: Mountain - Extreme | Q35: ='SDG&E INPUTS'!E67 -> 393.67991 | R35: ='SDG&E INPUTS'!F67 -> 457.2168 | S35: ='SDG&E INPUTS'!G67 -> 614.42969 | T35: ='SDG&E INPUTS'!H67 -> 691.41233 | U35: ='SDG&E INPUTS'!I67 -> 0.020596225 | V35: ='SDG&E INPUTS'!J67 -> 0.014334876
B36: Rates | C36: =C24 -> 6/1/2026 | D36: =D24 -> 8/1/2026 | E36: Authorized | F36: w/Pending | H36: Inland | I36: ='SDG&E INPUTS'!O69 -> 312 | J36: ='SDG&E INPUTS'!P69 -> 288 | K36: Inland | L36: ='SDG&E INPUTS'!S69 -> 262 | M36: ='SDG&E INPUTS'!T69 -> 365 | P36: Desert - Hot | Q36: ='SDG&E INPUTS'!E68 -> 347.61029 | R36: ='SDG&E INPUTS'!F68 -> 178.71893 | S36: ='SDG&E INPUTS'!G68 -> 706.90565 | T36: ='SDG&E INPUTS'!H68 -> 394.63204 | U36: ='SDG&E INPUTS'!I68 -> 0.0055960527 | V36: ='SDG&E INPUTS'!J68 -> 0.0037086986
A37: Summer | B37: On-Peak | C37: ='SDG&E INPUTS'!N149 -> 0.43553 | D37: =Q7 -> 0.43992 | E37: =S7 -> 0.43397018 | F37: =U7 -> 0.49726555 | P37: Inland - Warm | Q37: ='SDG&E INPUTS'!E69 -> 331.02295 | R37: ='SDG&E INPUTS'!F69 -> 327.76564 | S37: ='SDG&E INPUTS'!G69 -> 390.24195 | T37: ='SDG&E INPUTS'!H69 -> 346.222 | U37: ='SDG&E INPUTS'!I69 -> 0.38997009 | V37: ='SDG&E INPUTS'!J69 -> 0.53391308
B38: Off-Peak | C38: ='SDG&E INPUTS'!N150 -> 0.29209 | D38: =Q8 -> 0.29228 | E38: =S8 -> 0.28832698 | F38: =U8 -> 0.33038001
B39: Super Off-Peak | C39: ='SDG&E INPUTS'!N151 -> 0.23533 | D39: =Q9 -> 0.23386 | E39: =S9 -> 0.2306971 | F39: =U9 -> 0.2643447 | H39: TOU Average Usage (NON-CARE) | P39: TOU Average Usage (CARE)
B40: ≤ 130% Baseline Adjustment | C40: ='SDG&E INPUTS'!N152 -> -0.06931 | D40: =Q10 -> -0.06956 | E40: =S10 -> -0.068619217 | F40: =U10 -> -0.078627458 | I40: =C24 -> 6/1/2026 | L40: =D24 -> 8/1/2026 | Q40: =C24 -> 6/1/2026 | T40: =D24 -> 8/1/2026
H41: TOU | I41: Summer | J41: Winter | K41: TOU | L41: Summer | M41: Winter | P41: TOU | Q41: Summer | R41: Winter | S41: TOU | T41: Summer | U41: Winter
A42: Winter | B42: On-Peak | C42: ='SDG&E INPUTS'!N154 -> 0.38713 | D42: =Q12 -> 0.3901 | E42: =S12 -> 0.38482399 | F42: =U12 -> 0.44095129 | H42: On-Peak | I42: ='SDG&E INPUTS'!E167 -> 0.31318333 | J42: ='SDG&E INPUTS'!F167 -> 0.30346037 | K42: On-Peak | L42: ='SDG&E INPUTS'!G167 -> 0.31318333 | M42: ='SDG&E INPUTS'!H167 -> 0.30346037 | P42: On-Peak | Q42: ='SDG&E INPUTS'!K167 -> 0.28795874 | R42: ='SDG&E INPUTS'!L167 -> 0.27615617 | S42: On-Peak | T42: ='SDG&E INPUTS'!M167 -> 0.28795874 | U42: ='SDG&E INPUTS'!N167 -> 0.27615617
B43: Off-Peak | C43: ='SDG&E INPUTS'!N155 -> 0.33402 | D43: =Q13 -> 0.33543 | E43: =S13 -> 0.33089339 | F43: =U13 -> 0.37915481 | H43: Off-Peak | I43: ='SDG&E INPUTS'!E168 -> 0.33383994 | J43: ='SDG&E INPUTS'!F168 -> 0.33279614 | K43: Off-Peak | L43: ='SDG&E INPUTS'!G168 -> 0.33383994 | M43: ='SDG&E INPUTS'!H168 -> 0.33279614 | P43: Off-Peak | Q43: ='SDG&E INPUTS'!K168 -> 0.33370512 | R43: ='SDG&E INPUTS'!L168 -> 0.33495734 | S43: Off-Peak | T43: ='SDG&E INPUTS'!M168 -> 0.33370512 | U43: ='SDG&E INPUTS'!N168 -> 0.33495734
B44: Super Off-Peak | C44: ='SDG&E INPUTS'!N156 -> 0.27503 | D44: =Q14 -> 0.27472 | E44: =S14 -> 0.27100448 | F44: =U14 -> 0.31053099 | H44: Super Off-Peak | I44: ='SDG&E INPUTS'!E169 -> 0.35297674 | J44: ='SDG&E INPUTS'!F169 -> 0.36374349 | K44: Super Off-Peak | L44: ='SDG&E INPUTS'!G169 -> 0.35297674 | M44: ='SDG&E INPUTS'!H169 -> 0.36374349 | P44: Super Off-Peak | Q44: ='SDG&E INPUTS'!K169 -> 0.37833613 | R44: ='SDG&E INPUTS'!L169 -> 0.38888648 | S44: Super Off-Peak | T44: ='SDG&E INPUTS'!M169 -> 0.37833613 | U44: ='SDG&E INPUTS'!N169 -> 0.38888648
B45: ≤ 130% Baseline Adjustment | C45: ='SDG&E INPUTS'!N157 -> -0.06931 | D45: =Q15 -> -0.06956 | E45: =S15 -> -0.068619217 | F45: =U15 -> -0.078627458 | I45: =SUM(I42:I44) -> 1 | J45: =SUM(J42:J44) -> 1 | L45: =SUM(L42:L44) -> 1 | M45: =SUM(M42:M44) -> 1 | Q45: =SUM(Q42:Q44) -> 1 | R45: =SUM(R42:R44) -> 1 | T45: =SUM(T42:T44) -> 1 | U45: =SUM(U42:U44) -> 1
C47: Note: Bill inserts include CPUC fee in the calculations | N47: Note: Bill inserts include CPUC fee in the calculations
C48: 2025 Recorded Average Basic Bundled Non-CARE Customer Bill | N48: 2025 Recorded Average All-Electric Bundled Non-CARE Customer
C49: =C36 -> 6/1/2026 | E49: =D36 -> 8/1/2026 | G49: =E24 -> Authorized | I49: =F24 -> w/Pending | N49: =C49 -> 6/1/2026 | P49: =E49 -> 8/1/2026 | R49: =G49 -> Authorized | T49: =I49 -> w/Pending
C50: Summer | D50: Winter | E50: Summer | F50: Winter | G50: Summer | H50: Winter | I50: Summer | J50: Winter | N50: Summer | O50: Winter | P50: Summer | Q50: Winter | R50: Summer | S50: Winter | T50: Summer | U50: Winter
B51: Coastal - Mild | C51: =$F$18+(SUMPRODUCT($C$25:$C$27,$I$42:$I$44)*$Q26)+(MIN($I25,$Q26)*$C$28)+('Incremental Rev Req'!$F$87*$Q26) -> 156.40495 | D51: =$F$18+(SUMPRODUCT($C$30:$C$32,$J$42:$J$44)*$R26)+(MIN($J25,$R26)*$C$33)+('Incremental Rev Req'!$F$87*$R26) -> 152.02218 | E51: =$F$18+(SUMPRODUCT($D$25:$D$27,$L$42:$L$44)*$Q26)+(MIN($I25,$Q26)*$D$28)+('Incremental Rev Req'!$F$87*$Q26) -> 156.74689 | F51: =$F$18+(SUMPRODUCT($D$30:$D$32,$M$42:$M$44)*$R26)+(MIN($J25,$R26)*$D$33)+('Incremental Rev Req'!$F$87*$R26) -> 152.49982 | G51: =$F$18+(SUMPRODUCT($E$25:$E$27,$L$42:$L$44)*$Q26)+(MIN($I25,$Q26)*$E$28)+('Incremental Rev Req'!$F$87*$Q26) -> 154.95338 | H51: =$F$18+(SUMPRODUCT($E$30:$E$32,$M$42:$M$44)*$R26)+(MIN($J25,$R26)*$E$33)+('Incremental Rev Req'!$F$87*$R26) -> 150.7634 | I51: =$F$18+(SUMPRODUCT($F$25:$F$27,$L$42:$L$44)*$Q26)+(MIN($I25,$Q26)*$F$28)+('Incremental Rev Req'!$F$87*$Q26) -> 174.03315 | J51: =$F$18+(SUMPRODUCT($F$30:$F$32,$M$42:$M$44)*$R26)+(MIN($J25,$R26)*$F$33)+('Incremental Rev Req'!$F$87*$R26) -> 169.23572 | M51: Coastal - Mild | N51: =$F$18+(SUMPRODUCT($C$25:$C$27,$I$42:$I$44)*$Q34)+(MIN($L25,$Q34)*$C$28)+('Incremental Rev Req'!$F$87*$Q34) -> 141.36665 | O51: =$F$18+(SUMPRODUCT($C$30:$C$32,$J$42:$J$44)*$R34)+(MIN($M25,$R34)*$C$33)+('Incremental Rev Req'!$F$87*$R34) -> 136.82115 | P51: =$F$18+(SUMPRODUCT($D$25:$D$27,$L$42:$L$44)*$Q34)+(MIN($L25,$Q34)*$D$28)+('Incremental Rev Req'!$F$87*$Q34) -> 141.67538 | Q51: =$F$18+(SUMPRODUCT($D$30:$D$32,$M$42:$M$44)*$R34)+(MIN($M25,$R34)*$D$33)+('Incremental Rev Req'!$F$87*$R34) -> 137.24216 | R51: =$F$18+(SUMPRODUCT($E$25:$E$27,$L$42:$L$44)*$Q34)+(MIN($L25,$Q34)*$E$28)+('Incremental Rev Req'!$F$87*$Q34) -> 140.08502 | S51: =$F$18+(SUMPRODUCT($E$30:$E$32,$M$42:$M$44)*$R34)+(MIN($M25,$R34)*$E$33)+('Incremental Rev Req'!$F$87*$R34) -> 135.7116 | T51: =$F$18+(SUMPRODUCT($F$25:$F$27,$L$42:$L$44)*$Q34)+(MIN($L25,$Q34)*$F$28)+('Incremental Rev Req'!$F$87*$Q34) -> 157.00365 | U51: =$F$18+(SUMPRODUCT($F$30:$F$32,$M$42:$M$44)*$R34)+(MIN($M25,$R34)*$F$33)+('Incremental Rev Req'!$F$87*$R34) -> 151.99394
B52: Mountain - Extreme | C52: =$F$18+(SUMPRODUCT($C$25:$C$27,$I$42:$I$44)*$Q27)+(MIN($I26,$Q27)*$C$28)+('Incremental Rev Req'!$F$87*$Q27) -> 170.8905 | D52: =$F$18+(SUMPRODUCT($C$30:$C$32,$J$42:$J$44)*$R27)+(MIN($J26,$R27)*$C$33)+('Incremental Rev Req'!$F$87*$R27) -> 156.85578 | E52: =$F$18+(SUMPRODUCT($D$25:$D$27,$L$42:$L$44)*$Q27)+(MIN($I26,$Q27)*$D$28)+('Incremental Rev Req'!$F$87*$Q27) -> 171.2698 | F52: =$F$18+(SUMPRODUCT($D$30:$D$32,$M$42:$M$44)*$R27)+(MIN($J26,$R27)*$D$33)+('Incremental Rev Req'!$F$87*$R27) -> 157.35142 | G52: =$F$18+(SUMPRODUCT($E$25:$E$27,$L$42:$L$44)*$Q27)+(MIN($I26,$Q27)*$E$28)+('Incremental Rev Req'!$F$87*$Q27) -> 169.28036 | H52: =$F$18+(SUMPRODUCT($E$30:$E$32,$M$42:$M$44)*$R27)+(MIN($J26,$R27)*$E$33)+('Incremental Rev Req'!$F$87*$R27) -> 155.54955 | I52: =$F$18+(SUMPRODUCT($F$25:$F$27,$L$42:$L$44)*$Q27)+(MIN($I26,$Q27)*$F$28)+('Incremental Rev Req'!$F$87*$Q27) -> 190.44443 | J52: =$F$18+(SUMPRODUCT($F$30:$F$32,$M$42:$M$44)*$R27)+(MIN($J26,$R27)*$F$33)+('Incremental Rev Req'!$F$87*$R27) -> 174.71824 | M52: Mountain - Extreme | N52: =$F$18+(SUMPRODUCT($C$25:$C$27,$I$42:$I$44)*$Q35)+(MIN($L26,$Q35)*$C$28)+('Incremental Rev Req'!$F$87*$Q35) -> 179.92778 | O52: =$F$18+(SUMPRODUCT($C$30:$C$32,$J$42:$J$44)*$R35)+(MIN($M26,$R35)*$C$33)+('Incremental Rev Req'!$F$87*$R35) -> 213.35693 | P52: =$F$18+(SUMPRODUCT($D$25:$D$27,$L$42:$L$44)*$Q35)+(MIN($L26,$Q35)*$D$28)+('Incremental Rev Req'!$F$87*$Q35) -> 180.33039 | Q52: =$F$18+(SUMPRODUCT($D$30:$D$32,$M$42:$M$44)*$R35)+(MIN($M26,$R35)*$D$33)+('Incremental Rev Req'!$F$87*$R35) -> 214.06305 | R52: =$F$18+(SUMPRODUCT($E$25:$E$27,$L$42:$L$44)*$Q35)+(MIN($L26,$Q35)*$E$28)+('Incremental Rev Req'!$F$87*$Q35) -> 178.21872 | S52: =$F$18+(SUMPRODUCT($E$30:$E$32,$M$42:$M$44)*$R35)+(MIN($M26,$R35)*$E$33)+('Incremental Rev Req'!$F$87*$R35) -> 211.49601 | T52: =$F$18+(SUMPRODUCT($F$25:$F$27,$L$42:$L$44)*$Q35)+(MIN($L26,$Q35)*$F$28)+('Incremental Rev Req'!$F$87*$Q35) -> 200.68313 | U52: =$F$18+(SUMPRODUCT($F$30:$F$32,$M$42:$M$44)*$R35)+(MIN($M26,$R35)*$F$33)+('Incremental Rev Req'!$F$87*$R35) -> 238.80471
B53: Desert - Hot | C53: =$F$18+(SUMPRODUCT($C$25:$C$27,$I$42:$I$44)*$Q28)+(MIN($I27,$Q28)*$C$28)+('Incremental Rev Req'!$F$87*$Q28) -> 182.81874 | D53: =$F$18+(SUMPRODUCT($C$30:$C$32,$J$42:$J$44)*$R28)+(MIN($J27,$R28)*$C$33)+('Incremental Rev Req'!$F$87*$R28) -> 87.537192 | E53: =$F$18+(SUMPRODUCT($D$25:$D$27,$L$42:$L$44)*$Q28)+(MIN($I27,$Q28)*$D$28)+('Incremental Rev Req'!$F$87*$Q28) -> 183.2288 | F53: =$F$18+(SUMPRODUCT($D$30:$D$32,$M$42:$M$44)*$R28)+(MIN($J27,$R28)*$D$33)+('Incremental Rev Req'!$F$87*$R28) -> 87.774612 | G53: =$F$18+(SUMPRODUCT($E$25:$E$27,$L$42:$L$44)*$Q28)+(MIN($I27,$Q28)*$E$28)+('Incremental Rev Req'!$F$87*$Q28) -> 181.07803 | H53: =$F$18+(SUMPRODUCT($E$30:$E$32,$M$42:$M$44)*$R28)+(MIN($J27,$R28)*$E$33)+('Incremental Rev Req'!$F$87*$R28) -> 86.911488 | I53: =$F$18+(SUMPRODUCT($F$25:$F$27,$L$42:$L$44)*$Q28)+(MIN($I27,$Q28)*$F$28)+('Incremental Rev Req'!$F$87*$Q28) -> 203.95842 | J53: =$F$18+(SUMPRODUCT($F$30:$F$32,$M$42:$M$44)*$R28)+(MIN($J27,$R28)*$F$33)+('Incremental Rev Req'!$F$87*$R28) -> 96.093572 | M53: Desert - Hot | N53: =$F$18+(SUMPRODUCT($C$25:$C$27,$I$42:$I$44)*$Q36)+(MIN($L27,$Q36)*$C$28)+('Incremental Rev Req'!$F$87*$Q36) -> 161.65757 | O53: =$F$18+(SUMPRODUCT($C$30:$C$32,$J$42:$J$44)*$R36)+(MIN($M27,$R36)*$C$33)+('Incremental Rev Req'!$F$87*$R36) -> 97.896622 | P53: =$F$18+(SUMPRODUCT($D$25:$D$27,$L$42:$L$44)*$Q36)+(MIN($L27,$Q36)*$D$28)+('Incremental Rev Req'!$F$87*$Q36) -> 162.01307 | Q53: =$F$18+(SUMPRODUCT($D$30:$D$32,$M$42:$M$44)*$R36)+(MIN($M27,$R36)*$D$33)+('Incremental Rev Req'!$F$87*$R36) -> 98.172632 | R53: =$F$18+(SUMPRODUCT($E$25:$E$27,$L$42:$L$44)*$Q36)+(MIN($L27,$Q36)*$E$28)+('Incremental Rev Req'!$F$87*$Q36) -> 160.14851 | S53: =$F$18+(SUMPRODUCT($E$30:$E$32,$M$42:$M$44)*$R36)+(MIN($M27,$R36)*$E$33)+('Incremental Rev Req'!$F$87*$R36) -> 97.169216 | T53: =$F$18+(SUMPRODUCT($F$25:$F$27,$L$42:$L$44)*$Q36)+(MIN($L27,$Q36)*$F$28)+('Incremental Rev Req'!$F$87*$Q36) -> 179.98407 | U53: =$F$18+(SUMPRODUCT($F$30:$F$32,$M$42:$M$44)*$R36)+(MIN($M27,$R36)*$F$33)+('Incremental Rev Req'!$F$87*$R36) -> 107.84376
B54: Inland - Warm | C54: =$F$18+(SUMPRODUCT($C$25:$C$27,$I$42:$I$44)*$Q29)+(MIN($I28,$Q29)*$C$28)+('Incremental Rev Req'!$F$87*$Q29) -> 152.73873 | D54: =$F$18+(SUMPRODUCT($C$30:$C$32,$J$42:$J$44)*$R29)+(MIN($J28,$R29)*$C$33)+('Incremental Rev Req'!$F$87*$R29) -> 137.05042 | E54: =$F$18+(SUMPRODUCT($D$25:$D$27,$L$42:$L$44)*$Q29)+(MIN($I28,$Q29)*$D$28)+('Incremental Rev Req'!$F$87*$Q29) -> 153.07122 | F54: =$F$18+(SUMPRODUCT($D$30:$D$32,$M$42:$M$44)*$R29)+(MIN($J28,$R29)*$D$33)+('Incremental Rev Req'!$F$87*$R29) -> 137.47228 | G54: =$F$18+(SUMPRODUCT($E$25:$E$27,$L$42:$L$44)*$Q29)+(MIN($I28,$Q29)*$E$28)+('Incremental Rev Req'!$F$87*$Q29) -> 151.32729 | H54: =$F$18+(SUMPRODUCT($E$30:$E$32,$M$42:$M$44)*$R29)+(MIN($J28,$R29)*$E$33)+('Incremental Rev Req'!$F$87*$R29) -> 135.93863 | I54: =$F$18+(SUMPRODUCT($F$25:$F$27,$L$42:$L$44)*$Q29)+(MIN($I28,$Q29)*$F$28)+('Incremental Rev Req'!$F$87*$Q29) -> 169.87955 | J54: =$F$18+(SUMPRODUCT($F$30:$F$32,$M$42:$M$44)*$R29)+(MIN($J28,$R29)*$F$33)+('Incremental Rev Req'!$F$87*$R29) -> 152.25399 | M54: Inland - Warm | N54: =$F$18+(SUMPRODUCT($C$25:$C$27,$I$42:$I$44)*$Q37)+(MIN($L28,$Q37)*$C$28)+('Incremental Rev Req'!$F$87*$Q37) -> 155.0794 | O54: =$F$18+(SUMPRODUCT($C$30:$C$32,$J$42:$J$44)*$R37)+(MIN($M28,$R37)*$C$33)+('Incremental Rev Req'!$F$87*$R37) -> 159.68876 | P54: =$F$18+(SUMPRODUCT($D$25:$D$27,$L$42:$L$44)*$Q37)+(MIN($L28,$Q37)*$D$28)+('Incremental Rev Req'!$F$87*$Q37) -> 155.41793 | Q54: =$F$18+(SUMPRODUCT($D$30:$D$32,$M$42:$M$44)*$R37)+(MIN($M28,$R37)*$D$33)+('Incremental Rev Req'!$F$87*$R37) -> 160.19496 | R54: =$F$18+(SUMPRODUCT($E$25:$E$27,$L$42:$L$44)*$Q37)+(MIN($L28,$Q37)*$E$28)+('Incremental Rev Req'!$F$87*$Q37) -> 153.64234 | S54: =$F$18+(SUMPRODUCT($E$30:$E$32,$M$42:$M$44)*$R37)+(MIN($M28,$R37)*$E$33)+('Incremental Rev Req'!$F$87*$R37) -> 158.35472 | T54: =$F$18+(SUMPRODUCT($F$25:$F$27,$L$42:$L$44)*$Q37)+(MIN($L28,$Q37)*$F$28)+('Incremental Rev Req'!$F$87*$Q37) -> 172.53139 | U54: =$F$18+(SUMPRODUCT($F$30:$F$32,$M$42:$M$44)*$R37)+(MIN($M28,$R37)*$F$33)+('Incremental Rev Req'!$F$87*$R37) -> 177.93155
B55: Total | C55: =SUMPRODUCT(C51:C54,$U$26:$U$29) -> 155.09978 | D55: =SUMPRODUCT(D51:D54,$U$26:$U$29) -> 146.04052 | E55: =SUMPRODUCT(E51:E54,$U$26:$U$29) -> 155.43836 | F55: =SUMPRODUCT(F51:F54,$U$26:$U$29) -> 146.49588 | G55: =SUMPRODUCT(G51:G54,$U$26:$U$29) -> 153.6625 | H55: =SUMPRODUCT(H51:H54,$U$26:$U$29) -> 144.84047 | I55: =SUMPRODUCT(I51:I54,$U$26:$U$29) -> 172.55447 | J55: =SUMPRODUCT(J51:J54,$U$26:$U$29) -> 162.45102 | M55: Total | N55: =SUMPRODUCT(N51:N54,$U$34:$U$37) -> 147.62197 | O55: =SUMPRODUCT(O51:O54,$U$34:$U$37) -> 147.09736 | P55: =SUMPRODUCT(P51:P54,$U$34:$U$37) -> 147.94452 | Q55: =SUMPRODUCT(Q51:Q54,$U$34:$U$37) -> 147.55665 | R55: =SUMPRODUCT(R51:R54,$U$34:$U$37) -> 146.26966 | S55: =SUMPRODUCT(S51:S54,$U$34:$U$37) -> 145.88693 | T55: =SUMPRODUCT(T51:T54,$U$34:$U$37) -> 164.08723 | U55: =SUMPRODUCT(U51:U54,$U$34:$U$37) -> 163.64974
C58: 2025 Recorded Average Basic Bundled CARE Customer Bill | N58: 2025 Recorded Average All-Electric Bundled CARE Customer
C59: =C36 -> 6/1/2026 | E59: =D36 -> 8/1/2026 | G59: =E36 -> Authorized | I59: =F36 -> w/Pending | N59: =N49 -> 6/1/2026 | P59: =P49 -> 8/1/2026 | R59: =R49 -> Authorized | T59: =T49 -> w/Pending
C60: Summer | D60: Winter | E60: Summer | F60: Winter | G60: Summer | H60: Winter | I60: Summer | J60: Winter | N60: Summer | O60: Winter | P60: Summer | Q60: Winter | R60: Summer | S60: Winter | T60: Summer | U60: Winter
B61: Coastal - Mild | C61: =$Q$18+(SUMPRODUCT($C$37:$C$39,$Q$42:$Q$44)*$S26)+(MIN($I25,$S26)*$C$40)+('Incremental Rev Req'!$F$87*$S26) -> 86.143669 | D61: =$Q$18+(SUMPRODUCT($C$42:$C$44,$R$42:$R$44)*$T26)+(MIN($J25,$T26)*$C$45)+('Incremental Rev Req'!$F$87*$T26) -> 83.289661 | E61: =$Q$18+(SUMPRODUCT($D$37:$D$39,$T$42:$T$44)*$S26)+(MIN($I25,$S26)*$D$40)+('Incremental Rev Req'!$F$87*$S26) -> 86.315381 | F61: =$Q$18+(SUMPRODUCT($D$42:$D$44,$U$42:$U$44)*$T26)+(MIN($J25,$T26)*$D$45)+('Incremental Rev Req'!$F$87*$T26) -> 83.566756 | G61: =$Q$18+(SUMPRODUCT($E$37:$E$39,$T$42:$T$44)*$S26)+(MIN($I25,$S26)*$E$40)+('Incremental Rev Req'!$F$87*$S26) -> 85.232424 | H61: =$Q$18+(SUMPRODUCT($E$42:$E$44,$U$42:$U$44)*$T26)+(MIN($J25,$T26)*$E$45)+('Incremental Rev Req'!$F$87*$T26) -> 82.520584 | I61: =$Q$18+(SUMPRODUCT($F$37:$F$39,$T$42:$T$44)*$S26)+(MIN($I25,$S26)*$F$40)+('Incremental Rev Req'!$F$87*$S26) -> 96.753145 | J61: =$Q$18+(SUMPRODUCT($F$42:$F$44,$U$42:$U$44)*$T26)+(MIN($J25,$T26)*$F$45)+('Incremental Rev Req'!$F$87*$T26) -> 93.649975 | M61: Coastal - Mild | N61: =$Q$18+(SUMPRODUCT($C$37:$C$39,$Q$42:$Q$44)*$S34)+(MIN($L25,$S34)*$C$40)+('Incremental Rev Req'!$F$87*$S34) -> 81.40699 | O61: =$Q$18+(SUMPRODUCT($C$42:$C$44,$R$42:$R$44)*$T34)+(MIN($M25,$T34)*$C$45)+('Incremental Rev Req'!$F$87*$T34) -> 79.237172 | P61: =$Q$18+(SUMPRODUCT($D$37:$D$39,$T$42:$T$44)*$S34)+(MIN($L25,$S34)*$D$40)+('Incremental Rev Req'!$F$87*$S34) -> 81.574492 | Q61: =$Q$18+(SUMPRODUCT($D$42:$D$44,$U$42:$U$44)*$T34)+(MIN($M25,$T34)*$D$45)+('Incremental Rev Req'!$F$87*$T34) -> 79.499754 | R61: =$Q$18+(SUMPRODUCT($E$37:$E$39,$T$42:$T$44)*$S34)+(MIN($L25,$S34)*$E$40)+('Incremental Rev Req'!$F$87*$S34) -> 80.555167 | S61: =$Q$18+(SUMPRODUCT($E$42:$E$44,$U$42:$U$44)*$T34)+(MIN($M25,$T34)*$E$45)+('Incremental Rev Req'!$F$87*$T34) -> 78.508374 | T61: =$Q$18+(SUMPRODUCT($F$37:$F$39,$T$42:$T$44)*$S34)+(MIN($L25,$S34)*$F$40)+('Incremental Rev Req'!$F$87*$S34) -> 91.398956 | U61: =$Q$18+(SUMPRODUCT($F$42:$F$44,$U$42:$U$44)*$T34)+(MIN($M25,$T34)*$F$45)+('Incremental Rev Req'!$F$87*$T34) -> 89.054872
B62: Mountain - Extreme | C62: =$Q$18+(SUMPRODUCT($C$37:$C$39,$Q$42:$Q$44)*$S27)+(MIN($I26,$S27)*$C$40)+('Incremental Rev Req'!$F$87*$S27) -> 155.5636 | D62: =$Q$18+(SUMPRODUCT($C$42:$C$44,$R$42:$R$44)*$T27)+(MIN($J26,$T27)*$C$45)+('Incremental Rev Req'!$F$87*$T27) -> 145.99935 | E62: =$Q$18+(SUMPRODUCT($D$37:$D$39,$T$42:$T$44)*$S27)+(MIN($I26,$S27)*$D$40)+('Incremental Rev Req'!$F$87*$S27) -> 155.89056 | F62: =$Q$18+(SUMPRODUCT($D$42:$D$44,$U$42:$U$44)*$T27)+(MIN($J26,$T27)*$D$45)+('Incremental Rev Req'!$F$87*$T27) -> 146.50107 | G62: =$Q$18+(SUMPRODUCT($E$37:$E$39,$T$42:$T$44)*$S27)+(MIN($I26,$S27)*$E$40)+('Incremental Rev Req'!$F$87*$S27) -> 153.87021 | H62: =$Q$18+(SUMPRODUCT($E$42:$E$44,$U$42:$U$44)*$T27)+(MIN($J26,$T27)*$E$45)+('Incremental Rev Req'!$F$87*$T27) -> 144.60691 | I62: =$Q$18+(SUMPRODUCT($F$37:$F$39,$T$42:$T$44)*$S27)+(MIN($I26,$S27)*$F$40)+('Incremental Rev Req'!$F$87*$S27) -> 175.36304 | J62: =$Q$18+(SUMPRODUCT($F$42:$F$44,$U$42:$U$44)*$T27)+(MIN($J26,$T27)*$F$45)+('Incremental Rev Req'!$F$87*$T27) -> 164.75745 | M62: Mountain - Extreme | N62: =$Q$18+(SUMPRODUCT($C$37:$C$39,$Q$42:$Q$44)*$S35)+(MIN($L26,$S35)*$C$40)+('Incremental Rev Req'!$F$87*$S35) -> 157.08068 | O62: =$Q$18+(SUMPRODUCT($C$42:$C$44,$R$42:$R$44)*$T35)+(MIN($M26,$T35)*$C$45)+('Incremental Rev Req'!$F$87*$T35) -> 183.90849 | P62: =$Q$18+(SUMPRODUCT($D$37:$D$39,$T$42:$T$44)*$S35)+(MIN($L26,$S35)*$D$40)+('Incremental Rev Req'!$F$87*$S35) -> 157.40639 | Q62: =$Q$18+(SUMPRODUCT($D$42:$D$44,$U$42:$U$44)*$T35)+(MIN($M26,$T35)*$D$45)+('Incremental Rev Req'!$F$87*$T35) -> 184.54592 | R62: =$Q$18+(SUMPRODUCT($E$37:$E$39,$T$42:$T$44)*$S35)+(MIN($L26,$S35)*$E$40)+('Incremental Rev Req'!$F$87*$S35) -> 155.3658 | S62: =$Q$18+(SUMPRODUCT($E$42:$E$44,$U$42:$U$44)*$T35)+(MIN($M26,$T35)*$E$45)+('Incremental Rev Req'!$F$87*$T35) -> 182.13931 | T62: =$Q$18+(SUMPRODUCT($F$37:$F$39,$T$42:$T$44)*$S35)+(MIN($L26,$S35)*$F$40)+('Incremental Rev Req'!$F$87*$S35) -> 177.07403 | U62: =$Q$18+(SUMPRODUCT($F$42:$F$44,$U$42:$U$44)*$T35)+(MIN($M26,$T35)*$F$45)+('Incremental Rev Req'!$F$87*$T35) -> 207.74127
B63: Desert - Hot | C63: =$Q$18+(SUMPRODUCT($C$37:$C$39,$Q$42:$Q$44)*$S28)+(MIN($I27,$S28)*$C$40)+('Incremental Rev Req'!$F$87*$S28) -> 166.77561 | D63: =$Q$18+(SUMPRODUCT($C$42:$C$44,$R$42:$R$44)*$T28)+(MIN($J27,$T28)*$C$45)+('Incremental Rev Req'!$F$87*$T28) -> 88.516195 | E63: =$Q$18+(SUMPRODUCT($D$37:$D$39,$T$42:$T$44)*$S28)+(MIN($I27,$S28)*$D$40)+('Incremental Rev Req'!$F$87*$S28) -> 167.12309 | F63: =$Q$18+(SUMPRODUCT($D$42:$D$44,$U$42:$U$44)*$T28)+(MIN($J27,$T28)*$D$45)+('Incremental Rev Req'!$F$87*$T28) -> 88.812007 | G63: =$Q$18+(SUMPRODUCT($E$37:$E$39,$T$42:$T$44)*$S28)+(MIN($I27,$S28)*$E$40)+('Incremental Rev Req'!$F$87*$S28) -> 164.95158 | H63: =$Q$18+(SUMPRODUCT($E$42:$E$44,$U$42:$U$44)*$T28)+(MIN($J27,$T28)*$E$45)+('Incremental Rev Req'!$F$87*$T28) -> 87.695169 | I63: =$Q$18+(SUMPRODUCT($F$37:$F$39,$T$42:$T$44)*$S28)+(MIN($I27,$S28)*$F$40)+('Incremental Rev Req'!$F$87*$S28) -> 188.05252 | J63: =$Q$18+(SUMPRODUCT($F$42:$F$44,$U$42:$U$44)*$T28)+(MIN($J27,$T28)*$F$45)+('Incremental Rev Req'!$F$87*$T28) -> 99.576321 | M63: Desert - Hot | N63: =$Q$18+(SUMPRODUCT($C$37:$C$39,$Q$42:$Q$44)*$S36)+(MIN($L27,$S36)*$C$40)+('Incremental Rev Req'!$F$87*$S36) -> 181.23591 | O63: =$Q$18+(SUMPRODUCT($C$42:$C$44,$R$42:$R$44)*$T36)+(MIN($M27,$T36)*$C$45)+('Incremental Rev Req'!$F$87*$T36) -> 107.50649 | P63: =$Q$18+(SUMPRODUCT($D$37:$D$39,$T$42:$T$44)*$S36)+(MIN($L27,$S36)*$D$40)+('Incremental Rev Req'!$F$87*$S36) -> 181.61571 | Q63: =$Q$18+(SUMPRODUCT($D$42:$D$44,$U$42:$U$44)*$T36)+(MIN($M27,$T36)*$D$45)+('Incremental Rev Req'!$F$87*$T36) -> 107.87031 | R63: =$Q$18+(SUMPRODUCT($E$37:$E$39,$T$42:$T$44)*$S36)+(MIN($L27,$S36)*$E$40)+('Incremental Rev Req'!$F$87*$S36) -> 179.24894 | S63: =$Q$18+(SUMPRODUCT($E$42:$E$44,$U$42:$U$44)*$T36)+(MIN($M27,$T36)*$E$45)+('Incremental Rev Req'!$F$87*$T36) -> 106.49671 | T63: =$Q$18+(SUMPRODUCT($F$37:$F$39,$T$42:$T$44)*$S36)+(MIN($L27,$S36)*$F$40)+('Incremental Rev Req'!$F$87*$S36) -> 204.42708 | U63: =$Q$18+(SUMPRODUCT($F$42:$F$44,$U$42:$U$44)*$T36)+(MIN($M27,$T36)*$F$45)+('Incremental Rev Req'!$F$87*$T36) -> 121.10934
B64: Inland - Warm | C64: =$Q$18+(SUMPRODUCT($C$37:$C$39,$Q$42:$Q$44)*$S29)+(MIN($I28,$S29)*$C$40)+('Incremental Rev Req'!$F$87*$S29) -> 111.44358 | D64: =$Q$18+(SUMPRODUCT($C$42:$C$44,$R$42:$R$44)*$T29)+(MIN($J28,$T29)*$C$45)+('Incremental Rev Req'!$F$87*$T29) -> 93.959074 | E64: =$Q$18+(SUMPRODUCT($D$37:$D$39,$T$42:$T$44)*$S29)+(MIN($I28,$S29)*$D$40)+('Incremental Rev Req'!$F$87*$S29) -> 111.67159 | F64: =$Q$18+(SUMPRODUCT($D$42:$D$44,$U$42:$U$44)*$T29)+(MIN($J28,$T29)*$D$45)+('Incremental Rev Req'!$F$87*$T29) -> 94.274377 | G64: =$Q$18+(SUMPRODUCT($E$37:$E$39,$T$42:$T$44)*$S29)+(MIN($I28,$S29)*$E$40)+('Incremental Rev Req'!$F$87*$S29) -> 110.24702 | H64: =$Q$18+(SUMPRODUCT($E$42:$E$44,$U$42:$U$44)*$T29)+(MIN($J28,$T29)*$E$45)+('Incremental Rev Req'!$F$87*$T29) -> 93.083948 | I64: =$Q$18+(SUMPRODUCT($F$37:$F$39,$T$42:$T$44)*$S29)+(MIN($I28,$S29)*$F$40)+('Incremental Rev Req'!$F$87*$S29) -> 125.40189 | J64: =$Q$18+(SUMPRODUCT($F$42:$F$44,$U$42:$U$44)*$T29)+(MIN($J28,$T29)*$F$45)+('Incremental Rev Req'!$F$87*$T29) -> 105.74798 | M64: Inland - Warm | N64: =$Q$18+(SUMPRODUCT($C$37:$C$39,$Q$42:$Q$44)*$S37)+(MIN($L28,$S37)*$C$40)+('Incremental Rev Req'!$F$87*$S37) -> 104.39387 | O64: =$Q$18+(SUMPRODUCT($C$42:$C$44,$R$42:$R$44)*$T37)+(MIN($M28,$T37)*$C$45)+('Incremental Rev Req'!$F$87*$T37) -> 95.043991 | P64: =$Q$18+(SUMPRODUCT($D$37:$D$39,$T$42:$T$44)*$S37)+(MIN($L28,$S37)*$D$40)+('Incremental Rev Req'!$F$87*$S37) -> 104.60965 | Q64: =$Q$18+(SUMPRODUCT($D$42:$D$44,$U$42:$U$44)*$T37)+(MIN($M28,$T37)*$D$45)+('Incremental Rev Req'!$F$87*$T37) -> 95.36318 | R64: =$Q$18+(SUMPRODUCT($E$37:$E$39,$T$42:$T$44)*$S37)+(MIN($L28,$S37)*$E$40)+('Incremental Rev Req'!$F$87*$S37) -> 103.28009 | S64: =$Q$18+(SUMPRODUCT($E$42:$E$44,$U$42:$U$44)*$T37)+(MIN($M28,$T37)*$E$45)+('Incremental Rev Req'!$F$87*$T37) -> 94.158082 | T64: =$Q$18+(SUMPRODUCT($F$37:$F$39,$T$42:$T$44)*$S37)+(MIN($L28,$S37)*$F$40)+('Incremental Rev Req'!$F$87*$S37) -> 117.42422 | U64: =$Q$18+(SUMPRODUCT($F$42:$F$44,$U$42:$U$44)*$T37)+(MIN($M28,$T37)*$F$45)+('Incremental Rev Req'!$F$87*$T37) -> 106.97816
B65: Total | C65: =SUMPRODUCT(C61:C64,$V$26:$V$29) -> 99.218645 | D65: =SUMPRODUCT(D61:D64,$V$26:$V$29) -> 89.025032 | E65: =SUMPRODUCT(E61:E64,$V$26:$V$29) -> 99.419453 | F65: =SUMPRODUCT(F61:F64,$V$26:$V$29) -> 89.322666 | G65: =SUMPRODUCT(G61:G64,$V$26:$V$29) -> 98.15995 | H65: =SUMPRODUCT(H61:H64,$V$26:$V$29) -> 88.198947 | I65: =SUMPRODUCT(I61:I64,$V$26:$V$29) -> 111.5588 | J65: =SUMPRODUCT(J61:J64,$V$26:$V$29) -> 100.1533 | M65: Total | N65: =SUMPRODUCT(N61:N64,$V$34:$V$37) -> 95.134996 | O65: =SUMPRODUCT(O61:O64,$V$34:$V$37) -> 89.281932 | P65: =SUMPRODUCT(P61:P64,$V$34:$V$37) -> 95.331328 | Q65: =SUMPRODUCT(Q61:Q64,$V$34:$V$37) -> 89.580486 | R65: =SUMPRODUCT(R61:R64,$V$34:$V$37) -> 94.126728 | S65: =SUMPRODUCT(S61:S64,$V$34:$V$37) -> 88.453295 | T65: =SUMPRODUCT(T61:T64,$V$34:$V$37) -> 106.94151 | U65: =SUMPRODUCT(U61:U64,$V$34:$V$37) -> 100.44459
C68: Essential Usage Basic Bundled Non-CARE Customer Bill | N68: Essential Usage All-Electric Bundled Non-CARE Customer
C69: =C59 -> 6/1/2026 | E69: =E59 -> 8/1/2026 | G69: =G59 -> Authorized | I69: =I59 -> w/Pending | N69: =N59 -> 6/1/2026 | P69: =P59 -> 8/1/2026 | R69: =R59 -> Authorized | T69: =T59 -> w/Pending
C70: Summer | D70: Winter | E70: Summer | F70: Winter | G70: Summer | H70: Winter | I70: Summer | J70: Winter | N70: Summer | O70: Winter | P70: Summer | Q70: Winter | R70: Summer | S70: Winter | T70: Summer | U70: Winter
B71: Coastal - Mild | C71: =$F$18+(SUMPRODUCT($C$25:$C$27,$I$42:$I$44)*$I33)+(MIN($I25,$I33)*$C$28)+('Incremental Rev Req'!$F$87*$I33) -> 130.87902 | D71: =$F$18+(SUMPRODUCT($C$30:$C$32,$J$42:$J$44)*$J33)+(MIN($J25,$J33)*$C$33)+('Incremental Rev Req'!$F$87*$J33) -> 138.22764 | E71: =$F$18+(SUMPRODUCT($D$25:$D$27,$L$42:$L$44)*$I33)+(MIN($I25,$I33)*$D$28)+('Incremental Rev Req'!$F$87*$I33) -> 131.15515 | F71: =$F$18+(SUMPRODUCT($D$30:$D$32,$M$42:$M$44)*$J33)+(MIN($J25,$J33)*$D$33)+('Incremental Rev Req'!$F$87*$J33) -> 138.65389 | G71: =$F$18+(SUMPRODUCT($E$25:$E$27,$L$42:$L$44)*$I33)+(MIN($I25,$I33)*$E$28)+('Incremental Rev Req'!$F$87*$I33) -> 129.70688 | H71: =$F$18+(SUMPRODUCT($E$30:$E$32,$M$42:$M$44)*$J33)+(MIN($J25,$J33)*$E$33)+('Incremental Rev Req'!$F$87*$J33) -> 137.10429 | I71: =$F$18+(SUMPRODUCT($F$25:$F$27,$L$42:$L$44)*$I33)+(MIN($I25,$I33)*$F$28)+('Incremental Rev Req'!$F$87*$I33) -> 145.1138 | J71: =$F$18+(SUMPRODUCT($F$30:$F$32,$M$42:$M$44)*$J33)+(MIN($J25,$J33)*$F$33)+('Incremental Rev Req'!$F$87*$J33) -> 153.58925 | M71: Coastal - Mild | N71: =$F$18+(SUMPRODUCT($C$25:$C$27,$I$42:$I$44)*$L33)+(MIN($L25,$L33)*$C$28)+('Incremental Rev Req'!$F$87*$L33) -> 95.583561 | O71: =$F$18+(SUMPRODUCT($C$30:$C$32,$J$42:$J$44)*$M33)+(MIN($M25,$M33)*$C$33)+('Incremental Rev Req'!$F$87*$M33) -> 133.25265 | P71: =$F$18+(SUMPRODUCT($D$25:$D$27,$L$42:$L$44)*$L33)+(MIN($L25,$L33)*$D$28)+('Incremental Rev Req'!$F$87*$L33) -> 95.768665 | Q71: =$F$18+(SUMPRODUCT($D$30:$D$32,$M$42:$M$44)*$M33)+(MIN($M25,$M33)*$D$33)+('Incremental Rev Req'!$F$87*$M33) -> 133.66037 | R71: =$F$18+(SUMPRODUCT($E$25:$E$27,$L$42:$L$44)*$L33)+(MIN($L25,$L33)*$E$28)+('Incremental Rev Req'!$F$87*$L33) -> 94.797793 | S71: =$F$18+(SUMPRODUCT($E$30:$E$32,$M$42:$M$44)*$M33)+(MIN($M25,$M33)*$E$33)+('Incremental Rev Req'!$F$87*$M33) -> 132.17814 | T71: =$F$18+(SUMPRODUCT($F$25:$F$27,$L$42:$L$44)*$L33)+(MIN($L25,$L33)*$F$28)+('Incremental Rev Req'!$F$87*$L33) -> 105.12613 | U71: =$F$18+(SUMPRODUCT($F$30:$F$32,$M$42:$M$44)*$M33)+(MIN($M25,$M33)*$F$33)+('Incremental Rev Req'!$F$87*$M33) -> 147.94637
B72: Mountain - Extreme | C72: =$F$18+(SUMPRODUCT($C$25:$C$27,$I$42:$I$44)*$I34)+(MIN($I26,$I34)*$C$28)+('Incremental Rev Req'!$F$87*$I34) -> 185.60682 | D72: =$F$18+(SUMPRODUCT($C$30:$C$32,$J$42:$J$44)*$J34)+(MIN($J26,$J34)*$C$33)+('Incremental Rev Req'!$F$87*$J34) -> 184.24628 | E72: =$F$18+(SUMPRODUCT($D$25:$D$27,$L$42:$L$44)*$I34)+(MIN($I26,$I34)*$D$28)+('Incremental Rev Req'!$F$87*$I34) -> 186.02407 | F72: =$F$18+(SUMPRODUCT($D$30:$D$32,$M$42:$M$44)*$J34)+(MIN($J26,$J34)*$D$33)+('Incremental Rev Req'!$F$87*$J34) -> 184.84396 | G72: =$F$18+(SUMPRODUCT($E$25:$E$27,$L$42:$L$44)*$I34)+(MIN($I26,$I34)*$E$28)+('Incremental Rev Req'!$F$87*$I34) -> 183.83559 | H72: =$F$18+(SUMPRODUCT($E$30:$E$32,$M$42:$M$44)*$J34)+(MIN($J26,$J34)*$E$33)+('Incremental Rev Req'!$F$87*$J34) -> 182.67115 | I72: =$F$18+(SUMPRODUCT($F$25:$F$27,$L$42:$L$44)*$I34)+(MIN($I26,$I34)*$F$28)+('Incremental Rev Req'!$F$87*$I34) -> 207.11715 | J72: =$F$18+(SUMPRODUCT($F$30:$F$32,$M$42:$M$44)*$J34)+(MIN($J26,$J34)*$F$33)+('Incremental Rev Req'!$F$87*$J34) -> 205.78594 | M72: Mountain - Extreme | N72: =$F$18+(SUMPRODUCT($C$25:$C$27,$I$42:$I$44)*$L34)+(MIN($L26,$L34)*$C$28)+('Incremental Rev Req'!$F$87*$L34) -> 204.64258 | O72: =$F$18+(SUMPRODUCT($C$30:$C$32,$J$42:$J$44)*$M34)+(MIN($M26,$M34)*$C$33)+('Incremental Rev Req'!$F$87*$M34) -> 299.08561 | P72: =$F$18+(SUMPRODUCT($D$25:$D$27,$L$42:$L$44)*$L34)+(MIN($L26,$L34)*$D$28)+('Incremental Rev Req'!$F$87*$L34) -> 205.10892 | Q72: =$F$18+(SUMPRODUCT($D$30:$D$32,$M$42:$M$44)*$M34)+(MIN($M26,$M34)*$D$33)+('Incremental Rev Req'!$F$87*$M34) -> 300.11108 | R72: =$F$18+(SUMPRODUCT($E$25:$E$27,$L$42:$L$44)*$L34)+(MIN($L26,$L34)*$E$28)+('Incremental Rev Req'!$F$87*$L34) -> 202.66296 | S72: =$F$18+(SUMPRODUCT($E$30:$E$32,$M$42:$M$44)*$M34)+(MIN($M26,$M34)*$E$33)+('Incremental Rev Req'!$F$87*$M34) -> 296.38305 | T72: =$F$18+(SUMPRODUCT($F$25:$F$27,$L$42:$L$44)*$L34)+(MIN($L26,$L34)*$F$28)+('Incremental Rev Req'!$F$87*$L34) -> 228.68353 | U72: =$F$18+(SUMPRODUCT($F$30:$F$32,$M$42:$M$44)*$M34)+(MIN($M26,$M34)*$F$33)+('Incremental Rev Req'!$F$87*$M34) -> 336.04253
B73: Desert - Hot | C73: =$F$18+(SUMPRODUCT($C$25:$C$27,$I$42:$I$44)*$I35)+(MIN($I27,$I35)*$C$28)+('Incremental Rev Req'!$F$87*$I35) -> 212.97072 | D73: =$F$18+(SUMPRODUCT($C$30:$C$32,$J$42:$J$44)*$J35)+(MIN($J27,$J35)*$C$33)+('Incremental Rev Req'!$F$87*$J35) -> 159.37134 | E73: =$F$18+(SUMPRODUCT($D$25:$D$27,$L$42:$L$44)*$I35)+(MIN($I27,$I35)*$D$28)+('Incremental Rev Req'!$F$87*$I35) -> 213.45853 | F73: =$F$18+(SUMPRODUCT($D$30:$D$32,$M$42:$M$44)*$J35)+(MIN($J27,$J35)*$D$33)+('Incremental Rev Req'!$F$87*$J35) -> 159.87635 | G73: =$F$18+(SUMPRODUCT($E$25:$E$27,$L$42:$L$44)*$I35)+(MIN($I27,$I35)*$E$28)+('Incremental Rev Req'!$F$87*$I35) -> 210.89994 | H73: =$F$18+(SUMPRODUCT($E$30:$E$32,$M$42:$M$44)*$J35)+(MIN($J27,$J35)*$E$33)+('Incremental Rev Req'!$F$87*$J35) -> 158.04042 | I73: =$F$18+(SUMPRODUCT($F$25:$F$27,$L$42:$L$44)*$I35)+(MIN($I27,$I35)*$F$28)+('Incremental Rev Req'!$F$87*$I35) -> 238.11882 | J73: =$F$18+(SUMPRODUCT($F$30:$F$32,$M$42:$M$44)*$J35)+(MIN($J27,$J35)*$F$33)+('Incremental Rev Req'!$F$87*$J35) -> 177.57151 | M73: Desert - Hot | N73: =$F$18+(SUMPRODUCT($C$25:$C$27,$I$42:$I$44)*$L35)+(MIN($L27,$L35)*$C$28)+('Incremental Rev Req'!$F$87*$L35) -> 225.66122 | O73: =$F$18+(SUMPRODUCT($C$30:$C$32,$J$42:$J$44)*$M35)+(MIN($M27,$M35)*$C$33)+('Incremental Rev Req'!$F$87*$M35) -> 236.48367 | P73: =$F$18+(SUMPRODUCT($D$25:$D$27,$L$42:$L$44)*$L35)+(MIN($L27,$L35)*$D$28)+('Incremental Rev Req'!$F$87*$L35) -> 226.18176 | Q73: =$F$18+(SUMPRODUCT($D$30:$D$32,$M$42:$M$44)*$M35)+(MIN($M27,$M35)*$D$33)+('Incremental Rev Req'!$F$87*$M35) -> 237.27593 | R73: =$F$18+(SUMPRODUCT($E$25:$E$27,$L$42:$L$44)*$L35)+(MIN($L27,$L35)*$E$28)+('Incremental Rev Req'!$F$87*$L35) -> 223.45152 | S73: =$F$18+(SUMPRODUCT($E$30:$E$32,$M$42:$M$44)*$M35)+(MIN($M27,$M35)*$E$33)+('Incremental Rev Req'!$F$87*$M35) -> 234.3957 | T73: =$F$18+(SUMPRODUCT($F$25:$F$27,$L$42:$L$44)*$L35)+(MIN($L27,$L35)*$F$28)+('Incremental Rev Req'!$F$87*$L35) -> 252.49641 | U73: =$F$18+(SUMPRODUCT($F$30:$F$32,$M$42:$M$44)*$M35)+(MIN($M27,$M35)*$F$33)+('Incremental Rev Req'!$F$87*$M35) -> 265.03623
B74: Inland - Warm | C74: =$F$18+(SUMPRODUCT($C$25:$C$27,$I$42:$I$44)*$I36)+(MIN($I28,$I36)*$C$28)+('Incremental Rev Req'!$F$87*$I36) -> 147.53531 | D74: =$F$18+(SUMPRODUCT($C$30:$C$32,$J$42:$J$44)*$J36)+(MIN($J28,$J36)*$C$33)+('Incremental Rev Req'!$F$87*$J36) -> 143.20263 | E74: =$F$18+(SUMPRODUCT($D$25:$D$27,$L$42:$L$44)*$I36)+(MIN($I28,$I36)*$D$28)+('Incremental Rev Req'!$F$87*$I36) -> 147.85438 | F74: =$F$18+(SUMPRODUCT($D$30:$D$32,$M$42:$M$44)*$J36)+(MIN($J28,$J36)*$D$33)+('Incremental Rev Req'!$F$87*$J36) -> 143.64741 | G74: =$F$18+(SUMPRODUCT($E$25:$E$27,$L$42:$L$44)*$I36)+(MIN($I28,$I36)*$E$28)+('Incremental Rev Req'!$F$87*$I36) -> 146.18084 | H74: =$F$18+(SUMPRODUCT($E$30:$E$32,$M$42:$M$44)*$J36)+(MIN($J28,$J36)*$E$33)+('Incremental Rev Req'!$F$87*$J36) -> 142.03044 | I74: =$F$18+(SUMPRODUCT($F$25:$F$27,$L$42:$L$44)*$I36)+(MIN($I28,$I36)*$F$28)+('Incremental Rev Req'!$F$87*$I36) -> 163.98438 | J74: =$F$18+(SUMPRODUCT($F$30:$F$32,$M$42:$M$44)*$J36)+(MIN($J28,$J36)*$F$33)+('Incremental Rev Req'!$F$87*$J36) -> 159.23214 | M74: Inland - Warm | N74: =$F$18+(SUMPRODUCT($C$25:$C$27,$I$42:$I$44)*$L36)+(MIN($L28,$L36)*$C$28)+('Incremental Rev Req'!$F$87*$L36) -> 127.7064 | O74: =$F$18+(SUMPRODUCT($C$30:$C$32,$J$42:$J$44)*$M36)+(MIN($M28,$M36)*$C$33)+('Incremental Rev Req'!$F$87*$M36) -> 175.12547 | P74: =$F$18+(SUMPRODUCT($D$25:$D$27,$L$42:$L$44)*$L36)+(MIN($L28,$L36)*$D$28)+('Incremental Rev Req'!$F$87*$L36) -> 127.97434 | Q74: =$F$18+(SUMPRODUCT($D$30:$D$32,$M$42:$M$44)*$M36)+(MIN($M28,$M36)*$D$33)+('Incremental Rev Req'!$F$87*$M36) -> 175.68917 | R74: =$F$18+(SUMPRODUCT($E$25:$E$27,$L$42:$L$44)*$L36)+(MIN($L28,$L36)*$E$28)+('Incremental Rev Req'!$F$87*$L36) -> 126.56899 | S74: =$F$18+(SUMPRODUCT($E$30:$E$32,$M$42:$M$44)*$M36)+(MIN($M28,$M36)*$E$33)+('Incremental Rev Req'!$F$87*$M36) -> 173.63988 | T74: =$F$18+(SUMPRODUCT($F$25:$F$27,$L$42:$L$44)*$L36)+(MIN($L28,$L36)*$F$28)+('Incremental Rev Req'!$F$87*$L36) -> 141.5194 | U74: =$F$18+(SUMPRODUCT($F$30:$F$32,$M$42:$M$44)*$M36)+(MIN($M28,$M36)*$F$33)+('Incremental Rev Req'!$F$87*$M36) -> 195.44065
B75: Total | C75: =SUMPRODUCT(C71:C74,$U$26:$U$29) -> 138.05222 | D75: =SUMPRODUCT(D71:D74,$U$26:$U$29) -> 140.61661 | E75: =SUMPRODUCT(E71:E74,$U$26:$U$29) -> 138.34684 | F75: =SUMPRODUCT(F71:F74,$U$26:$U$29) -> 141.05176 | G75: =SUMPRODUCT(G71:G74,$U$26:$U$29) -> 136.80155 | H75: =SUMPRODUCT(H71:H74,$U$26:$U$29) -> 139.46981 | I75: =SUMPRODUCT(I71:I74,$U$26:$U$29) -> 153.2406 | J75: =SUMPRODUCT(J71:J74,$U$26:$U$29) -> 156.29895 | M75: Total | N75: =SUMPRODUCT(N71:N74,$U$34:$U$37) -> 111.08463 | O75: =SUMPRODUCT(O71:O74,$U$34:$U$37) -> 153.57502 | P75: =SUMPRODUCT(P71:P74,$U$34:$U$37) -> 111.30971 | Q75: =SUMPRODUCT(Q71:Q74,$U$34:$U$37) -> 154.05844 | R75: =SUMPRODUCT(R71:R74,$U$34:$U$37) -> 110.12918 | S75: =SUMPRODUCT(S71:S74,$U$34:$U$37) -> 152.301 | T75: =SUMPRODUCT(T71:T74,$U$34:$U$37) -> 122.68793 | U75: =SUMPRODUCT(U71:U74,$U$34:$U$37) -> 170.99703
C78: Essential Usage Basic Bundled CARE Customer Bill | N78: Essential Usage All-Electric Bundled CARE Customer
C79: =C69 -> 6/1/2026 | E79: =E69 -> 8/1/2026 | G79: =G69 -> Authorized | I79: =I69 -> w/Pending | N79: =N69 -> 6/1/2026 | P79: =P69 -> 8/1/2026 | R79: =R69 -> Authorized | T79: =T69 -> w/Pending
C80: Summer | D80: Winter | E80: Summer | F80: Winter | G80: Summer | H80: Winter | I80: Summer | J80: Winter | N80: Summer | O80: Winter | P80: Summer | Q80: Winter | R80: Summer | S80: Winter | T80: Summer | U80: Winter
B81: Coastal - Mild | C81: =$Q$18+(SUMPRODUCT($C$37:$C$39,$Q$42:$Q$44)*$I33)+(MIN($I25,$I33)*$C$40)+('Incremental Rev Req'!$F$87*$I33) -> 71.68872 | D81: =$Q$18+(SUMPRODUCT($C$42:$C$44,$R$42:$R$44)*$J33)+(MIN($J25,$J33)*$C$45)+('Incremental Rev Req'!$F$87*$J33) -> 76.966302 | E81: =$Q$18+(SUMPRODUCT($D$37:$D$39,$T$42:$T$44)*$I33)+(MIN($I25,$I33)*$D$40)+('Incremental Rev Req'!$F$87*$I33) -> 71.829495 | F81: =$Q$18+(SUMPRODUCT($D$42:$D$44,$U$42:$U$44)*$J33)+(MIN($J25,$J33)*$D$45)+('Incremental Rev Req'!$F$87*$J33) -> 77.220752 | G81: =$Q$18+(SUMPRODUCT($E$37:$E$39,$T$42:$T$44)*$I33)+(MIN($I25,$I33)*$E$40)+('Incremental Rev Req'!$F$87*$I33) -> 70.941653 | H81: =$Q$18+(SUMPRODUCT($E$42:$E$44,$U$42:$U$44)*$J33)+(MIN($J25,$J33)*$E$45)+('Incremental Rev Req'!$F$87*$J33) -> 76.260076 | I81: =$Q$18+(SUMPRODUCT($F$37:$F$39,$T$42:$T$44)*$I33)+(MIN($I25,$I33)*$F$40)+('Incremental Rev Req'!$F$87*$I33) -> 80.386693 | J81: =$Q$18+(SUMPRODUCT($F$42:$F$44,$U$42:$U$44)*$J33)+(MIN($J25,$J33)*$F$45)+('Incremental Rev Req'!$F$87*$J33) -> 86.479943 | M81: Coastal - Mild | N81: =$Q$18+(SUMPRODUCT($C$37:$C$39,$Q$42:$Q$44)*$L33)+(MIN($L25,$L33)*$C$40)+('Incremental Rev Req'!$F$87*$L33) -> 50.00739 | O81: =$Q$18+(SUMPRODUCT($C$42:$C$44,$R$42:$R$44)*$M33)+(MIN($M25,$M33)*$C$45)+('Incremental Rev Req'!$F$87*$M33) -> 73.877068 | P81: =$Q$18+(SUMPRODUCT($D$37:$D$39,$T$42:$T$44)*$L33)+(MIN($L25,$L33)*$D$40)+('Incremental Rev Req'!$F$87*$L33) -> 50.101762 | Q81: =$Q$18+(SUMPRODUCT($D$42:$D$44,$U$42:$U$44)*$M33)+(MIN($M25,$M33)*$D$45)+('Incremental Rev Req'!$F$87*$M33) -> 74.120454 | R81: =$Q$18+(SUMPRODUCT($E$37:$E$39,$T$42:$T$44)*$L33)+(MIN($L25,$L33)*$E$40)+('Incremental Rev Req'!$F$87*$L33) -> 49.506579 | S81: =$Q$18+(SUMPRODUCT($E$42:$E$44,$U$42:$U$44)*$M33)+(MIN($M25,$M33)*$E$45)+('Incremental Rev Req'!$F$87*$M33) -> 73.201547 | T81: =$Q$18+(SUMPRODUCT($F$37:$F$39,$T$42:$T$44)*$L33)+(MIN($L25,$L33)*$F$40)+('Incremental Rev Req'!$F$87*$L33) -> 55.838254 | U81: =$Q$18+(SUMPRODUCT($F$42:$F$44,$U$42:$U$44)*$M33)+(MIN($M25,$M33)*$F$45)+('Incremental Rev Req'!$F$87*$M33) -> 82.977071
B82: Mountain - Extreme | C82: =$Q$18+(SUMPRODUCT($C$37:$C$39,$Q$42:$Q$44)*$I34)+(MIN($I26,$I34)*$C$40)+('Incremental Rev Req'!$F$87*$I34) -> 105.30696 | D82: =$Q$18+(SUMPRODUCT($C$42:$C$44,$R$42:$R$44)*$J34)+(MIN($J26,$J34)*$C$45)+('Incremental Rev Req'!$F$87*$J34) -> 105.54173 | E82: =$Q$18+(SUMPRODUCT($D$37:$D$39,$T$42:$T$44)*$I34)+(MIN($I26,$I34)*$D$40)+('Incremental Rev Req'!$F$87*$I34) -> 105.51969 | F82: =$Q$18+(SUMPRODUCT($D$42:$D$44,$U$42:$U$44)*$J34)+(MIN($J26,$J34)*$D$45)+('Incremental Rev Req'!$F$87*$J34) -> 105.89851 | G82: =$Q$18+(SUMPRODUCT($E$37:$E$39,$T$42:$T$44)*$I34)+(MIN($I26,$I34)*$E$40)+('Incremental Rev Req'!$F$87*$I34) -> 104.17806 | H82: =$Q$18+(SUMPRODUCT($E$42:$E$44,$U$42:$U$44)*$J34)+(MIN($J26,$J34)*$E$45)+('Incremental Rev Req'!$F$87*$J34) -> 104.55147 | I82: =$Q$18+(SUMPRODUCT($F$37:$F$39,$T$42:$T$44)*$I34)+(MIN($I26,$I34)*$F$40)+('Incremental Rev Req'!$F$87*$I34) -> 118.45056 | J82: =$Q$18+(SUMPRODUCT($F$42:$F$44,$U$42:$U$44)*$J34)+(MIN($J26,$J34)*$F$45)+('Incremental Rev Req'!$F$87*$J34) -> 118.8815 | M82: Mountain - Extreme | N82: =$Q$18+(SUMPRODUCT($C$37:$C$39,$Q$42:$Q$44)*$L34)+(MIN($L26,$L34)*$C$40)+('Incremental Rev Req'!$F$87*$L34) -> 117.00026 | O82: =$Q$18+(SUMPRODUCT($C$42:$C$44,$R$42:$R$44)*$M34)+(MIN($M26,$M34)*$C$45)+('Incremental Rev Req'!$F$87*$M34) -> 176.85156 | P82: =$Q$18+(SUMPRODUCT($D$37:$D$39,$T$42:$T$44)*$L34)+(MIN($L26,$L34)*$D$40)+('Incremental Rev Req'!$F$87*$L34) -> 117.23802 | Q82: =$Q$18+(SUMPRODUCT($D$42:$D$44,$U$42:$U$44)*$M34)+(MIN($M26,$M34)*$D$45)+('Incremental Rev Req'!$F$87*$M34) -> 177.46372 | R82: =$Q$18+(SUMPRODUCT($E$37:$E$39,$T$42:$T$44)*$L34)+(MIN($L26,$L34)*$E$40)+('Incremental Rev Req'!$F$87*$L34) -> 115.73855 | S82: =$Q$18+(SUMPRODUCT($E$42:$E$44,$U$42:$U$44)*$M34)+(MIN($M26,$M34)*$E$45)+('Incremental Rev Req'!$F$87*$M34) -> 175.15253 | T82: =$Q$18+(SUMPRODUCT($F$37:$F$39,$T$42:$T$44)*$L34)+(MIN($L26,$L34)*$F$40)+('Incremental Rev Req'!$F$87*$L34) -> 131.69017 | U82: =$Q$18+(SUMPRODUCT($F$42:$F$44,$U$42:$U$44)*$M34)+(MIN($M26,$M34)*$F$45)+('Incremental Rev Req'!$F$87*$M34) -> 199.73945
B83: Desert - Hot | C83: =$Q$18+(SUMPRODUCT($C$37:$C$39,$Q$42:$Q$44)*$I35)+(MIN($I27,$I35)*$C$40)+('Incremental Rev Req'!$F$87*$I35) -> 122.11608 | D83: =$Q$18+(SUMPRODUCT($C$42:$C$44,$R$42:$R$44)*$J35)+(MIN($J27,$J35)*$C$45)+('Incremental Rev Req'!$F$87*$J35) -> 90.095551 | E83: =$Q$18+(SUMPRODUCT($D$37:$D$39,$T$42:$T$44)*$I35)+(MIN($I27,$I35)*$D$40)+('Incremental Rev Req'!$F$87*$I35) -> 122.36478 | F83: =$Q$18+(SUMPRODUCT($D$42:$D$44,$U$42:$U$44)*$J35)+(MIN($J27,$J35)*$D$45)+('Incremental Rev Req'!$F$87*$J35) -> 90.397018 | G83: =$Q$18+(SUMPRODUCT($E$37:$E$39,$T$42:$T$44)*$I35)+(MIN($I27,$I35)*$E$40)+('Incremental Rev Req'!$F$87*$I35) -> 120.79626 | H83: =$Q$18+(SUMPRODUCT($E$42:$E$44,$U$42:$U$44)*$J35)+(MIN($J27,$J35)*$E$45)+('Incremental Rev Req'!$F$87*$J35) -> 89.258826 | I83: =$Q$18+(SUMPRODUCT($F$37:$F$39,$T$42:$T$44)*$I35)+(MIN($I27,$I35)*$F$40)+('Incremental Rev Req'!$F$87*$I35) -> 137.4825 | J83: =$Q$18+(SUMPRODUCT($F$42:$F$44,$U$42:$U$44)*$J35)+(MIN($J27,$J35)*$F$45)+('Incremental Rev Req'!$F$87*$J35) -> 101.36715 | M83: Desert - Hot | N83: =$Q$18+(SUMPRODUCT($C$37:$C$39,$Q$42:$Q$44)*$L35)+(MIN($L27,$L35)*$C$40)+('Incremental Rev Req'!$F$87*$L35) -> 129.91162 | O83: =$Q$18+(SUMPRODUCT($C$42:$C$44,$R$42:$R$44)*$M35)+(MIN($M27,$M35)*$C$45)+('Incremental Rev Req'!$F$87*$M35) -> 137.97869 | P83: =$Q$18+(SUMPRODUCT($D$37:$D$39,$T$42:$T$44)*$L35)+(MIN($L27,$L35)*$D$40)+('Incremental Rev Req'!$F$87*$L35) -> 130.177 | Q83: =$Q$18+(SUMPRODUCT($D$42:$D$44,$U$42:$U$44)*$M35)+(MIN($M27,$M35)*$D$45)+('Incremental Rev Req'!$F$87*$M35) -> 138.45164 | R83: =$Q$18+(SUMPRODUCT($E$37:$E$39,$T$42:$T$44)*$L35)+(MIN($L27,$L35)*$E$40)+('Incremental Rev Req'!$F$87*$L35) -> 128.50326 | S83: =$Q$18+(SUMPRODUCT($E$42:$E$44,$U$42:$U$44)*$M35)+(MIN($M27,$M35)*$E$45)+('Incremental Rev Req'!$F$87*$M35) -> 136.66603 | T83: =$Q$18+(SUMPRODUCT($F$37:$F$39,$T$42:$T$44)*$L35)+(MIN($L27,$L35)*$F$40)+('Incremental Rev Req'!$F$87*$L35) -> 146.30891 | U83: =$Q$18+(SUMPRODUCT($F$42:$F$44,$U$42:$U$44)*$M35)+(MIN($M27,$M35)*$F$45)+('Incremental Rev Req'!$F$87*$M35) -> 155.66165
B84: Inland - Warm | C84: =$Q$18+(SUMPRODUCT($C$37:$C$39,$Q$42:$Q$44)*$I36)+(MIN($I28,$I36)*$C$40)+('Incremental Rev Req'!$F$87*$I36) -> 81.920358 | D84: =$Q$18+(SUMPRODUCT($C$42:$C$44,$R$42:$R$44)*$J36)+(MIN($J28,$J36)*$C$45)+('Incremental Rev Req'!$F$87*$J36) -> 80.055537 | E84: =$Q$18+(SUMPRODUCT($D$37:$D$39,$T$42:$T$44)*$I36)+(MIN($I28,$I36)*$D$40)+('Incremental Rev Req'!$F$87*$I36) -> 82.083031 | F84: =$Q$18+(SUMPRODUCT($D$42:$D$44,$U$42:$U$44)*$J36)+(MIN($J28,$J36)*$D$45)+('Incremental Rev Req'!$F$87*$J36) -> 80.32105 | G84: =$Q$18+(SUMPRODUCT($E$37:$E$39,$T$42:$T$44)*$I36)+(MIN($I28,$I36)*$E$40)+('Incremental Rev Req'!$F$87*$I36) -> 81.057081 | H84: =$Q$18+(SUMPRODUCT($E$42:$E$44,$U$42:$U$44)*$J36)+(MIN($J28,$J36)*$E$45)+('Incremental Rev Req'!$F$87*$J36) -> 79.318606 | I84: =$Q$18+(SUMPRODUCT($F$37:$F$39,$T$42:$T$44)*$I36)+(MIN($I28,$I36)*$F$40)+('Incremental Rev Req'!$F$87*$I36) -> 91.971349 | J84: =$Q$18+(SUMPRODUCT($F$42:$F$44,$U$42:$U$44)*$J36)+(MIN($J28,$J36)*$F$45)+('Incremental Rev Req'!$F$87*$J36) -> 89.982814 | M84: Inland - Warm | N84: =$Q$18+(SUMPRODUCT($C$37:$C$39,$Q$42:$Q$44)*$L36)+(MIN($L28,$L36)*$C$40)+('Incremental Rev Req'!$F$87*$L36) -> 69.739836 | O84: =$Q$18+(SUMPRODUCT($C$42:$C$44,$R$42:$R$44)*$M36)+(MIN($M28,$M36)*$C$45)+('Incremental Rev Req'!$F$87*$M36) -> 99.878128 | P84: =$Q$18+(SUMPRODUCT($D$37:$D$39,$T$42:$T$44)*$L36)+(MIN($L28,$L36)*$D$40)+('Incremental Rev Req'!$F$87*$L36) -> 69.87644 | Q84: =$Q$18+(SUMPRODUCT($D$42:$D$44,$U$42:$U$44)*$M36)+(MIN($M28,$M36)*$D$45)+('Incremental Rev Req'!$F$87*$M36) -> 100.21463 | R84: =$Q$18+(SUMPRODUCT($E$37:$E$39,$T$42:$T$44)*$L36)+(MIN($L28,$L36)*$E$40)+('Incremental Rev Req'!$F$87*$L36) -> 69.014905 | S84: =$Q$18+(SUMPRODUCT($E$42:$E$44,$U$42:$U$44)*$M36)+(MIN($M28,$M36)*$E$45)+('Incremental Rev Req'!$F$87*$M36) -> 98.944169 | T84: =$Q$18+(SUMPRODUCT($F$37:$F$39,$T$42:$T$44)*$L36)+(MIN($L28,$L36)*$F$40)+('Incremental Rev Req'!$F$87*$L36) -> 78.180091 | U84: =$Q$18+(SUMPRODUCT($F$42:$F$44,$U$42:$U$44)*$M36)+(MIN($M28,$M36)*$F$45)+('Incremental Rev Req'!$F$87*$M36) -> 112.45957
B85: Total | C85: =SUMPRODUCT(C81:C84,$V$26:$V$29) -> 77.047844 | D85: =SUMPRODUCT(D81:D84,$V$26:$V$29) -> 78.727549 | E85: =SUMPRODUCT(E81:E84,$V$26:$V$29) -> 77.200089 | F85: =SUMPRODUCT(F81:F84,$V$26:$V$29) -> 78.988305 | G85: =SUMPRODUCT(G81:G84,$V$26:$V$29) -> 76.239909 | H85: =SUMPRODUCT(H81:H84,$V$26:$V$29) -> 78.003816 | I85: =SUMPRODUCT(I81:I84,$V$26:$V$29) -> 86.454501 | J85: =SUMPRODUCT(J81:J84,$V$26:$V$29) -> 88.477013 | M85: Total | N85: =SUMPRODUCT(N81:N84,$V$34:$V$37) -> 61.799476 | O85: =SUMPRODUCT(O81:O84,$V$34:$V$37) -> 89.473234 | P85: =SUMPRODUCT(P81:P84,$V$34:$V$37) -> 61.919086 | Q85: =SUMPRODUCT(Q81:Q84,$V$34:$V$37) -> 89.772473 | R85: =SUMPRODUCT(R81:R84,$V$34:$V$37) -> 61.164731 | S85: =SUMPRODUCT(S81:S84,$V$34:$V$37) -> 88.642695 | T85: =SUMPRODUCT(T81:T84,$V$34:$V$37) -> 69.189709 | U85: =SUMPRODUCT(U81:U84,$V$34:$V$37) -> 100.6615
B88: =IF(Summary!$I$9="",400,Summary!$I$9) -> 400 | C88: =$B$88&" kWh Monthly Basic Bundled Non-CARE Customer" -> 400 kWh Monthly Basic Bundled Non-CARE Customer | M88: =IF(Summary!$I$9="",400,Summary!$I$9) -> 400 | N88: =$M$88&" kWh Monthly All-Electric Bundled Non-CARE Customer" -> 400 kWh Monthly All-Electric Bundled Non-CARE Customer
C89: =C79 -> 6/1/2026 | E89: =E79 -> 8/1/2026 | G89: =G79 -> Authorized | I89: =I79 -> w/Pending | N89: =N79 -> 6/1/2026 | P89: =P79 -> 8/1/2026 | R89: =R79 -> Authorized | T89: =T79 -> w/Pending
C90: Summer | D90: Winter | E90: Summer | F90: Winter | G90: Summer | H90: Winter | I90: Summer | J90: Winter | N90: Summer | O90: Winter | P90: Summer | Q90: Winter | R90: Summer | S90: Winter | T90: Summer | U90: Winter
B91: Coastal - Mild | C91: =$F$18+(SUMPRODUCT($C$25:$C$27,$I$42:$I$44)*$B$88)+(MIN($I25,$B$88)*$C$28)+('Incremental Rev Req'!$F$87*$B$88) -> 187.65906 | D91: =$F$18+(SUMPRODUCT($C$30:$C$32,$J$42:$J$44)*$B$88)+(MIN($J25,$B$88)*$C$33)+('Incremental Rev Req'!$F$87*$B$88) -> 194.00769 | E91: =$F$18+(SUMPRODUCT($D$25:$D$27,$L$42:$L$44)*$B$88)+(MIN($I25,$B$88)*$D$28)+('Incremental Rev Req'!$F$87*$B$88) -> 188.08724 | F91: =$F$18+(SUMPRODUCT($D$30:$D$32,$M$42:$M$44)*$B$88)+(MIN($J25,$B$88)*$D$33)+('Incremental Rev Req'!$F$87*$B$88) -> 194.64143 | G91: =$F$18+(SUMPRODUCT($E$25:$E$27,$L$42:$L$44)*$B$88)+(MIN($I25,$B$88)*$E$28)+('Incremental Rev Req'!$F$87*$B$88) -> 185.87075 | H91: =$F$18+(SUMPRODUCT($E$30:$E$32,$M$42:$M$44)*$B$88)+(MIN($J25,$B$88)*$E$33)+('Incremental Rev Req'!$F$87*$B$88) -> 192.33629 | I91: =$F$18+(SUMPRODUCT($F$25:$F$27,$L$42:$L$44)*$B$88)+(MIN($I25,$B$88)*$F$28)+('Incremental Rev Req'!$F$87*$B$88) -> 209.4503 | J91: =$F$18+(SUMPRODUCT($F$30:$F$32,$M$42:$M$44)*$B$88)+(MIN($J25,$B$88)*$F$33)+('Incremental Rev Req'!$F$87*$B$88) -> 216.85886 | M91: Coastal - Mild | N91: =$F$18+(SUMPRODUCT($C$25:$C$27,$I$42:$I$44)*$B$88)+(MIN($L25,$B$88)*$C$28)+('Incremental Rev Req'!$F$87*$B$88) -> 200.02814 | O91: =$F$18+(SUMPRODUCT($C$30:$C$32,$J$42:$J$44)*$B$88)+(MIN($M25,$B$88)*$C$33)+('Incremental Rev Req'!$F$87*$B$88) -> 195.71377 | P91: =$F$18+(SUMPRODUCT($D$25:$D$27,$L$42:$L$44)*$B$88)+(MIN($L25,$B$88)*$D$28)+('Incremental Rev Req'!$F$87*$B$88) -> 200.50156 | Q91: =$F$18+(SUMPRODUCT($D$30:$D$32,$M$42:$M$44)*$B$88)+(MIN($M25,$B$88)*$D$33)+('Incremental Rev Req'!$F$87*$B$88) -> 196.35375 | R91: =$F$18+(SUMPRODUCT($E$25:$E$27,$L$42:$L$44)*$B$88)+(MIN($L25,$B$88)*$E$28)+('Incremental Rev Req'!$F$87*$B$88) -> 198.11717 | S91: =$F$18+(SUMPRODUCT($E$30:$E$32,$M$42:$M$44)*$B$88)+(MIN($M25,$B$88)*$E$33)+('Incremental Rev Req'!$F$87*$B$88) -> 194.02545 | T91: =$F$18+(SUMPRODUCT($F$25:$F$27,$L$42:$L$44)*$B$88)+(MIN($L25,$B$88)*$F$28)+('Incremental Rev Req'!$F$87*$B$88) -> 223.48289 | U91: =$F$18+(SUMPRODUCT($F$30:$F$32,$M$42:$M$44)*$B$88)+(MIN($M25,$B$88)*$F$33)+('Incremental Rev Req'!$F$87*$B$88) -> 218.79439
B92: Mountain - Extreme | C92: =$F$18+(SUMPRODUCT($C$25:$C$27,$I$42:$I$44)*$B$88)+(MIN($I26,$B$88)*$C$28)+('Incremental Rev Req'!$F$87*$B$88) -> 182.43419 | D92: =$F$18+(SUMPRODUCT($C$30:$C$32,$J$42:$J$44)*$B$88)+(MIN($J26,$B$88)*$C$33)+('Incremental Rev Req'!$F$87*$B$88) -> 189.63586 | E92: =$F$18+(SUMPRODUCT($D$25:$D$27,$L$42:$L$44)*$B$88)+(MIN($I26,$B$88)*$D$28)+('Incremental Rev Req'!$F$87*$B$88) -> 182.84326 | F92: =$F$18+(SUMPRODUCT($D$30:$D$32,$M$42:$M$44)*$B$88)+(MIN($J26,$B$88)*$D$33)+('Incremental Rev Req'!$F$87*$B$88) -> 190.25361 | G92: =$F$18+(SUMPRODUCT($E$25:$E$27,$L$42:$L$44)*$B$88)+(MIN($I26,$B$88)*$E$28)+('Incremental Rev Req'!$F$87*$B$88) -> 180.69769 | H92: =$F$18+(SUMPRODUCT($E$30:$E$32,$M$42:$M$44)*$B$88)+(MIN($J26,$B$88)*$E$33)+('Incremental Rev Req'!$F$87*$B$88) -> 188.00781 | I92: =$F$18+(SUMPRODUCT($F$25:$F$27,$L$42:$L$44)*$B$88)+(MIN($I26,$B$88)*$F$28)+('Incremental Rev Req'!$F$87*$B$88) -> 203.52275 | J92: =$F$18+(SUMPRODUCT($F$30:$F$32,$M$42:$M$44)*$B$88)+(MIN($J26,$B$88)*$F$33)+('Incremental Rev Req'!$F$87*$B$88) -> 211.89906 | M92: Mountain - Extreme | N92: =$F$18+(SUMPRODUCT($C$25:$C$27,$I$42:$I$44)*$B$88)+(MIN($L26,$B$88)*$C$28)+('Incremental Rev Req'!$F$87*$B$88) -> 182.43419 | O92: =$F$18+(SUMPRODUCT($C$30:$C$32,$J$42:$J$44)*$B$88)+(MIN($M26,$B$88)*$C$33)+('Incremental Rev Req'!$F$87*$B$88) -> 189.63586 | P92: =$F$18+(SUMPRODUCT($D$25:$D$27,$L$42:$L$44)*$B$88)+(MIN($L26,$B$88)*$D$28)+('Incremental Rev Req'!$F$87*$B$88) -> 182.84326 | Q92: =$F$18+(SUMPRODUCT($D$30:$D$32,$M$42:$M$44)*$B$88)+(MIN($M26,$B$88)*$D$33)+('Incremental Rev Req'!$F$87*$B$88) -> 190.25361 | R92: =$F$18+(SUMPRODUCT($E$25:$E$27,$L$42:$L$44)*$B$88)+(MIN($L26,$B$88)*$E$28)+('Incremental Rev Req'!$F$87*$B$88) -> 180.69769 | S92: =$F$18+(SUMPRODUCT($E$30:$E$32,$M$42:$M$44)*$B$88)+(MIN($M26,$B$88)*$E$33)+('Incremental Rev Req'!$F$87*$B$88) -> 188.00781 | T92: =$F$18+(SUMPRODUCT($F$25:$F$27,$L$42:$L$44)*$B$88)+(MIN($L26,$B$88)*$F$28)+('Incremental Rev Req'!$F$87*$B$88) -> 203.52275 | U92: =$F$18+(SUMPRODUCT($F$30:$F$32,$M$42:$M$44)*$B$88)+(MIN($M26,$B$88)*$F$33)+('Incremental Rev Req'!$F$87*$B$88) -> 211.89906
B93: Desert - Hot | C93: =$F$18+(SUMPRODUCT($C$25:$C$27,$I$42:$I$44)*$B$88)+(MIN($I27,$B$88)*$C$28)+('Incremental Rev Req'!$F$87*$B$88) -> 182.43419 | D93: =$F$18+(SUMPRODUCT($C$30:$C$32,$J$42:$J$44)*$B$88)+(MIN($J27,$B$88)*$C$33)+('Incremental Rev Req'!$F$87*$B$88) -> 189.63586 | E93: =$F$18+(SUMPRODUCT($D$25:$D$27,$L$42:$L$44)*$B$88)+(MIN($I27,$B$88)*$D$28)+('Incremental Rev Req'!$F$87*$B$88) -> 182.84326 | F93: =$F$18+(SUMPRODUCT($D$30:$D$32,$M$42:$M$44)*$B$88)+(MIN($J27,$B$88)*$D$33)+('Incremental Rev Req'!$F$87*$B$88) -> 190.25361 | G93: =$F$18+(SUMPRODUCT($E$25:$E$27,$L$42:$L$44)*$B$88)+(MIN($I27,$B$88)*$E$28)+('Incremental Rev Req'!$F$87*$B$88) -> 180.69769 | H93: =$F$18+(SUMPRODUCT($E$30:$E$32,$M$42:$M$44)*$B$88)+(MIN($J27,$B$88)*$E$33)+('Incremental Rev Req'!$F$87*$B$88) -> 188.00781 | I93: =$F$18+(SUMPRODUCT($F$25:$F$27,$L$42:$L$44)*$B$88)+(MIN($I27,$B$88)*$F$28)+('Incremental Rev Req'!$F$87*$B$88) -> 203.52275 | J93: =$F$18+(SUMPRODUCT($F$30:$F$32,$M$42:$M$44)*$B$88)+(MIN($J27,$B$88)*$F$33)+('Incremental Rev Req'!$F$87*$B$88) -> 211.89906 | M93: Desert - Hot | N93: =$F$18+(SUMPRODUCT($C$25:$C$27,$I$42:$I$44)*$B$88)+(MIN($L27,$B$88)*$C$28)+('Incremental Rev Req'!$F$87*$B$88) -> 182.43419 | O93: =$F$18+(SUMPRODUCT($C$30:$C$32,$J$42:$J$44)*$B$88)+(MIN($M27,$B$88)*$C$33)+('Incremental Rev Req'!$F$87*$B$88) -> 189.63586 | P93: =$F$18+(SUMPRODUCT($D$25:$D$27,$L$42:$L$44)*$B$88)+(MIN($L27,$B$88)*$D$28)+('Incremental Rev Req'!$F$87*$B$88) -> 182.84326 | Q93: =$F$18+(SUMPRODUCT($D$30:$D$32,$M$42:$M$44)*$B$88)+(MIN($M27,$B$88)*$D$33)+('Incremental Rev Req'!$F$87*$B$88) -> 190.25361 | R93: =$F$18+(SUMPRODUCT($E$25:$E$27,$L$42:$L$44)*$B$88)+(MIN($L27,$B$88)*$E$28)+('Incremental Rev Req'!$F$87*$B$88) -> 180.69769 | S93: =$F$18+(SUMPRODUCT($E$30:$E$32,$M$42:$M$44)*$B$88)+(MIN($M27,$B$88)*$E$33)+('Incremental Rev Req'!$F$87*$B$88) -> 188.00781 | T93: =$F$18+(SUMPRODUCT($F$25:$F$27,$L$42:$L$44)*$B$88)+(MIN($L27,$B$88)*$F$28)+('Incremental Rev Req'!$F$87*$B$88) -> 203.52275 | U93: =$F$18+(SUMPRODUCT($F$30:$F$32,$M$42:$M$44)*$B$88)+(MIN($M27,$B$88)*$F$33)+('Incremental Rev Req'!$F$87*$B$88) -> 211.89906
B94: Inland - Warm | C94: =$F$18+(SUMPRODUCT($C$25:$C$27,$I$42:$I$44)*$B$88)+(MIN($I28,$B$88)*$C$28)+('Incremental Rev Req'!$F$87*$B$88) -> 182.43419 | D94: =$F$18+(SUMPRODUCT($C$30:$C$32,$J$42:$J$44)*$B$88)+(MIN($J28,$B$88)*$C$33)+('Incremental Rev Req'!$F$87*$B$88) -> 192.40824 | E94: =$F$18+(SUMPRODUCT($D$25:$D$27,$L$42:$L$44)*$B$88)+(MIN($I28,$B$88)*$D$28)+('Incremental Rev Req'!$F$87*$B$88) -> 182.84326 | F94: =$F$18+(SUMPRODUCT($D$30:$D$32,$M$42:$M$44)*$B$88)+(MIN($J28,$B$88)*$D$33)+('Incremental Rev Req'!$F$87*$B$88) -> 193.03613 | G94: =$F$18+(SUMPRODUCT($E$25:$E$27,$L$42:$L$44)*$B$88)+(MIN($I28,$B$88)*$E$28)+('Incremental Rev Req'!$F$87*$B$88) -> 180.69769 | H94: =$F$18+(SUMPRODUCT($E$30:$E$32,$M$42:$M$44)*$B$88)+(MIN($J28,$B$88)*$E$33)+('Incremental Rev Req'!$F$87*$B$88) -> 190.7527 | I94: =$F$18+(SUMPRODUCT($F$25:$F$27,$L$42:$L$44)*$B$88)+(MIN($I28,$B$88)*$F$28)+('Incremental Rev Req'!$F$87*$B$88) -> 203.52275 | J94: =$F$18+(SUMPRODUCT($F$30:$F$32,$M$42:$M$44)*$B$88)+(MIN($J28,$B$88)*$F$33)+('Incremental Rev Req'!$F$87*$B$88) -> 215.0443 | M94: Inland - Warm | N94: =$F$18+(SUMPRODUCT($C$25:$C$27,$I$42:$I$44)*$B$88)+(MIN($L28,$B$88)*$C$28)+('Incremental Rev Req'!$F$87*$B$88) -> 188.72536 | O94: =$F$18+(SUMPRODUCT($C$30:$C$32,$J$42:$J$44)*$B$88)+(MIN($M28,$B$88)*$C$33)+('Incremental Rev Req'!$F$87*$B$88) -> 189.63586 | P94: =$F$18+(SUMPRODUCT($D$25:$D$27,$L$42:$L$44)*$B$88)+(MIN($L28,$B$88)*$D$28)+('Incremental Rev Req'!$F$87*$B$88) -> 189.15744 | Q94: =$F$18+(SUMPRODUCT($D$30:$D$32,$M$42:$M$44)*$B$88)+(MIN($M28,$B$88)*$D$33)+('Incremental Rev Req'!$F$87*$B$88) -> 190.25361 | R94: =$F$18+(SUMPRODUCT($E$25:$E$27,$L$42:$L$44)*$B$88)+(MIN($L28,$B$88)*$E$28)+('Incremental Rev Req'!$F$87*$B$88) -> 186.92647 | S94: =$F$18+(SUMPRODUCT($E$30:$E$32,$M$42:$M$44)*$B$88)+(MIN($M28,$B$88)*$E$33)+('Incremental Rev Req'!$F$87*$B$88) -> 188.00781 | T94: =$F$18+(SUMPRODUCT($F$25:$F$27,$L$42:$L$44)*$B$88)+(MIN($L28,$B$88)*$F$28)+('Incremental Rev Req'!$F$87*$B$88) -> 210.66001 | U94: =$F$18+(SUMPRODUCT($F$30:$F$32,$M$42:$M$44)*$B$88)+(MIN($M28,$B$88)*$F$33)+('Incremental Rev Req'!$F$87*$B$88) -> 211.89906
B95: Total | C95: =SUMPRODUCT(C91:C94,$U$26:$U$29) -> 185.5327 | D95: =SUMPRODUCT(D91:D94,$U$26:$U$29) -> 193.33026 | E95: =SUMPRODUCT(E91:E94,$U$26:$U$29) -> 185.9531 | F95: =SUMPRODUCT(F91:F94,$U$26:$U$29) -> 193.96153 | G95: =SUMPRODUCT(G91:G94,$U$26:$U$29) -> 183.76547 | H95: =SUMPRODUCT(H91:H94,$U$26:$U$29) -> 191.66558 | I95: =SUMPRODUCT(I91:I94,$U$26:$U$29) -> 207.03797 | J95: =SUMPRODUCT(J91:J94,$U$26:$U$29) -> 216.09033 | M95: Total | N95: =SUMPRODUCT(N91:N94,$U$34:$U$37) -> 195.15957 | O95: =SUMPRODUCT(O91:O94,$U$34:$U$37) -> 193.18437 | P95: =SUMPRODUCT(P91:P94,$U$34:$U$37) -> 195.61519 | Q95: =SUMPRODUCT(Q91:Q94,$U$34:$U$37) -> 193.8151 | R95: =SUMPRODUCT(R91:R94,$U$34:$U$37) -> 193.29687 | S95: =SUMPRODUCT(S91:S94,$U$34:$U$37) -> 191.52113 | T95: =SUMPRODUCT(T91:T94,$U$34:$U$37) -> 217.95955 | U95: =SUMPRODUCT(U91:U94,$U$34:$U$37) -> 215.92481
B98: =IF(Summary!$I$9="",400,Summary!$I$9) -> 400 | C98: =$B$98&" kWh Monthly Basic Bundled CARE Customer" -> 400 kWh Monthly Basic Bundled CARE Customer | M98: =IF(Summary!$I$9="",400,Summary!$I$9) -> 400 | N98: =$M$98&" kWh Monthly All-Electric Bundled CARE Customer" -> 400 kWh Monthly All-Electric Bundled CARE Customer
C99: =C89 -> 6/1/2026 | E99: =E89 -> 8/1/2026 | G99: =G89 -> Authorized | I99: =I89 -> w/Pending | N99: =N89 -> 6/1/2026 | P99: =P89 -> 8/1/2026 | R99: =R89 -> Authorized | T99: =T89 -> w/Pending
C100: Summer | D100: Winter | E100: Summer | F100: Winter | G100: Summer | H100: Winter | I100: Summer | J100: Winter | N100: Summer | O100: Winter | P100: Summer | Q100: Winter | R100: Summer | S100: Winter | T100: Summer | U100: Winter
B101: Coastal - Mild | C101: =$Q$18+(SUMPRODUCT($C$37:$C$39,$Q$42:$Q$44)*$B$98)+(MIN($I25,$B$98)*$C$40)+('Incremental Rev Req'!$F$87*$B$98) -> 106.75427 | D101: =$Q$18+(SUMPRODUCT($C$42:$C$44,$R$42:$R$44)*$B$98)+(MIN($J25,$B$98)*$C$45)+('Incremental Rev Req'!$F$87*$B$98) -> 111.73011 | E101: =$Q$18+(SUMPRODUCT($D$37:$D$39,$T$42:$T$44)*$B$98)+(MIN($I25,$B$98)*$D$40)+('Incremental Rev Req'!$F$87*$B$98) -> 106.97507 | F101: =$Q$18+(SUMPRODUCT($D$42:$D$44,$U$42:$U$44)*$B$98)+(MIN($J25,$B$98)*$D$45)+('Incremental Rev Req'!$F$87*$B$98) -> 112.10912 | G101: =$Q$18+(SUMPRODUCT($E$37:$E$39,$T$42:$T$44)*$B$98)+(MIN($I25,$B$98)*$E$40)+('Incremental Rev Req'!$F$87*$B$98) -> 105.61365 | H101: =$Q$18+(SUMPRODUCT($E$42:$E$44,$U$42:$U$44)*$B$98)+(MIN($J25,$B$98)*$E$45)+('Incremental Rev Req'!$F$87*$B$98) -> 110.67827 | I101: =$Q$18+(SUMPRODUCT($F$37:$F$39,$T$42:$T$44)*$B$98)+(MIN($I25,$B$98)*$F$40)+('Incremental Rev Req'!$F$87*$B$98) -> 120.09671 | J101: =$Q$18+(SUMPRODUCT($F$42:$F$44,$U$42:$U$44)*$B$98)+(MIN($J25,$B$98)*$F$45)+('Incremental Rev Req'!$F$87*$B$98) -> 125.90001 | M101: Coastal - Mild | N101: =$Q$18+(SUMPRODUCT($C$37:$C$39,$Q$42:$Q$44)*$B$98)+(MIN($L25,$B$98)*$C$40)+('Incremental Rev Req'!$F$87*$B$98) -> 114.79423 | O101: =$Q$18+(SUMPRODUCT($C$42:$C$44,$R$42:$R$44)*$B$98)+(MIN($M25,$B$98)*$C$45)+('Incremental Rev Req'!$F$87*$B$98) -> 112.83907 | P101: =$Q$18+(SUMPRODUCT($D$37:$D$39,$T$42:$T$44)*$B$98)+(MIN($L25,$B$98)*$D$40)+('Incremental Rev Req'!$F$87*$B$98) -> 115.04403 | Q101: =$Q$18+(SUMPRODUCT($D$42:$D$44,$U$42:$U$44)*$B$98)+(MIN($M25,$B$98)*$D$45)+('Incremental Rev Req'!$F$87*$B$98) -> 113.22208 | R101: =$Q$18+(SUMPRODUCT($E$37:$E$39,$T$42:$T$44)*$B$98)+(MIN($L25,$B$98)*$E$40)+('Incremental Rev Req'!$F$87*$B$98) -> 113.57348 | S101: =$Q$18+(SUMPRODUCT($E$42:$E$44,$U$42:$U$44)*$B$98)+(MIN($M25,$B$98)*$E$45)+('Incremental Rev Req'!$F$87*$B$98) -> 111.77618 | T101: =$Q$18+(SUMPRODUCT($F$37:$F$39,$T$42:$T$44)*$B$98)+(MIN($L25,$B$98)*$F$40)+('Incremental Rev Req'!$F$87*$B$98) -> 129.21749 | U101: =$Q$18+(SUMPRODUCT($F$42:$F$44,$U$42:$U$44)*$B$98)+(MIN($M25,$B$98)*$F$45)+('Incremental Rev Req'!$F$87*$B$98) -> 127.15805
B102: Mountain - Extreme | C102: =$Q$18+(SUMPRODUCT($C$37:$C$39,$Q$42:$Q$44)*$B$98)+(MIN($I26,$B$98)*$C$40)+('Incremental Rev Req'!$F$87*$B$98) -> 103.35808 | D102: =$Q$18+(SUMPRODUCT($C$42:$C$44,$R$42:$R$44)*$B$98)+(MIN($J26,$B$98)*$C$45)+('Incremental Rev Req'!$F$87*$B$98) -> 108.8884 | E102: =$Q$18+(SUMPRODUCT($D$37:$D$39,$T$42:$T$44)*$B$98)+(MIN($I26,$B$98)*$D$40)+('Incremental Rev Req'!$F$87*$B$98) -> 103.56663 | F102: =$Q$18+(SUMPRODUCT($D$42:$D$44,$U$42:$U$44)*$B$98)+(MIN($J26,$B$98)*$D$45)+('Incremental Rev Req'!$F$87*$B$98) -> 109.25716 | G102: =$Q$18+(SUMPRODUCT($E$37:$E$39,$T$42:$T$44)*$B$98)+(MIN($I26,$B$98)*$E$40)+('Incremental Rev Req'!$F$87*$B$98) -> 102.25131 | H102: =$Q$18+(SUMPRODUCT($E$42:$E$44,$U$42:$U$44)*$B$98)+(MIN($J26,$B$98)*$E$45)+('Incremental Rev Req'!$F$87*$B$98) -> 107.86488 | I102: =$Q$18+(SUMPRODUCT($F$37:$F$39,$T$42:$T$44)*$B$98)+(MIN($I26,$B$98)*$F$40)+('Incremental Rev Req'!$F$87*$B$98) -> 116.24396 | J102: =$Q$18+(SUMPRODUCT($F$42:$F$44,$U$42:$U$44)*$B$98)+(MIN($J26,$B$98)*$F$45)+('Incremental Rev Req'!$F$87*$B$98) -> 122.67628 | M102: Mountain - Extreme | N102: =$Q$18+(SUMPRODUCT($C$37:$C$39,$Q$42:$Q$44)*$B$98)+(MIN($L26,$B$98)*$C$40)+('Incremental Rev Req'!$F$87*$B$98) -> 103.35808 | O102: =$Q$18+(SUMPRODUCT($C$42:$C$44,$R$42:$R$44)*$B$98)+(MIN($M26,$B$98)*$C$45)+('Incremental Rev Req'!$F$87*$B$98) -> 108.8884 | P102: =$Q$18+(SUMPRODUCT($D$37:$D$39,$T$42:$T$44)*$B$98)+(MIN($L26,$B$98)*$D$40)+('Incremental Rev Req'!$F$87*$B$98) -> 103.56663 | Q102: =$Q$18+(SUMPRODUCT($D$42:$D$44,$U$42:$U$44)*$B$98)+(MIN($M26,$B$98)*$D$45)+('Incremental Rev Req'!$F$87*$B$98) -> 109.25716 | R102: =$Q$18+(SUMPRODUCT($E$37:$E$39,$T$42:$T$44)*$B$98)+(MIN($L26,$B$98)*$E$40)+('Incremental Rev Req'!$F$87*$B$98) -> 102.25131 | S102: =$Q$18+(SUMPRODUCT($E$42:$E$44,$U$42:$U$44)*$B$98)+(MIN($M26,$B$98)*$E$45)+('Incremental Rev Req'!$F$87*$B$98) -> 107.86488 | T102: =$Q$18+(SUMPRODUCT($F$37:$F$39,$T$42:$T$44)*$B$98)+(MIN($L26,$B$98)*$F$40)+('Incremental Rev Req'!$F$87*$B$98) -> 116.24396 | U102: =$Q$18+(SUMPRODUCT($F$42:$F$44,$U$42:$U$44)*$B$98)+(MIN($M26,$B$98)*$F$45)+('Incremental Rev Req'!$F$87*$B$98) -> 122.67628
